 Dungeon Crawl Stone Soup version 0.29.0-4-gdea44cf6ec (webtiles) character file.

Game seed: 9748187262771042982

4114 qw the Cleaver (level 10, 1/1 (79) HPs)
             Began as a Demonspawn Cinder Acolyte on Sept 8, 2022.
             Was an Initiate of Ignis.
             Tarried too long and was consumed by Zot
             ... on level 5 of the Dungeon.
             The game lasted 00:26:06 (38297 turns).

qw the Cleaver (Demonspawn Cinder Acolyte)         Turns: 38297, Time: 00:26:07

HP:   1/1 (79)      AC: 14    Str: 18    XL:     10   Next: 6%
MP:   11/11         EV:  7    Int: 15    God:    Ignis [......]
Gold: 559           SH:  4    Dex: 10    Spells: 11/11 levels left

rFire   + + .      SeeInvis .   o - +2 hand axe (flame)
rCold   . . .      Faith    .   j - +0 buckler
rNeg    . . .      Spirit   +   d - +0 chain mail
rPois   .          Reflect  .   (no helmet)
rElec   .          Harm     .   a - +0 cloak
rCorr   .          Rampage  .   (no gloves)
Will    .....                   l - +1 pair of boots
Stlth   ..........              (no amulet)
HPRegen 0.01/turn               g - ring of protection from fire
MPRegen 0.24/turn               (no ring)

@: extremely drained, bezotted and risking death
A: claws 1, slimy green scales 1, foul stench 2, magic shield, magic
regeneration
a: Renounce Religion, Rising Flame


You were on level 5 of the Dungeon.
You worshipped Ignis.
Ignis was noncommittal.
You visited 1 branch of the dungeon, and saw 9 of its levels.

You collected 559 gold pieces.


Innate Abilities, Weirdness & Mutations

You have sharp fingernails.
You are partially covered in slimy green scales. (AC +2)
You sometimes emit foul miasma when damaged in melee.
When hurt, damage is shared between your health and your magic reserves.
You regenerate magic rapidly.


   Skills:
 - Level 7.1 Fighting
 + Level 10.6 Axes
 - Level 4.1 Armour
 - Level 2.7 Dodging
 - Level 3.0 Shields
 - Level 1.0 Spellcasting
 - Level 2.6 Fire Magic


You had 11 spell levels left.
You didn't know any spells.
Your spell library contained the following spells:

 Spells                   Type           Power      Damage    Failure   Level
 Scorch                   Fire           16%        2d6       90%         2

Inventory:

Hand Weapons
 o - a +2 hand axe of flaming (weapon)
Armour
 a - a +0 cloak (worn)
 d - a +0 chain mail (worn)
 j - a +0 buckler (worn)
 k - the +0 ring mail of Ewkinuso {+Blink rF+ rC-}
   (You found it on level 6 of the Dungeon)

   rF:        It protects you from fire.
   rC:        It makes you vulnerable to cold.
   +Blink:    It lets you blink.
 l - a +1 pair of boots (worn)
Jewellery
 g - a ring of protection from fire (left claw)
Scrolls
 e - 4 scrolls of identify
Potions
 c - 2 potions of might
 f - 2 potions of heal wounds
 h - a potion of cancellation
 i - a potion of mutation
 n - a potion of curing

Dungeon Overview and Level Annotations

Branches:
Dungeon (9/15) Zot: 0! Temple (0/1) D:7 Orc (0/2) D:9 Lair: D:8-11 You are so drained that the power of Zot will kill you!

Altars:
Gozag
Okawaru
Qazlal
Sif Muna

Shops:
D:2 (


Message History

Enter note:
Enter note:
Enter note:
Enter note:
Enter note:
Enter note:
Enter note:
Enter note:
Enter note:
Enter note:
Enter note:
Enter note:
Enter note:
Enter note: Done exploring.
(D) Dungeon (T) Temple (O) Orcish Mines
Where to? (* - list waypoints, Enter - D:4, ? - help)
What level of the Dungeon? (default 1, ? - help)
You climb downwards.
There is a stone staircase leading up here.
Done exploring.
38291 ||| PLANNING CONVERSION TO OKAWARU Done exploring.
38291 ||| PLANNING D:1-11
38291 ||| Stepping randomly (stuck).
Done exploring.
(D) Dungeon (T) Temple (O) Orcish Mines
Where to? (* - list waypoints, Enter - D:5, ? - help)
What level of the Dungeon? (default 1, ? - help)
There is a stone staircase leading up here.
You climb upwards.
There is a stone staircase leading down here.
Done exploring.
(D) Dungeon (T) Temple (O) Orcish Mines
Where to? (* - list waypoints, Enter - D:4, ? - help)
What level of the Dungeon? (default 1, ? - help)
You climb downwards.
There is a stone staircase leading up here.
Zot unmakes you!
You die...

# #...# #.##.#......#....[..
#####...## #.......##..........
#.......# ######.###.#........
#.......# ######..............
#.###.#.#####......###.##.......
##.##........#.####.#
#.##.......
.......#.###.....##.#
#......#### ##.#####.#
###.#<##.# ######## .........#
#.#@##.# .........# ##......#
.......### #......## ..####.#
#.##.#.# ..####.### #.##.#.#
####.....# #......# #.....#
#......# #.....# #....#.# #
#.....# #..!...#


There were no monsters in sight!

Vanquished Creatures
  Pikel (D:5)
  A hornet (D:9)
  A wyvern (D:9)
  2 wraiths (D:9)
  A steam dragon (D:9)
  Edmund (D:4)
  2 water moccasins
  2 orc warriors (D:9)
  2 sky beasts
  A black bear (D:4)
  3 ice beasts
  2 centaurs
  A phantom (D:7)
  A kobold brigand (D:6)
  A bullfrog (D:7)
  A gnoll sergeant (D:7)
  A necrophage (D:5)
  3 scorpions
  4 wights (D:8)
  3 hounds (D:4)
  3 orc priests
  A gnoll bouda (D:6)
  Jessica (D:3)
  3 iguanas
  4 orc wizards
  12 gnolls
  11 adders
  A shadow imp (D:6)
  3 worms
  3 dart slugs
  11 orcs
  6 ball pythons
  3 bats
  7 endoplasms
  2 giant cockroaches (D:4)
  7 goblins
  9 hobgoblins
  8 jackals
  7 quokkas
  A frilled lizard (D:1)
  14 kobolds
  2 rats
153 creatures vanquished.

Vanquished Creatures (others)
  Maurice (D:8)
1 creature vanquished.

Grand Total: 154 creatures vanquished

Notes
Turn   | Place    | Note
-------+----------+-------------------------------------------
     0 | D:1      | qw the Demonspawn Cinder Acolyte began the quest for the
                  | Orb.
     0 | D:1      | Reached XP level 1. HP: 18/18 MP: 2/2
     0 | D:1      | 0 ||| qw: Version: 0.1-a-112-g44dc6cd
     0 | D:1      | 0 ||| qw: Game counter: 6704
     0 | D:1      | 0 ||| qw: Always use a shield: true
     0 | D:1      | 0 ||| qw: God list: Okawaru
     0 | D:1      | 0 ||| qw: Allow faded altars: false
     0 | D:1      | 0 ||| qw: Do Orc after D:15 true
     0 | D:1      | 0 ||| qw: Do second Lair branch before Depths: true
     0 | D:1      | 0 ||| qw: Lair rune preference: random
     0 | D:1      | 0 ||| qw: Plans: Normal
     0 | D:1      | 0 ||| PLANNING D:1-11
    28 | D:1      | 28 ||| Stepping ~*~*~tactically~*~*~ (stealth).
    31 | D:1      | 31 ||| Stepping ~*~*~tactically~*~*~ (stealth).
    47 | D:1      | Reached skill level 3 in Axes
   240 | D:1      | Gained mutation: You may rarely emit foul miasma when
                  | damaged in melee. [demonic ancestry]
   240 | D:1      | Reached XP level 2. HP: 15/24 MP: 3/3
   410 | D:1      | 410 ||| INVOKING Fiery Armour.
   673 | D:1      | 673 ||| Stepping ~*~*~tactically~*~*~ (stealth).
   805 | D:1      | 805 ||| Stepping ~*~*~tactically~*~*~ (stealth).
   815 | D:1      | 815 ||| INVOKING Fiery Armour.
   986 | D:1      | Found a faded altar of an unknown god.
  1052 | D:1      | 1052 ||| Stepping ~*~*~tactically~*~*~ (stealth).
  1053 | D:1      | 1053 ||| Stepping ~*~*~tactically~*~*~ (stealth).
  1059 | D:1      | 1059 ||| Stepping ~*~*~tactically~*~*~ (stealth).
  1071 | D:1      | 1071 ||| Stepping ~*~*~tactically~*~*~ (stealth).
  1195 | D:1      | Reached XP level 3. HP: 29/29 MP: 4/4
  1401 | D:1      | 1401 ||| DROPPING amulet of magic regeneration.
  1402 | D:1      | 1402 ||| UPGRADING to ring of protection from fire.
  1403 | D:1      | 1403 ||| READING scroll labelled ZOREIWKEITA.
  1404 | D:1      | 1404 ||| READING scroll labelled CAENID BOWON.
  1505 | D:1      | 1505 ||| READING scroll labelled YDINTOUNEIH.
  1506 | D:1      | 1506 ||| DRINKING 2 clear potions.
  1507 | D:1      | 1507 ||| DROPPING potion of attraction.
  1621 | D:2      | Reached skill level 4 in Axes
  1873 | D:2      | Found Fuwe's Weapon Shop.
  2148 | D:2      | Reached skill level 1 in Dodging
  2359 | D:2      | 2359 ||| Stepping ~*~*~tactically~*~*~ (hiding).
  2361 | D:2      | 2361 ||| Stepping ~*~*~tactically~*~*~ (hiding).
  2364 | D:2      | 2364 ||| Stepping ~*~*~tactically~*~*~ (hiding).
  2601 | D:2      | 2601 ||| UPGRADING to +0 chain mail.
  2611 | D:2      | 2611 ||| DROPPING +0 robe.
  2612 | D:2      | 2612 ||| READING 2 scrolls labelled KAOPPU HUTHRUMM.
  2613 | D:2      | 2613 ||| READING scroll labelled LUTYUCH TEOXT.
  2617 | D:2      | 2617 ||| READING scroll labelled QIRIROYWUE.
  2618 | D:2      | 2618 ||| DROPPING scroll of fear.
  2699 | D:3      | Reached XP level 4. HP: 24/35 MP: 5/5
  2983 | D:3      | 2983 ||| INVOKING Fiery Armour.
  2991 | D:3      | Reached skill level 1 in Armour
  3395 | D:3      | 3395 ||| Stepping ~*~*~tactically~*~*~ (stealth).
  3588 | D:3      | Noticed Jessica
  3593 | D:3      | Killed Jessica
  3594 | D:3      | Gained mutation: You are partially covered in slimy green
                  | scales. (AC +2) [demonic ancestry]
  3594 | D:3      | Reached XP level 5. HP: 39/41 MP: 6/6
  3622 | D:3      | Reached skill level 5 in Axes
  4042 | D:4      | 4042 ||| INVOKING Fiery Armour.
  4043 | D:4      | Gained mutation: You sometimes emit foul miasma when
                  | damaged in melee. [demonic ancestry]
  4043 | D:4      | Reached XP level 6. HP: 20/47 MP: 7/7
  4315 | D:4      | 4315 ||| Stepping ~*~*~tactically~*~*~ (stealth).
  4316 | D:4      | 4316 ||| Stepping ~*~*~tactically~*~*~ (stealth).
  4322 | D:4      | Reached skill level 6 in Axes
  4334 | D:4      | 4334 ||| Stepping ~*~*~tactically~*~*~ (stealth).
  4420 | D:4      | Found an opulent altar of Gozag.
  4443 | D:4      | 4443 ||| Stepping ~*~*~tactically~*~*~ (stealth).
  4460 | D:4      | 4460 ||| FLEEEEING.
  4464 | D:4      | 4464 ||| FLEEEEING.
  4465 | D:4      | 4465 ||| FLEEEEING.
  4468 | D:4      | 4468 ||| FLEEEEING.
  4469 | D:4      | 4469 ||| Stepping ~*~*~tactically~*~*~ (stealth).
  4470 | D:4      | 4470 ||| FLEEEEING.
  4471 | D:4      | 4471 ||| FLEEEEING.
  4478 | D:4      | 4478 ||| FLEEEEING.
  4479 | D:4      | 4479 ||| FLEEEEING.
  4480 | D:4      | 4480 ||| FLEEEEING.
  4485 | D:4      | 4485 ||| FLEEEEING.
  4488 | D:4      | 4488 ||| STAIRDANCE
  4578 | D:3      | 4578 ||| UPGRADING to +0 buckler.
  4583 | D:3      | 4583 ||| DROPPING +4 ring mail.
  4584 | D:3      | 4584 ||| READING scroll labelled CAIGHA TUW CAL.
  4585 | D:3      | 4585 ||| READING 2 scrolls labelled RUISYKKABRO.
  4586 | D:3      | 4586 ||| READING scroll labelled PIGOYSA RAIPH.
  4790 | D:4      | Reached skill level 1 in Shields
  4866 | D:4      | 4866 ||| READING 3 scrolls of identify.
  4866 | D:4      | 4866 ||| IDENTIFYING dark potion
  4867 | D:4      | 4867 ||| READING 2 scrolls of identify.
  4867 | D:4      | 4867 ||| IDENTIFYING pink potion
  4881 | D:5      | Entered Level 5 of the Dungeon
  4881 | D:5      | Noticed Edmund
  4883 | D:5      | 4883 ||| STAIRDANCE
  4891 | D:4      | 4891 ||| INVOKING Fiery Armour.
  4891 | D:4      | HP: 11/47 [Edmund/+1 dire flail of venom (4)]
  4892 | D:4      | 4892 ||| READING scroll of teleportation.
  4892 | D:4      | HP: 5/47 [poisoned by Edmund]
  4893 | D:4      | 4893 ||| DRINKING potion of heal wounds.
  4894 | D:4      | Killed Edmund
  4895 | D:4      | Gained mutation: You regenerate magic rapidly. [demonic
                  | ancestry]
  4895 | D:4      | Reached XP level 7. HP: 17/52 MP: 8/8
  4897 | D:4      | HP: 11/52 [poisoned by Edmund]
  4902 | D:4      | HP: 6/52 [poisoned by Edmund]
  5196 | D:5      | 5196 ||| STAIRDANCE
  5430 | D:5      | Noticed Pikel
  5443 | D:5      | Killed Pikel
  5444 | D:5      | Reached skill level 6 in Fighting
  5444 | D:5      | Reached XP level 8. HP: 53/64 MP: 9/9
  5780 | D:5      | Found an iron altar of Okawaru.
  5795 | D:5      | Found a shimmering blue altar of Sif Muna.
  5796 | D:5      | Found a stormy altar of Qazlal.
  5837 | D:5      | 5837 ||| Stepping ~*~*~tactically~*~*~ (stealth).
  5868 | D:5      | 5868 ||| INVOKING Fiery Armour.
  5902 | D:5      | 5902 ||| FLEEEEING.
  5903 | D:5      | 5903 ||| FLEEEEING.
  5907 | D:5      | 5907 ||| FLEEEEING.
  6054 | D:5      | 6054 ||| Stepping ~*~*~tactically~*~*~ (stealth).
  6058 | D:5      | 6058 ||| Stepping ~*~*~tactically~*~*~ (stealth).
  6072 | D:5      | Reached skill level 7 in Axes
  6384 | D:5      | 6384 ||| READING 3 scrolls of identify.
  6384 | D:5      | 6384 ||| IDENTIFYING blue potion
  6385 | D:5      | 6385 ||| DROPPING potion of magic.
  6398 | D:6      | 6398 ||| STAIRDANCE
  6407 | D:5      | 6407 ||| INVOKING Fiery Armour.
  6408 | D:5      | HP: 14/64 [sky beast (6)]
  6725 | D:6      | 6725 ||| Stepping ~*~*~tactically~*~*~ (hiding).
  6726 | D:6      | 6726 ||| Stepping ~*~*~tactically~*~*~ (hiding).
  6727 | D:6      | 6727 ||| Stepping ~*~*~tactically~*~*~ (hiding).
  6963 | D:6      | 6963 ||| Stepping ~*~*~tactically~*~*~ (stealth).
  7043 | D:6      | Reached skill level 8 in Axes
  7144 | D:6      | 7144 ||| Stepping ~*~*~tactically~*~*~ (stealth).
  7145 | D:6      | 7145 ||| Stepping ~*~*~tactically~*~*~ (stealth).
  7191 | D:6      | 7191 ||| FLEEEEING.
  7192 | D:6      | 7192 ||| FLEEEEING.
  7193 | D:6      | 7193 ||| FLEEEEING.
  7194 | D:6      | 7194 ||| FLEEEEING.
  7195 | D:6      | 7195 ||| FLEEEEING.
  7196 | D:6      | 7196 ||| FLEEEEING.
  7197 | D:6      | 7197 ||| FLEEEEING.
  7198 | D:6      | 7198 ||| FLEEEEING.
  7199 | D:6      | 7199 ||| FLEEEEING.
  7200 | D:6      | 7200 ||| FLEEEEING.
  7201 | D:6      | 7201 ||| FLEEEEING.
  7202 | D:6      | 7202 ||| FLEEEEING.
  7203 | D:6      | 7203 ||| FLEEEEING.
  7204 | D:6      | 7204 ||| STAIRDANCE
  7205 | D:5      | HP: 15/64 [poisoned by a kobold brigand (curare-tipped
                  | dart)]
  7208 | D:5      | HP: 7/64 [poisoned by a kobold brigand (curare-tipped
                  | dart)]
  7501 | D:5      | 7501 ||| DRINKING 2 golden potions.
  7505 | D:6      | 7505 ||| STAIRDANCE
  7881 | D:6      | Identified the +0 ring mail of Ewkinuso {+Blink rF+ rC-}
  8293 | D:7      | Reached skill level 9 in Axes
  8293 | D:7      | Gained mutation: You have sharp fingernails. [demonic
                  | ancestry]
  8293 | D:7      | Reached XP level 9. HP: 66/69 MP: 10/10
  8359 | D:7      | Found a staircase to the Ecumenical Temple.
  8361 | D:7      | 8361 ||| Stepping ~*~*~tactically~*~*~ (hiding).
  8370 | D:7      | 8370 ||| INVOKING Fiery Armour.
  8375 | D:7      | Reached skill level 3 in Shields
  8483 | D:7      | 8483 ||| FLEEEEING.
  8713 | D:7      | Reached skill level 3 in Armour
  9043 | D:7      | You fall into a shaft and drop 1 floor!
  9316 | D:8      | 9316 ||| UPGRADING to +0 pair of boots.
  9321 | D:8      | 9321 ||| READING scroll of enchant armour.
  9321 | D:8      | 9321 ||| ENCHANTING +0 pair of boots.
  9326 | D:8      | Noticed Maurice
  9359 | D:8      | Killed Maurice
  9496 | D:7      | 9496 ||| UPGRADING to +0 cloak.
  9649 | D:8      | Reached skill level 10 in Axes
  9884 | D:8      | 9884 ||| INVOKING Fiery Armour.
 10600 | D:9      | 10600 ||| INVOKING Fiery Armour.
 10604 | D:9      | HP: 16/68 [wraith (9)]
 10882 | D:9      | Found a staircase to the Orcish Mines.
 10883 | D:9      | 10883 ||| Stepping ~*~*~tactically~*~*~ (hiding).
 10884 | D:9      | 10884 ||| Stepping ~*~*~tactically~*~*~ (hiding).
 11057 | D:9      | 11057 ||| Stepping ~*~*~tactically~*~*~ (hiding).
 11058 | D:9      | 11058 ||| Stepping ~*~*~tactically~*~*~ (hiding).
 11086 | D:9      | 11086 ||| Stepping ~*~*~tactically~*~*~ (stealth).
 11103 | D:9      | 11103 ||| INVOKING Fiery Armour.
 11148 | D:9      | 11148 ||| FLEEEEING.
 11149 | D:9      | 11149 ||| FLEEEEING.
 11357 | D:9      | 11357 ||| INVOKING Fiery Armour.
 11375 | D:9      | HP: 14/72 [orc warrior/+0 halberd (8)]
 11376 | D:9      | Gained mutation: When hurt, damage is shared between your
                  | health and your magic reserves. [demonic ancestry]
 11376 | D:9      | Reached XP level 10. HP: 15/79 MP: 11/11
 11376 | D:9      | 11376 ||| READING 3 scrolls of teleportation.
 11377 | D:9      | 11377 ||| DRINKING 3 potions of heal wounds.
 11380 | D:9      | 11380 ||| Stepping ~*~*~tactically~*~*~ (stealth).
 11410 | D:9      | 11410 ||| Stepping ~*~*~tactically~*~*~ (stealth).
 11749 | D:9      | 11749 ||| SWAPPING to +2 hand axe of flaming.
 11750 | D:9      | 11750 ||| DROPPING -1 hand axe of flaming.
 11777 | D:9      | 11777 ||| INVOKING Fiery Armour.
 11778 | D:9      | 11778 ||| FLEEEEING.
 11779 | D:9      | 11779 ||| FLEEEEING.
 11780 | D:9      | 11780 ||| FLEEEEING.
 11784 | D:9      | 11784 ||| FLEEEEING.
 11785 | D:9      | 11785 ||| FLEEEEING.
 11786 | D:9      | 11786 ||| FLEEEEING.
 11787 | D:9      | 11787 ||| FLEEEEING.
 11788 | D:9      | 11788 ||| FLEEEEING.
 11789 | D:9      | 11789 ||| FLEEEEING.
 11790 | D:9      | 11790 ||| FLEEEEING.
 11794 | D:9      | 11794 ||| FLEEEEING.
 11797 | D:9      | 11797 ||| STAIRDANCE
 11799 | D:8      | 11799 ||| PLANNING CONVERSION TO OKAWARU
 12064 | D:5      | 12064 ||| PLANNING D:1-11
 12064 | D:5      | 12064 ||| DRINKING 2 bubbling silvery potions.
 12065 | D:5      | 12065 ||| READING 5 scrolls of identify.
 12065 | D:5      | 12065 ||| IDENTIFYING brown potion
 12066 | D:5      | 12066 ||| DROPPING potion of brilliance.
 12153 | D:6      | 12153 ||| PLANNING CONVERSION TO OKAWARU
 12155 | D:5      | 12155 ||| PLANNING D:1-11
 12184 | D:5      | 12184 ||| PLANNING CONVERSION TO OKAWARU
 12184 | D:5      | 12184 ||| PLANNING D:1-11
 12184 | D:5      | 12184 ||| READING 2 scrolls of teleportation.
 12185 | D:5      | 12185 ||| STAIRDANCE
 12223 | D:6      | 12223 ||| PLANNING CONVERSION TO OKAWARU
 12225 | D:5      | 12225 ||| PLANNING D:1-11
 12241 | D:5      | 12241 ||| PLANNING CONVERSION TO OKAWARU
 12241 | D:5      | 12241 ||| PLANNING D:1-11
 12241 | D:5      | 12241 ||| READING scroll of teleportation.
 12242 | D:5      | 12242 ||| STAIRDANCE
 12281 | D:6      | 12281 ||| PLANNING CONVERSION TO OKAWARU
 12283 | D:5      | 12283 ||| PLANNING D:1-11
 12299 | D:5      | 12299 ||| PLANNING CONVERSION TO OKAWARU
 12299 | D:5      | 12299 ||| PLANNING D:1-11
 12299 | D:5      | 12299 ||| Stepping randomly (stuck).
 12319 | D:6      | 12319 ||| PLANNING CONVERSION TO OKAWARU
 12321 | D:5      | 12321 ||| PLANNING D:1-11
 12337 | D:5      | 12337 ||| PLANNING CONVERSION TO OKAWARU
 12337 | D:5      | 12337 ||| PLANNING D:1-11
 12337 | D:5      | 12337 ||| Stepping randomly (stuck).
 12357 | D:6      | 12357 ||| PLANNING CONVERSION TO OKAWARU
 12359 | D:5      | 12359 ||| PLANNING D:1-11
 12375 | D:5      | 12375 ||| PLANNING CONVERSION TO OKAWARU
 12375 | D:5      | 12375 ||| PLANNING D:1-11
 12375 | D:5      | 12375 ||| Stepping randomly (stuck).
 12395 | D:6      | 12395 ||| PLANNING CONVERSION TO OKAWARU
 12397 | D:5      | 12397 ||| PLANNING D:1-11
 12413 | D:5      | 12413 ||| PLANNING CONVERSION TO OKAWARU
 12413 | D:5      | 12413 ||| PLANNING D:1-11
 12413 | D:5      | 12413 ||| Stepping randomly (stuck).
 12433 | D:6      | 12433 ||| PLANNING CONVERSION TO OKAWARU
 12435 | D:5      | 12435 ||| PLANNING D:1-11
 12451 | D:5      | 12451 ||| PLANNING CONVERSION TO OKAWARU
 12451 | D:5      | 12451 ||| PLANNING D:1-11
 12451 | D:5      | 12451 ||| Stepping randomly (stuck).
 12471 | D:6      | 12471 ||| PLANNING CONVERSION TO OKAWARU
 12473 | D:5      | 12473 ||| PLANNING D:1-11
 12489 | D:5      | 12489 ||| PLANNING CONVERSION TO OKAWARU
 12489 | D:5      | 12489 ||| PLANNING D:1-11
 12489 | D:5      | 12489 ||| Stepping randomly (stuck).
 12509 | D:6      | 12509 ||| PLANNING CONVERSION TO OKAWARU
 12511 | D:5      | 12511 ||| PLANNING D:1-11
 12527 | D:5      | 12527 ||| PLANNING CONVERSION TO OKAWARU
 12527 | D:5      | 12527 ||| PLANNING D:1-11
 12527 | D:5      | 12527 ||| Stepping randomly (stuck).
 12547 | D:6      | 12547 ||| PLANNING CONVERSION TO OKAWARU
 12549 | D:5      | 12549 ||| PLANNING D:1-11
 12565 | D:5      | 12565 ||| PLANNING CONVERSION TO OKAWARU
 12565 | D:5      | 12565 ||| PLANNING D:1-11
 12565 | D:5      | 12565 ||| Stepping randomly (stuck).
 12585 | D:6      | 12585 ||| PLANNING CONVERSION TO OKAWARU
 12587 | D:5      | 12587 ||| PLANNING D:1-11
 12603 | D:5      | 12603 ||| PLANNING CONVERSION TO OKAWARU
 12603 | D:5      | 12603 ||| PLANNING D:1-11
 12603 | D:5      | 12603 ||| Stepping randomly (stuck).
 12623 | D:6      | 12623 ||| PLANNING CONVERSION TO OKAWARU
 12625 | D:5      | 12625 ||| PLANNING D:1-11
 12641 | D:5      | 12641 ||| PLANNING CONVERSION TO OKAWARU
 12641 | D:5      | 12641 ||| PLANNING D:1-11
 12641 | D:5      | 12641 ||| Stepping randomly (stuck).
 12661 | D:6      | 12661 ||| PLANNING CONVERSION TO OKAWARU
 12663 | D:5      | 12663 ||| PLANNING D:1-11
 12679 | D:5      | 12679 ||| PLANNING CONVERSION TO OKAWARU
 12679 | D:5      | 12679 ||| PLANNING D:1-11
 12679 | D:5      | 12679 ||| Stepping randomly (stuck).
 12699 | D:6      | 12699 ||| PLANNING CONVERSION TO OKAWARU
 12701 | D:5      | 12701 ||| PLANNING D:1-11
 12717 | D:5      | 12717 ||| PLANNING CONVERSION TO OKAWARU
 12717 | D:5      | 12717 ||| PLANNING D:1-11
 12717 | D:5      | 12717 ||| Stepping randomly (stuck).
 12737 | D:6      | 12737 ||| PLANNING CONVERSION TO OKAWARU
 12739 | D:5      | 12739 ||| PLANNING D:1-11
 12755 | D:5      | 12755 ||| PLANNING CONVERSION TO OKAWARU
 12755 | D:5      | 12755 ||| PLANNING D:1-11
 12755 | D:5      | 12755 ||| Stepping randomly (stuck).
 12775 | D:6      | 12775 ||| PLANNING CONVERSION TO OKAWARU
 12777 | D:5      | 12777 ||| PLANNING D:1-11
 12793 | D:5      | 12793 ||| PLANNING CONVERSION TO OKAWARU
 12793 | D:5      | 12793 ||| PLANNING D:1-11
 12793 | D:5      | 12793 ||| Stepping randomly (stuck).
 12813 | D:6      | 12813 ||| PLANNING CONVERSION TO OKAWARU
 12815 | D:5      | 12815 ||| PLANNING D:1-11
 12831 | D:5      | 12831 ||| PLANNING CONVERSION TO OKAWARU
 12831 | D:5      | 12831 ||| PLANNING D:1-11
 12831 | D:5      | 12831 ||| Stepping randomly (stuck).
 12851 | D:6      | 12851 ||| PLANNING CONVERSION TO OKAWARU
 12853 | D:5      | 12853 ||| PLANNING D:1-11
 12869 | D:5      | 12869 ||| PLANNING CONVERSION TO OKAWARU
 12869 | D:5      | 12869 ||| PLANNING D:1-11
 12869 | D:5      | 12869 ||| Stepping randomly (stuck).
 12889 | D:6      | 12889 ||| PLANNING CONVERSION TO OKAWARU
 12891 | D:5      | 12891 ||| PLANNING D:1-11
 12907 | D:5      | 12907 ||| PLANNING CONVERSION TO OKAWARU
 12907 | D:5      | 12907 ||| PLANNING D:1-11
 12907 | D:5      | 12907 ||| Stepping randomly (stuck).
 12927 | D:6      | 12927 ||| PLANNING CONVERSION TO OKAWARU
 12929 | D:5      | 12929 ||| PLANNING D:1-11
 12945 | D:5      | 12945 ||| PLANNING CONVERSION TO OKAWARU
 12945 | D:5      | 12945 ||| PLANNING D:1-11
 12945 | D:5      | 12945 ||| Stepping randomly (stuck).
 12965 | D:6      | 12965 ||| PLANNING CONVERSION TO OKAWARU
 12967 | D:5      | 12967 ||| PLANNING D:1-11
 12983 | D:5      | 12983 ||| PLANNING CONVERSION TO OKAWARU
 12983 | D:5      | 12983 ||| PLANNING D:1-11
 12983 | D:5      | 12983 ||| Stepping randomly (stuck).
 13003 | D:6      | 13003 ||| PLANNING CONVERSION TO OKAWARU
 13005 | D:5      | 13005 ||| PLANNING D:1-11
 13021 | D:5      | 13021 ||| PLANNING CONVERSION TO OKAWARU
 13021 | D:5      | 13021 ||| PLANNING D:1-11
 13021 | D:5      | 13021 ||| Stepping randomly (stuck).
 13041 | D:6      | 13041 ||| PLANNING CONVERSION TO OKAWARU
 13043 | D:5      | 13043 ||| PLANNING D:1-11
 13059 | D:5      | 13059 ||| PLANNING CONVERSION TO OKAWARU
 13059 | D:5      | 13059 ||| PLANNING D:1-11
 13059 | D:5      | 13059 ||| Stepping randomly (stuck).
 13079 | D:6      | 13079 ||| PLANNING CONVERSION TO OKAWARU
 13081 | D:5      | 13081 ||| PLANNING D:1-11
 13097 | D:5      | 13097 ||| PLANNING CONVERSION TO OKAWARU
 13097 | D:5      | 13097 ||| PLANNING D:1-11
 13097 | D:5      | 13097 ||| Stepping randomly (stuck).
 13117 | D:6      | 13117 ||| PLANNING CONVERSION TO OKAWARU
 13119 | D:5      | 13119 ||| PLANNING D:1-11
 13135 | D:5      | 13135 ||| PLANNING CONVERSION TO OKAWARU
 13135 | D:5      | 13135 ||| PLANNING D:1-11
 13135 | D:5      | 13135 ||| Stepping randomly (stuck).
 13155 | D:6      | 13155 ||| PLANNING CONVERSION TO OKAWARU
 13157 | D:5      | 13157 ||| PLANNING D:1-11
 13173 | D:5      | 13173 ||| PLANNING CONVERSION TO OKAWARU
 13173 | D:5      | 13173 ||| PLANNING D:1-11
 13173 | D:5      | 13173 ||| Stepping randomly (stuck).
 13193 | D:6      | 13193 ||| PLANNING CONVERSION TO OKAWARU
 13195 | D:5      | 13195 ||| PLANNING D:1-11
 13211 | D:5      | 13211 ||| PLANNING CONVERSION TO OKAWARU
 13211 | D:5      | 13211 ||| PLANNING D:1-11
 13211 | D:5      | 13211 ||| Stepping randomly (stuck).
 13231 | D:6      | 13231 ||| PLANNING CONVERSION TO OKAWARU
 13233 | D:5      | 13233 ||| PLANNING D:1-11
 13249 | D:5      | 13249 ||| PLANNING CONVERSION TO OKAWARU
 13249 | D:5      | 13249 ||| PLANNING D:1-11
 13249 | D:5      | 13249 ||| Stepping randomly (stuck).
 13269 | D:6      | 13269 ||| PLANNING CONVERSION TO OKAWARU
 13271 | D:5      | 13271 ||| PLANNING D:1-11
 13287 | D:5      | 13287 ||| PLANNING CONVERSION TO OKAWARU
 13287 | D:5      | 13287 ||| PLANNING D:1-11
 13287 | D:5      | 13287 ||| Stepping randomly (stuck).
 13307 | D:6      | 13307 ||| PLANNING CONVERSION TO OKAWARU
 13309 | D:5      | 13309 ||| PLANNING D:1-11
 13325 | D:5      | 13325 ||| PLANNING CONVERSION TO OKAWARU
 13325 | D:5      | 13325 ||| PLANNING D:1-11
 13325 | D:5      | 13325 ||| Stepping randomly (stuck).
 13345 | D:6      | 13345 ||| PLANNING CONVERSION TO OKAWARU
 13347 | D:5      | 13347 ||| PLANNING D:1-11
 13363 | D:5      | 13363 ||| PLANNING CONVERSION TO OKAWARU
 13363 | D:5      | 13363 ||| PLANNING D:1-11
 13363 | D:5      | 13363 ||| Stepping randomly (stuck).
 13383 | D:6      | 13383 ||| PLANNING CONVERSION TO OKAWARU
 13385 | D:5      | 13385 ||| PLANNING D:1-11
 13401 | D:5      | 13401 ||| PLANNING CONVERSION TO OKAWARU
 13401 | D:5      | 13401 ||| PLANNING D:1-11
 13401 | D:5      | 13401 ||| Stepping randomly (stuck).
 13421 | D:6      | 13421 ||| PLANNING CONVERSION TO OKAWARU
 13423 | D:5      | 13423 ||| PLANNING D:1-11
 13439 | D:5      | 13439 ||| PLANNING CONVERSION TO OKAWARU
 13439 | D:5      | 13439 ||| PLANNING D:1-11
 13439 | D:5      | 13439 ||| Stepping randomly (stuck).
 13459 | D:6      | 13459 ||| PLANNING CONVERSION TO OKAWARU
 13461 | D:5      | 13461 ||| PLANNING D:1-11
 13477 | D:5      | 13477 ||| PLANNING CONVERSION TO OKAWARU
 13477 | D:5      | 13477 ||| PLANNING D:1-11
 13477 | D:5      | 13477 ||| Stepping randomly (stuck).
 13497 | D:6      | 13497 ||| PLANNING CONVERSION TO OKAWARU
 13499 | D:5      | 13499 ||| PLANNING D:1-11
 13515 | D:5      | 13515 ||| PLANNING CONVERSION TO OKAWARU
 13515 | D:5      | 13515 ||| PLANNING D:1-11
 13515 | D:5      | 13515 ||| Stepping randomly (stuck).
 13535 | D:6      | 13535 ||| PLANNING CONVERSION TO OKAWARU
 13537 | D:5      | 13537 ||| PLANNING D:1-11
 13553 | D:5      | 13553 ||| PLANNING CONVERSION TO OKAWARU
 13553 | D:5      | 13553 ||| PLANNING D:1-11
 13553 | D:5      | 13553 ||| Stepping randomly (stuck).
 13573 | D:6      | 13573 ||| PLANNING CONVERSION TO OKAWARU
 13575 | D:5      | 13575 ||| PLANNING D:1-11
 13591 | D:5      | 13591 ||| PLANNING CONVERSION TO OKAWARU
 13591 | D:5      | 13591 ||| PLANNING D:1-11
 13591 | D:5      | 13591 ||| Stepping randomly (stuck).
 13611 | D:6      | 13611 ||| PLANNING CONVERSION TO OKAWARU
 13613 | D:5      | 13613 ||| PLANNING D:1-11
 13629 | D:5      | 13629 ||| PLANNING CONVERSION TO OKAWARU
 13629 | D:5      | 13629 ||| PLANNING D:1-11
 13629 | D:5      | 13629 ||| Stepping randomly (stuck).
 13649 | D:6      | 13649 ||| PLANNING CONVERSION TO OKAWARU
 13651 | D:5      | 13651 ||| PLANNING D:1-11
 13667 | D:5      | 13667 ||| PLANNING CONVERSION TO OKAWARU
 13667 | D:5      | 13667 ||| PLANNING D:1-11
 13667 | D:5      | 13667 ||| Stepping randomly (stuck).
 13687 | D:6      | 13687 ||| PLANNING CONVERSION TO OKAWARU
 13689 | D:5      | 13689 ||| PLANNING D:1-11
 13705 | D:5      | 13705 ||| PLANNING CONVERSION TO OKAWARU
 13705 | D:5      | 13705 ||| PLANNING D:1-11
 13705 | D:5      | 13705 ||| Stepping randomly (stuck).
 13725 | D:6      | 13725 ||| PLANNING CONVERSION TO OKAWARU
 13727 | D:5      | 13727 ||| PLANNING D:1-11
 13743 | D:5      | 13743 ||| PLANNING CONVERSION TO OKAWARU
 13743 | D:5      | 13743 ||| PLANNING D:1-11
 13743 | D:5      | 13743 ||| Stepping randomly (stuck).
 13763 | D:6      | 13763 ||| PLANNING CONVERSION TO OKAWARU
 13765 | D:5      | 13765 ||| PLANNING D:1-11
 13781 | D:5      | 13781 ||| PLANNING CONVERSION TO OKAWARU
 13781 | D:5      | 13781 ||| PLANNING D:1-11
 13781 | D:5      | 13781 ||| Stepping randomly (stuck).
 13801 | D:6      | 13801 ||| PLANNING CONVERSION TO OKAWARU
 13803 | D:5      | 13803 ||| PLANNING D:1-11
 13819 | D:5      | 13819 ||| PLANNING CONVERSION TO OKAWARU
 13819 | D:5      | 13819 ||| PLANNING D:1-11
 13819 | D:5      | 13819 ||| Stepping randomly (stuck).
 13839 | D:6      | 13839 ||| PLANNING CONVERSION TO OKAWARU
 13841 | D:5      | 13841 ||| PLANNING D:1-11
 13857 | D:5      | 13857 ||| PLANNING CONVERSION TO OKAWARU
 13857 | D:5      | 13857 ||| PLANNING D:1-11
 13857 | D:5      | 13857 ||| Stepping randomly (stuck).
 13877 | D:6      | 13877 ||| PLANNING CONVERSION TO OKAWARU
 13879 | D:5      | 13879 ||| PLANNING D:1-11
 13895 | D:5      | 13895 ||| PLANNING CONVERSION TO OKAWARU
 13895 | D:5      | 13895 ||| PLANNING D:1-11
 13895 | D:5      | 13895 ||| Stepping randomly (stuck).
 13915 | D:6      | 13915 ||| PLANNING CONVERSION TO OKAWARU
 13917 | D:5      | 13917 ||| PLANNING D:1-11
 13933 | D:5      | 13933 ||| PLANNING CONVERSION TO OKAWARU
 13933 | D:5      | 13933 ||| PLANNING D:1-11
 13933 | D:5      | 13933 ||| Stepping randomly (stuck).
 13953 | D:6      | 13953 ||| PLANNING CONVERSION TO OKAWARU
 13955 | D:5      | 13955 ||| PLANNING D:1-11
 13971 | D:5      | 13971 ||| PLANNING CONVERSION TO OKAWARU
 13971 | D:5      | 13971 ||| PLANNING D:1-11
 13971 | D:5      | 13971 ||| Stepping randomly (stuck).
 13991 | D:6      | 13991 ||| PLANNING CONVERSION TO OKAWARU
 13993 | D:5      | 13993 ||| PLANNING D:1-11
 14009 | D:5      | 14009 ||| PLANNING CONVERSION TO OKAWARU
 14009 | D:5      | 14009 ||| PLANNING D:1-11
 14009 | D:5      | 14009 ||| Stepping randomly (stuck).
 14029 | D:6      | 14029 ||| PLANNING CONVERSION TO OKAWARU
 14031 | D:5      | 14031 ||| PLANNING D:1-11
 14047 | D:5      | 14047 ||| PLANNING CONVERSION TO OKAWARU
 14047 | D:5      | 14047 ||| PLANNING D:1-11
 14047 | D:5      | 14047 ||| Stepping randomly (stuck).
 14067 | D:6      | 14067 ||| PLANNING CONVERSION TO OKAWARU
 14069 | D:5      | 14069 ||| PLANNING D:1-11
 14085 | D:5      | 14085 ||| PLANNING CONVERSION TO OKAWARU
 14085 | D:5      | 14085 ||| PLANNING D:1-11
 14085 | D:5      | 14085 ||| Stepping randomly (stuck).
 14105 | D:6      | 14105 ||| PLANNING CONVERSION TO OKAWARU
 14107 | D:5      | 14107 ||| PLANNING D:1-11
 14123 | D:5      | 14123 ||| PLANNING CONVERSION TO OKAWARU
 14123 | D:5      | 14123 ||| PLANNING D:1-11
 14123 | D:5      | 14123 ||| Stepping randomly (stuck).
 14143 | D:6      | 14143 ||| PLANNING CONVERSION TO OKAWARU
 14145 | D:5      | 14145 ||| PLANNING D:1-11
 14161 | D:5      | 14161 ||| PLANNING CONVERSION TO OKAWARU
 14161 | D:5      | 14161 ||| PLANNING D:1-11
 14161 | D:5      | 14161 ||| Stepping randomly (stuck).
 14181 | D:6      | 14181 ||| PLANNING CONVERSION TO OKAWARU
 14183 | D:5      | 14183 ||| PLANNING D:1-11
 14199 | D:5      | 14199 ||| PLANNING CONVERSION TO OKAWARU
 14199 | D:5      | 14199 ||| PLANNING D:1-11
 14199 | D:5      | 14199 ||| Stepping randomly (stuck).
 14219 | D:6      | 14219 ||| PLANNING CONVERSION TO OKAWARU
 14221 | D:5      | 14221 ||| PLANNING D:1-11
 14237 | D:5      | 14237 ||| PLANNING CONVERSION TO OKAWARU
 14237 | D:5      | 14237 ||| PLANNING D:1-11
 14237 | D:5      | 14237 ||| Stepping randomly (stuck).
 14257 | D:6      | 14257 ||| PLANNING CONVERSION TO OKAWARU
 14259 | D:5      | 14259 ||| PLANNING D:1-11
 14275 | D:5      | 14275 ||| PLANNING CONVERSION TO OKAWARU
 14275 | D:5      | 14275 ||| PLANNING D:1-11
 14275 | D:5      | 14275 ||| Stepping randomly (stuck).
 14295 | D:6      | 14295 ||| PLANNING CONVERSION TO OKAWARU
 14297 | D:5      | 14297 ||| PLANNING D:1-11
 14313 | D:5      | 14313 ||| PLANNING CONVERSION TO OKAWARU
 14313 | D:5      | 14313 ||| PLANNING D:1-11
 14313 | D:5      | 14313 ||| Stepping randomly (stuck).
 14333 | D:6      | 14333 ||| PLANNING CONVERSION TO OKAWARU
 14335 | D:5      | 14335 ||| PLANNING D:1-11
 14351 | D:5      | 14351 ||| PLANNING CONVERSION TO OKAWARU
 14351 | D:5      | 14351 ||| PLANNING D:1-11
 14351 | D:5      | 14351 ||| Stepping randomly (stuck).
 14371 | D:6      | 14371 ||| PLANNING CONVERSION TO OKAWARU
 14373 | D:5      | 14373 ||| PLANNING D:1-11
 14389 | D:5      | 14389 ||| PLANNING CONVERSION TO OKAWARU
 14389 | D:5      | 14389 ||| PLANNING D:1-11
 14389 | D:5      | 14389 ||| Stepping randomly (stuck).
 14409 | D:6      | 14409 ||| PLANNING CONVERSION TO OKAWARU
 14411 | D:5      | 14411 ||| PLANNING D:1-11
 14427 | D:5      | 14427 ||| PLANNING CONVERSION TO OKAWARU
 14427 | D:5      | 14427 ||| PLANNING D:1-11
 14427 | D:5      | 14427 ||| Stepping randomly (stuck).
 14447 | D:6      | 14447 ||| PLANNING CONVERSION TO OKAWARU
 14449 | D:5      | 14449 ||| PLANNING D:1-11
 14465 | D:5      | 14465 ||| PLANNING CONVERSION TO OKAWARU
 14465 | D:5      | 14465 ||| PLANNING D:1-11
 14465 | D:5      | 14465 ||| Stepping randomly (stuck).
 14485 | D:6      | 14485 ||| PLANNING CONVERSION TO OKAWARU
 14487 | D:5      | 14487 ||| PLANNING D:1-11
 14503 | D:5      | 14503 ||| PLANNING CONVERSION TO OKAWARU
 14503 | D:5      | 14503 ||| PLANNING D:1-11
 14503 | D:5      | 14503 ||| Stepping randomly (stuck).
 14523 | D:6      | 14523 ||| PLANNING CONVERSION TO OKAWARU
 14525 | D:5      | 14525 ||| PLANNING D:1-11
 14541 | D:5      | 14541 ||| PLANNING CONVERSION TO OKAWARU
 14541 | D:5      | 14541 ||| PLANNING D:1-11
 14541 | D:5      | 14541 ||| Stepping randomly (stuck).
 14561 | D:6      | 14561 ||| PLANNING CONVERSION TO OKAWARU
 14563 | D:5      | 14563 ||| PLANNING D:1-11
 14579 | D:5      | 14579 ||| PLANNING CONVERSION TO OKAWARU
 14579 | D:5      | 14579 ||| PLANNING D:1-11
 14579 | D:5      | 14579 ||| Stepping randomly (stuck).
 14599 | D:6      | 14599 ||| PLANNING CONVERSION TO OKAWARU
 14601 | D:5      | 14601 ||| PLANNING D:1-11
 14617 | D:5      | 14617 ||| PLANNING CONVERSION TO OKAWARU
 14617 | D:5      | 14617 ||| PLANNING D:1-11
 14617 | D:5      | 14617 ||| Stepping randomly (stuck).
 14637 | D:6      | 14637 ||| PLANNING CONVERSION TO OKAWARU
 14639 | D:5      | 14639 ||| PLANNING D:1-11
 14655 | D:5      | 14655 ||| PLANNING CONVERSION TO OKAWARU
 14655 | D:5      | 14655 ||| PLANNING D:1-11
 14655 | D:5      | 14655 ||| Stepping randomly (stuck).
 14675 | D:6      | 14675 ||| PLANNING CONVERSION TO OKAWARU
 14677 | D:5      | 14677 ||| PLANNING D:1-11
 14693 | D:5      | 14693 ||| PLANNING CONVERSION TO OKAWARU
 14693 | D:5      | 14693 ||| PLANNING D:1-11
 14693 | D:5      | 14693 ||| Stepping randomly (stuck).
 14713 | D:6      | 14713 ||| PLANNING CONVERSION TO OKAWARU
 14715 | D:5      | 14715 ||| PLANNING D:1-11
 14731 | D:5      | 14731 ||| PLANNING CONVERSION TO OKAWARU
 14731 | D:5      | 14731 ||| PLANNING D:1-11
 14731 | D:5      | 14731 ||| Stepping randomly (stuck).
 14751 | D:6      | 14751 ||| PLANNING CONVERSION TO OKAWARU
 14753 | D:5      | 14753 ||| PLANNING D:1-11
 14769 | D:5      | 14769 ||| PLANNING CONVERSION TO OKAWARU
 14769 | D:5      | 14769 ||| PLANNING D:1-11
 14769 | D:5      | 14769 ||| Stepping randomly (stuck).
 14789 | D:6      | 14789 ||| PLANNING CONVERSION TO OKAWARU
 14791 | D:5      | 14791 ||| PLANNING D:1-11
 14807 | D:5      | 14807 ||| PLANNING CONVERSION TO OKAWARU
 14807 | D:5      | 14807 ||| PLANNING D:1-11
 14807 | D:5      | 14807 ||| Stepping randomly (stuck).
 14827 | D:6      | 14827 ||| PLANNING CONVERSION TO OKAWARU
 14829 | D:5      | 14829 ||| PLANNING D:1-11
 14845 | D:5      | 14845 ||| PLANNING CONVERSION TO OKAWARU
 14845 | D:5      | 14845 ||| PLANNING D:1-11
 14845 | D:5      | 14845 ||| Stepping randomly (stuck).
 14865 | D:6      | 14865 ||| PLANNING CONVERSION TO OKAWARU
 14867 | D:5      | 14867 ||| PLANNING D:1-11
 14883 | D:5      | 14883 ||| PLANNING CONVERSION TO OKAWARU
 14883 | D:5      | 14883 ||| PLANNING D:1-11
 14883 | D:5      | 14883 ||| Stepping randomly (stuck).
 14903 | D:6      | 14903 ||| PLANNING CONVERSION TO OKAWARU
 14905 | D:5      | 14905 ||| PLANNING D:1-11
 14921 | D:5      | 14921 ||| PLANNING CONVERSION TO OKAWARU
 14921 | D:5      | 14921 ||| PLANNING D:1-11
 14921 | D:5      | 14921 ||| Stepping randomly (stuck).
 14941 | D:6      | 14941 ||| PLANNING CONVERSION TO OKAWARU
 14943 | D:5      | 14943 ||| PLANNING D:1-11
 14959 | D:5      | 14959 ||| PLANNING CONVERSION TO OKAWARU
 14959 | D:5      | 14959 ||| PLANNING D:1-11
 14959 | D:5      | 14959 ||| Stepping randomly (stuck).
 14979 | D:6      | 14979 ||| PLANNING CONVERSION TO OKAWARU
 14981 | D:5      | 14981 ||| PLANNING D:1-11
 14997 | D:5      | 14997 ||| PLANNING CONVERSION TO OKAWARU
 14997 | D:5      | 14997 ||| PLANNING D:1-11
 14997 | D:5      | 14997 ||| Stepping randomly (stuck).
 15017 | D:6      | 15017 ||| PLANNING CONVERSION TO OKAWARU
 15019 | D:5      | 15019 ||| PLANNING D:1-11
 15035 | D:5      | 15035 ||| PLANNING CONVERSION TO OKAWARU
 15035 | D:5      | 15035 ||| PLANNING D:1-11
 15035 | D:5      | 15035 ||| Stepping randomly (stuck).
 15055 | D:6      | 15055 ||| PLANNING CONVERSION TO OKAWARU
 15057 | D:5      | 15057 ||| PLANNING D:1-11
 15073 | D:5      | 15073 ||| PLANNING CONVERSION TO OKAWARU
 15073 | D:5      | 15073 ||| PLANNING D:1-11
 15073 | D:5      | 15073 ||| Stepping randomly (stuck).
 15093 | D:6      | 15093 ||| PLANNING CONVERSION TO OKAWARU
 15095 | D:5      | 15095 ||| PLANNING D:1-11
 15111 | D:5      | 15111 ||| PLANNING CONVERSION TO OKAWARU
 15111 | D:5      | 15111 ||| PLANNING D:1-11
 15111 | D:5      | 15111 ||| Stepping randomly (stuck).
 15131 | D:6      | 15131 ||| PLANNING CONVERSION TO OKAWARU
 15133 | D:5      | 15133 ||| PLANNING D:1-11
 15149 | D:5      | 15149 ||| PLANNING CONVERSION TO OKAWARU
 15149 | D:5      | 15149 ||| PLANNING D:1-11
 15149 | D:5      | 15149 ||| Stepping randomly (stuck).
 15169 | D:6      | 15169 ||| PLANNING CONVERSION TO OKAWARU
 15171 | D:5      | 15171 ||| PLANNING D:1-11
 15187 | D:5      | 15187 ||| PLANNING CONVERSION TO OKAWARU
 15187 | D:5      | 15187 ||| PLANNING D:1-11
 15187 | D:5      | 15187 ||| Stepping randomly (stuck).
 15207 | D:6      | 15207 ||| PLANNING CONVERSION TO OKAWARU
 15209 | D:5      | 15209 ||| PLANNING D:1-11
 15225 | D:5      | 15225 ||| PLANNING CONVERSION TO OKAWARU
 15225 | D:5      | 15225 ||| PLANNING D:1-11
 15225 | D:5      | 15225 ||| Stepping randomly (stuck).
 15245 | D:6      | 15245 ||| PLANNING CONVERSION TO OKAWARU
 15247 | D:5      | 15247 ||| PLANNING D:1-11
 15263 | D:5      | 15263 ||| PLANNING CONVERSION TO OKAWARU
 15263 | D:5      | 15263 ||| PLANNING D:1-11
 15263 | D:5      | 15263 ||| Stepping randomly (stuck).
 15283 | D:6      | 15283 ||| PLANNING CONVERSION TO OKAWARU
 15285 | D:5      | 15285 ||| PLANNING D:1-11
 15301 | D:5      | 15301 ||| PLANNING CONVERSION TO OKAWARU
 15301 | D:5      | 15301 ||| PLANNING D:1-11
 15301 | D:5      | 15301 ||| Stepping randomly (stuck).
 15321 | D:6      | 15321 ||| PLANNING CONVERSION TO OKAWARU
 15323 | D:5      | 15323 ||| PLANNING D:1-11
 15339 | D:5      | 15339 ||| PLANNING CONVERSION TO OKAWARU
 15339 | D:5      | 15339 ||| PLANNING D:1-11
 15339 | D:5      | 15339 ||| Stepping randomly (stuck).
 15359 | D:6      | 15359 ||| PLANNING CONVERSION TO OKAWARU
 15361 | D:5      | 15361 ||| PLANNING D:1-11
 15377 | D:5      | 15377 ||| PLANNING CONVERSION TO OKAWARU
 15377 | D:5      | 15377 ||| PLANNING D:1-11
 15377 | D:5      | 15377 ||| Stepping randomly (stuck).
 15397 | D:6      | 15397 ||| PLANNING CONVERSION TO OKAWARU
 15399 | D:5      | 15399 ||| PLANNING D:1-11
 15415 | D:5      | 15415 ||| PLANNING CONVERSION TO OKAWARU
 15415 | D:5      | 15415 ||| PLANNING D:1-11
 15415 | D:5      | 15415 ||| Stepping randomly (stuck).
 15435 | D:6      | 15435 ||| PLANNING CONVERSION TO OKAWARU
 15437 | D:5      | 15437 ||| PLANNING D:1-11
 15453 | D:5      | 15453 ||| PLANNING CONVERSION TO OKAWARU
 15453 | D:5      | 15453 ||| PLANNING D:1-11
 15453 | D:5      | 15453 ||| Stepping randomly (stuck).
 15473 | D:6      | 15473 ||| PLANNING CONVERSION TO OKAWARU
 15475 | D:5      | 15475 ||| PLANNING D:1-11
 15491 | D:5      | 15491 ||| PLANNING CONVERSION TO OKAWARU
 15491 | D:5      | 15491 ||| PLANNING D:1-11
 15491 | D:5      | 15491 ||| Stepping randomly (stuck).
 15511 | D:6      | 15511 ||| PLANNING CONVERSION TO OKAWARU
 15513 | D:5      | 15513 ||| PLANNING D:1-11
 15529 | D:5      | 15529 ||| PLANNING CONVERSION TO OKAWARU
 15529 | D:5      | 15529 ||| PLANNING D:1-11
 15529 | D:5      | 15529 ||| Stepping randomly (stuck).
 15549 | D:6      | 15549 ||| PLANNING CONVERSION TO OKAWARU
 15551 | D:5      | 15551 ||| PLANNING D:1-11
 15567 | D:5      | 15567 ||| PLANNING CONVERSION TO OKAWARU
 15567 | D:5      | 15567 ||| PLANNING D:1-11
 15567 | D:5      | 15567 ||| Stepping randomly (stuck).
 15587 | D:6      | 15587 ||| PLANNING CONVERSION TO OKAWARU
 15589 | D:5      | 15589 ||| PLANNING D:1-11
 15605 | D:5      | 15605 ||| PLANNING CONVERSION TO OKAWARU
 15605 | D:5      | 15605 ||| PLANNING D:1-11
 15605 | D:5      | 15605 ||| Stepping randomly (stuck).
 15625 | D:6      | 15625 ||| PLANNING CONVERSION TO OKAWARU
 15627 | D:5      | 15627 ||| PLANNING D:1-11
 15643 | D:5      | 15643 ||| PLANNING CONVERSION TO OKAWARU
 15643 | D:5      | 15643 ||| PLANNING D:1-11
 15643 | D:5      | 15643 ||| Stepping randomly (stuck).
 15663 | D:6      | 15663 ||| PLANNING CONVERSION TO OKAWARU
 15665 | D:5      | 15665 ||| PLANNING D:1-11
 15681 | D:5      | 15681 ||| PLANNING CONVERSION TO OKAWARU
 15681 | D:5      | 15681 ||| PLANNING D:1-11
 15681 | D:5      | 15681 ||| Stepping randomly (stuck).
 15701 | D:6      | 15701 ||| PLANNING CONVERSION TO OKAWARU
 15703 | D:5      | 15703 ||| PLANNING D:1-11
 15719 | D:5      | 15719 ||| PLANNING CONVERSION TO OKAWARU
 15719 | D:5      | 15719 ||| PLANNING D:1-11
 15719 | D:5      | 15719 ||| Stepping randomly (stuck).
 15739 | D:6      | 15739 ||| PLANNING CONVERSION TO OKAWARU
 15741 | D:5      | 15741 ||| PLANNING D:1-11
 15757 | D:5      | 15757 ||| PLANNING CONVERSION TO OKAWARU
 15757 | D:5      | 15757 ||| PLANNING D:1-11
 15757 | D:5      | 15757 ||| Stepping randomly (stuck).
 15777 | D:6      | 15777 ||| PLANNING CONVERSION TO OKAWARU
 15779 | D:5      | 15779 ||| PLANNING D:1-11
 15795 | D:5      | 15795 ||| PLANNING CONVERSION TO OKAWARU
 15795 | D:5      | 15795 ||| PLANNING D:1-11
 15795 | D:5      | 15795 ||| Stepping randomly (stuck).
 15815 | D:6      | 15815 ||| PLANNING CONVERSION TO OKAWARU
 15817 | D:5      | 15817 ||| PLANNING D:1-11
 15833 | D:5      | 15833 ||| PLANNING CONVERSION TO OKAWARU
 15833 | D:5      | 15833 ||| PLANNING D:1-11
 15833 | D:5      | 15833 ||| Stepping randomly (stuck).
 15853 | D:6      | 15853 ||| PLANNING CONVERSION TO OKAWARU
 15855 | D:5      | 15855 ||| PLANNING D:1-11
 15871 | D:5      | 15871 ||| PLANNING CONVERSION TO OKAWARU
 15871 | D:5      | 15871 ||| PLANNING D:1-11
 15871 | D:5      | 15871 ||| Stepping randomly (stuck).
 15891 | D:6      | 15891 ||| PLANNING CONVERSION TO OKAWARU
 15893 | D:5      | 15893 ||| PLANNING D:1-11
 15909 | D:5      | 15909 ||| PLANNING CONVERSION TO OKAWARU
 15909 | D:5      | 15909 ||| PLANNING D:1-11
 15909 | D:5      | 15909 ||| Stepping randomly (stuck).
 15929 | D:6      | 15929 ||| PLANNING CONVERSION TO OKAWARU
 15931 | D:5      | 15931 ||| PLANNING D:1-11
 15947 | D:5      | 15947 ||| PLANNING CONVERSION TO OKAWARU
 15947 | D:5      | 15947 ||| PLANNING D:1-11
 15947 | D:5      | 15947 ||| Stepping randomly (stuck).
 15967 | D:6      | 15967 ||| PLANNING CONVERSION TO OKAWARU
 15969 | D:5      | 15969 ||| PLANNING D:1-11
 15985 | D:5      | 15985 ||| PLANNING CONVERSION TO OKAWARU
 15985 | D:5      | 15985 ||| PLANNING D:1-11
 15985 | D:5      | 15985 ||| Stepping randomly (stuck).
 16005 | D:6      | 16005 ||| PLANNING CONVERSION TO OKAWARU
 16007 | D:5      | 16007 ||| PLANNING D:1-11
 16023 | D:5      | 16023 ||| PLANNING CONVERSION TO OKAWARU
 16023 | D:5      | 16023 ||| PLANNING D:1-11
 16023 | D:5      | 16023 ||| Stepping randomly (stuck).
 16043 | D:6      | 16043 ||| PLANNING CONVERSION TO OKAWARU
 16045 | D:5      | 16045 ||| PLANNING D:1-11
 16061 | D:5      | 16061 ||| PLANNING CONVERSION TO OKAWARU
 16061 | D:5      | 16061 ||| PLANNING D:1-11
 16061 | D:5      | 16061 ||| Stepping randomly (stuck).
 16081 | D:6      | 16081 ||| PLANNING CONVERSION TO OKAWARU
 16083 | D:5      | 16083 ||| PLANNING D:1-11
 16099 | D:5      | 16099 ||| PLANNING CONVERSION TO OKAWARU
 16099 | D:5      | 16099 ||| PLANNING D:1-11
 16099 | D:5      | 16099 ||| Stepping randomly (stuck).
 16119 | D:6      | 16119 ||| PLANNING CONVERSION TO OKAWARU
 16121 | D:5      | 16121 ||| PLANNING D:1-11
 16137 | D:5      | 16137 ||| PLANNING CONVERSION TO OKAWARU
 16137 | D:5      | 16137 ||| PLANNING D:1-11
 16137 | D:5      | 16137 ||| Stepping randomly (stuck).
 16157 | D:6      | 16157 ||| PLANNING CONVERSION TO OKAWARU
 16159 | D:5      | 16159 ||| PLANNING D:1-11
 16175 | D:5      | 16175 ||| PLANNING CONVERSION TO OKAWARU
 16175 | D:5      | 16175 ||| PLANNING D:1-11
 16175 | D:5      | 16175 ||| Stepping randomly (stuck).
 16195 | D:6      | 16195 ||| PLANNING CONVERSION TO OKAWARU
 16197 | D:5      | 16197 ||| PLANNING D:1-11
 16213 | D:5      | 16213 ||| PLANNING CONVERSION TO OKAWARU
 16213 | D:5      | 16213 ||| PLANNING D:1-11
 16213 | D:5      | 16213 ||| Stepping randomly (stuck).
 16233 | D:6      | 16233 ||| PLANNING CONVERSION TO OKAWARU
 16235 | D:5      | 16235 ||| PLANNING D:1-11
 16251 | D:5      | 16251 ||| PLANNING CONVERSION TO OKAWARU
 16251 | D:5      | 16251 ||| PLANNING D:1-11
 16251 | D:5      | 16251 ||| Stepping randomly (stuck).
 16271 | D:6      | 16271 ||| PLANNING CONVERSION TO OKAWARU
 16273 | D:5      | 16273 ||| PLANNING D:1-11
 16289 | D:5      | 16289 ||| PLANNING CONVERSION TO OKAWARU
 16289 | D:5      | 16289 ||| PLANNING D:1-11
 16289 | D:5      | 16289 ||| Stepping randomly (stuck).
 16309 | D:6      | 16309 ||| PLANNING CONVERSION TO OKAWARU
 16311 | D:5      | 16311 ||| PLANNING D:1-11
 16327 | D:5      | 16327 ||| PLANNING CONVERSION TO OKAWARU
 16327 | D:5      | 16327 ||| PLANNING D:1-11
 16327 | D:5      | 16327 ||| Stepping randomly (stuck).
 16347 | D:6      | 16347 ||| PLANNING CONVERSION TO OKAWARU
 16349 | D:5      | 16349 ||| PLANNING D:1-11
 16365 | D:5      | 16365 ||| PLANNING CONVERSION TO OKAWARU
 16365 | D:5      | 16365 ||| PLANNING D:1-11
 16365 | D:5      | 16365 ||| Stepping randomly (stuck).
 16385 | D:6      | 16385 ||| PLANNING CONVERSION TO OKAWARU
 16387 | D:5      | 16387 ||| PLANNING D:1-11
 16403 | D:5      | 16403 ||| PLANNING CONVERSION TO OKAWARU
 16403 | D:5      | 16403 ||| PLANNING D:1-11
 16403 | D:5      | 16403 ||| Stepping randomly (stuck).
 16423 | D:6      | 16423 ||| PLANNING CONVERSION TO OKAWARU
 16425 | D:5      | 16425 ||| PLANNING D:1-11
 16441 | D:5      | 16441 ||| PLANNING CONVERSION TO OKAWARU
 16441 | D:5      | 16441 ||| PLANNING D:1-11
 16441 | D:5      | 16441 ||| Stepping randomly (stuck).
 16461 | D:6      | 16461 ||| PLANNING CONVERSION TO OKAWARU
 16463 | D:5      | 16463 ||| PLANNING D:1-11
 16479 | D:5      | 16479 ||| PLANNING CONVERSION TO OKAWARU
 16479 | D:5      | 16479 ||| PLANNING D:1-11
 16479 | D:5      | 16479 ||| Stepping randomly (stuck).
 16499 | D:6      | 16499 ||| PLANNING CONVERSION TO OKAWARU
 16501 | D:5      | 16501 ||| PLANNING D:1-11
 16517 | D:5      | 16517 ||| PLANNING CONVERSION TO OKAWARU
 16517 | D:5      | 16517 ||| PLANNING D:1-11
 16517 | D:5      | 16517 ||| Stepping randomly (stuck).
 16537 | D:6      | 16537 ||| PLANNING CONVERSION TO OKAWARU
 16539 | D:5      | 16539 ||| PLANNING D:1-11
 16555 | D:5      | 16555 ||| PLANNING CONVERSION TO OKAWARU
 16555 | D:5      | 16555 ||| PLANNING D:1-11
 16555 | D:5      | 16555 ||| Stepping randomly (stuck).
 16575 | D:6      | 16575 ||| PLANNING CONVERSION TO OKAWARU
 16577 | D:5      | 16577 ||| PLANNING D:1-11
 16593 | D:5      | 16593 ||| PLANNING CONVERSION TO OKAWARU
 16593 | D:5      | 16593 ||| PLANNING D:1-11
 16593 | D:5      | 16593 ||| Stepping randomly (stuck).
 16613 | D:6      | 16613 ||| PLANNING CONVERSION TO OKAWARU
 16615 | D:5      | 16615 ||| PLANNING D:1-11
 16631 | D:5      | 16631 ||| PLANNING CONVERSION TO OKAWARU
 16631 | D:5      | 16631 ||| PLANNING D:1-11
 16631 | D:5      | 16631 ||| Stepping randomly (stuck).
 16651 | D:6      | 16651 ||| PLANNING CONVERSION TO OKAWARU
 16653 | D:5      | 16653 ||| PLANNING D:1-11
 16669 | D:5      | 16669 ||| PLANNING CONVERSION TO OKAWARU
 16669 | D:5      | 16669 ||| PLANNING D:1-11
 16669 | D:5      | 16669 ||| Stepping randomly (stuck).
 16689 | D:6      | 16689 ||| PLANNING CONVERSION TO OKAWARU
 16691 | D:5      | 16691 ||| PLANNING D:1-11
 16707 | D:5      | 16707 ||| PLANNING CONVERSION TO OKAWARU
 16707 | D:5      | 16707 ||| PLANNING D:1-11
 16707 | D:5      | 16707 ||| Stepping randomly (stuck).
 16727 | D:6      | 16727 ||| PLANNING CONVERSION TO OKAWARU
 16729 | D:5      | 16729 ||| PLANNING D:1-11
 16745 | D:5      | 16745 ||| PLANNING CONVERSION TO OKAWARU
 16745 | D:5      | 16745 ||| PLANNING D:1-11
 16745 | D:5      | 16745 ||| Stepping randomly (stuck).
 16765 | D:6      | 16765 ||| PLANNING CONVERSION TO OKAWARU
 16767 | D:5      | 16767 ||| PLANNING D:1-11
 16783 | D:5      | 16783 ||| PLANNING CONVERSION TO OKAWARU
 16783 | D:5      | 16783 ||| PLANNING D:1-11
 16783 | D:5      | 16783 ||| Stepping randomly (stuck).
 16803 | D:6      | 16803 ||| PLANNING CONVERSION TO OKAWARU
 16805 | D:5      | 16805 ||| PLANNING D:1-11
 16821 | D:5      | 16821 ||| PLANNING CONVERSION TO OKAWARU
 16821 | D:5      | 16821 ||| PLANNING D:1-11
 16821 | D:5      | 16821 ||| Stepping randomly (stuck).
 16841 | D:6      | 16841 ||| PLANNING CONVERSION TO OKAWARU
 16843 | D:5      | 16843 ||| PLANNING D:1-11
 16859 | D:5      | 16859 ||| PLANNING CONVERSION TO OKAWARU
 16859 | D:5      | 16859 ||| PLANNING D:1-11
 16859 | D:5      | 16859 ||| Stepping randomly (stuck).
 16879 | D:6      | 16879 ||| PLANNING CONVERSION TO OKAWARU
 16881 | D:5      | 16881 ||| PLANNING D:1-11
 16897 | D:5      | 16897 ||| PLANNING CONVERSION TO OKAWARU
 16897 | D:5      | 16897 ||| PLANNING D:1-11
 16897 | D:5      | 16897 ||| Stepping randomly (stuck).
 16917 | D:6      | 16917 ||| PLANNING CONVERSION TO OKAWARU
 16919 | D:5      | 16919 ||| PLANNING D:1-11
 16935 | D:5      | 16935 ||| PLANNING CONVERSION TO OKAWARU
 16935 | D:5      | 16935 ||| PLANNING D:1-11
 16935 | D:5      | 16935 ||| Stepping randomly (stuck).
 16955 | D:6      | 16955 ||| PLANNING CONVERSION TO OKAWARU
 16957 | D:5      | 16957 ||| PLANNING D:1-11
 16973 | D:5      | 16973 ||| PLANNING CONVERSION TO OKAWARU
 16973 | D:5      | 16973 ||| PLANNING D:1-11
 16973 | D:5      | 16973 ||| Stepping randomly (stuck).
 16993 | D:6      | 16993 ||| PLANNING CONVERSION TO OKAWARU
 16995 | D:5      | 16995 ||| PLANNING D:1-11
 17011 | D:5      | 17011 ||| PLANNING CONVERSION TO OKAWARU
 17011 | D:5      | 17011 ||| PLANNING D:1-11
 17011 | D:5      | 17011 ||| Stepping randomly (stuck).
 17031 | D:6      | 17031 ||| PLANNING CONVERSION TO OKAWARU
 17033 | D:5      | 17033 ||| PLANNING D:1-11
 17049 | D:5      | 17049 ||| PLANNING CONVERSION TO OKAWARU
 17049 | D:5      | 17049 ||| PLANNING D:1-11
 17049 | D:5      | 17049 ||| Stepping randomly (stuck).
 17069 | D:6      | 17069 ||| PLANNING CONVERSION TO OKAWARU
 17071 | D:5      | 17071 ||| PLANNING D:1-11
 17087 | D:5      | 17087 ||| PLANNING CONVERSION TO OKAWARU
 17087 | D:5      | 17087 ||| PLANNING D:1-11
 17087 | D:5      | 17087 ||| Stepping randomly (stuck).
 17107 | D:6      | 17107 ||| PLANNING CONVERSION TO OKAWARU
 17109 | D:5      | 17109 ||| PLANNING D:1-11
 17125 | D:5      | 17125 ||| PLANNING CONVERSION TO OKAWARU
 17125 | D:5      | 17125 ||| PLANNING D:1-11
 17125 | D:5      | 17125 ||| Stepping randomly (stuck).
 17145 | D:6      | 17145 ||| PLANNING CONVERSION TO OKAWARU
 17147 | D:5      | 17147 ||| PLANNING D:1-11
 17163 | D:5      | 17163 ||| PLANNING CONVERSION TO OKAWARU
 17163 | D:5      | 17163 ||| PLANNING D:1-11
 17163 | D:5      | 17163 ||| Stepping randomly (stuck).
 17183 | D:6      | 17183 ||| PLANNING CONVERSION TO OKAWARU
 17185 | D:5      | 17185 ||| PLANNING D:1-11
 17201 | D:5      | 17201 ||| PLANNING CONVERSION TO OKAWARU
 17201 | D:5      | 17201 ||| PLANNING D:1-11
 17201 | D:5      | 17201 ||| Stepping randomly (stuck).
 17221 | D:6      | 17221 ||| PLANNING CONVERSION TO OKAWARU
 17223 | D:5      | 17223 ||| PLANNING D:1-11
 17239 | D:5      | 17239 ||| PLANNING CONVERSION TO OKAWARU
 17239 | D:5      | 17239 ||| PLANNING D:1-11
 17239 | D:5      | 17239 ||| Stepping randomly (stuck).
 17259 | D:6      | 17259 ||| PLANNING CONVERSION TO OKAWARU
 17261 | D:5      | 17261 ||| PLANNING D:1-11
 17277 | D:5      | 17277 ||| PLANNING CONVERSION TO OKAWARU
 17277 | D:5      | 17277 ||| PLANNING D:1-11
 17277 | D:5      | 17277 ||| Stepping randomly (stuck).
 17297 | D:6      | 17297 ||| PLANNING CONVERSION TO OKAWARU
 17299 | D:5      | 17299 ||| PLANNING D:1-11
 17315 | D:5      | 17315 ||| PLANNING CONVERSION TO OKAWARU
 17315 | D:5      | 17315 ||| PLANNING D:1-11
 17315 | D:5      | 17315 ||| Stepping randomly (stuck).
 17335 | D:6      | 17335 ||| PLANNING CONVERSION TO OKAWARU
 17337 | D:5      | 17337 ||| PLANNING D:1-11
 17353 | D:5      | 17353 ||| PLANNING CONVERSION TO OKAWARU
 17353 | D:5      | 17353 ||| PLANNING D:1-11
 17353 | D:5      | 17353 ||| Stepping randomly (stuck).
 17373 | D:6      | 17373 ||| PLANNING CONVERSION TO OKAWARU
 17375 | D:5      | 17375 ||| PLANNING D:1-11
 17391 | D:5      | 17391 ||| PLANNING CONVERSION TO OKAWARU
 17391 | D:5      | 17391 ||| PLANNING D:1-11
 17391 | D:5      | 17391 ||| Stepping randomly (stuck).
 17411 | D:6      | 17411 ||| PLANNING CONVERSION TO OKAWARU
 17413 | D:5      | 17413 ||| PLANNING D:1-11
 17429 | D:5      | 17429 ||| PLANNING CONVERSION TO OKAWARU
 17429 | D:5      | 17429 ||| PLANNING D:1-11
 17429 | D:5      | 17429 ||| Stepping randomly (stuck).
 17449 | D:6      | 17449 ||| PLANNING CONVERSION TO OKAWARU
 17451 | D:5      | 17451 ||| PLANNING D:1-11
 17467 | D:5      | 17467 ||| PLANNING CONVERSION TO OKAWARU
 17467 | D:5      | 17467 ||| PLANNING D:1-11
 17467 | D:5      | 17467 ||| Stepping randomly (stuck).
 17487 | D:6      | 17487 ||| PLANNING CONVERSION TO OKAWARU
 17489 | D:5      | 17489 ||| PLANNING D:1-11
 17505 | D:5      | 17505 ||| PLANNING CONVERSION TO OKAWARU
 17505 | D:5      | 17505 ||| PLANNING D:1-11
 17505 | D:5      | 17505 ||| Stepping randomly (stuck).
 17525 | D:6      | 17525 ||| PLANNING CONVERSION TO OKAWARU
 17527 | D:5      | 17527 ||| PLANNING D:1-11
 17543 | D:5      | 17543 ||| PLANNING CONVERSION TO OKAWARU
 17543 | D:5      | 17543 ||| PLANNING D:1-11
 17543 | D:5      | 17543 ||| Stepping randomly (stuck).
 17563 | D:6      | 17563 ||| PLANNING CONVERSION TO OKAWARU
 17565 | D:5      | 17565 ||| PLANNING D:1-11
 17581 | D:5      | 17581 ||| PLANNING CONVERSION TO OKAWARU
 17581 | D:5      | 17581 ||| PLANNING D:1-11
 17581 | D:5      | 17581 ||| Stepping randomly (stuck).
 17601 | D:6      | 17601 ||| PLANNING CONVERSION TO OKAWARU
 17603 | D:5      | 17603 ||| PLANNING D:1-11
 17619 | D:5      | 17619 ||| PLANNING CONVERSION TO OKAWARU
 17619 | D:5      | 17619 ||| PLANNING D:1-11
 17619 | D:5      | 17619 ||| Stepping randomly (stuck).
 17639 | D:6      | 17639 ||| PLANNING CONVERSION TO OKAWARU
 17641 | D:5      | 17641 ||| PLANNING D:1-11
 17657 | D:5      | 17657 ||| PLANNING CONVERSION TO OKAWARU
 17657 | D:5      | 17657 ||| PLANNING D:1-11
 17657 | D:5      | 17657 ||| Stepping randomly (stuck).
 17677 | D:6      | 17677 ||| PLANNING CONVERSION TO OKAWARU
 17679 | D:5      | 17679 ||| PLANNING D:1-11
 17695 | D:5      | 17695 ||| PLANNING CONVERSION TO OKAWARU
 17695 | D:5      | 17695 ||| PLANNING D:1-11
 17695 | D:5      | 17695 ||| Stepping randomly (stuck).
 17715 | D:6      | 17715 ||| PLANNING CONVERSION TO OKAWARU
 17717 | D:5      | 17717 ||| PLANNING D:1-11
 17733 | D:5      | 17733 ||| PLANNING CONVERSION TO OKAWARU
 17733 | D:5      | 17733 ||| PLANNING D:1-11
 17733 | D:5      | 17733 ||| Stepping randomly (stuck).
 17753 | D:6      | 17753 ||| PLANNING CONVERSION TO OKAWARU
 17755 | D:5      | 17755 ||| PLANNING D:1-11
 17771 | D:5      | 17771 ||| PLANNING CONVERSION TO OKAWARU
 17771 | D:5      | 17771 ||| PLANNING D:1-11
 17771 | D:5      | 17771 ||| Stepping randomly (stuck).
 17791 | D:6      | 17791 ||| PLANNING CONVERSION TO OKAWARU
 17793 | D:5      | 17793 ||| PLANNING D:1-11
 17809 | D:5      | 17809 ||| PLANNING CONVERSION TO OKAWARU
 17809 | D:5      | 17809 ||| PLANNING D:1-11
 17809 | D:5      | 17809 ||| Stepping randomly (stuck).
 17829 | D:6      | 17829 ||| PLANNING CONVERSION TO OKAWARU
 17831 | D:5      | 17831 ||| PLANNING D:1-11
 17847 | D:5      | 17847 ||| PLANNING CONVERSION TO OKAWARU
 17847 | D:5      | 17847 ||| PLANNING D:1-11
 17847 | D:5      | 17847 ||| Stepping randomly (stuck).
 17867 | D:6      | 17867 ||| PLANNING CONVERSION TO OKAWARU
 17869 | D:5      | 17869 ||| PLANNING D:1-11
 17885 | D:5      | 17885 ||| PLANNING CONVERSION TO OKAWARU
 17885 | D:5      | 17885 ||| PLANNING D:1-11
 17885 | D:5      | 17885 ||| Stepping randomly (stuck).
 17905 | D:6      | 17905 ||| PLANNING CONVERSION TO OKAWARU
 17907 | D:5      | 17907 ||| PLANNING D:1-11
 17923 | D:5      | 17923 ||| PLANNING CONVERSION TO OKAWARU
 17923 | D:5      | 17923 ||| PLANNING D:1-11
 17923 | D:5      | 17923 ||| Stepping randomly (stuck).
 17943 | D:6      | 17943 ||| PLANNING CONVERSION TO OKAWARU
 17945 | D:5      | 17945 ||| PLANNING D:1-11
 17961 | D:5      | 17961 ||| PLANNING CONVERSION TO OKAWARU
 17961 | D:5      | 17961 ||| PLANNING D:1-11
 17961 | D:5      | 17961 ||| Stepping randomly (stuck).
 17981 | D:6      | 17981 ||| PLANNING CONVERSION TO OKAWARU
 17983 | D:5      | 17983 ||| PLANNING D:1-11
 17999 | D:5      | 17999 ||| PLANNING CONVERSION TO OKAWARU
 17999 | D:5      | 17999 ||| PLANNING D:1-11
 17999 | D:5      | 17999 ||| Stepping randomly (stuck).
 18019 | D:6      | 18019 ||| PLANNING CONVERSION TO OKAWARU
 18021 | D:5      | 18021 ||| PLANNING D:1-11
 18037 | D:5      | 18037 ||| PLANNING CONVERSION TO OKAWARU
 18037 | D:5      | 18037 ||| PLANNING D:1-11
 18037 | D:5      | 18037 ||| Stepping randomly (stuck).
 18057 | D:6      | 18057 ||| PLANNING CONVERSION TO OKAWARU
 18059 | D:5      | 18059 ||| PLANNING D:1-11
 18075 | D:5      | 18075 ||| PLANNING CONVERSION TO OKAWARU
 18075 | D:5      | 18075 ||| PLANNING D:1-11
 18075 | D:5      | 18075 ||| Stepping randomly (stuck).
 18095 | D:6      | 18095 ||| PLANNING CONVERSION TO OKAWARU
 18097 | D:5      | 18097 ||| PLANNING D:1-11
 18113 | D:5      | 18113 ||| PLANNING CONVERSION TO OKAWARU
 18113 | D:5      | 18113 ||| PLANNING D:1-11
 18113 | D:5      | 18113 ||| Stepping randomly (stuck).
 18133 | D:6      | 18133 ||| PLANNING CONVERSION TO OKAWARU
 18135 | D:5      | 18135 ||| PLANNING D:1-11
 18151 | D:5      | 18151 ||| PLANNING CONVERSION TO OKAWARU
 18151 | D:5      | 18151 ||| PLANNING D:1-11
 18151 | D:5      | 18151 ||| Stepping randomly (stuck).
 18171 | D:6      | 18171 ||| PLANNING CONVERSION TO OKAWARU
 18173 | D:5      | 18173 ||| PLANNING D:1-11
 18189 | D:5      | 18189 ||| PLANNING CONVERSION TO OKAWARU
 18189 | D:5      | 18189 ||| PLANNING D:1-11
 18189 | D:5      | 18189 ||| Stepping randomly (stuck).
 18209 | D:6      | 18209 ||| PLANNING CONVERSION TO OKAWARU
 18211 | D:5      | 18211 ||| PLANNING D:1-11
 18227 | D:5      | 18227 ||| PLANNING CONVERSION TO OKAWARU
 18227 | D:5      | 18227 ||| PLANNING D:1-11
 18227 | D:5      | 18227 ||| Stepping randomly (stuck).
 18247 | D:6      | 18247 ||| PLANNING CONVERSION TO OKAWARU
 18249 | D:5      | 18249 ||| PLANNING D:1-11
 18265 | D:5      | 18265 ||| PLANNING CONVERSION TO OKAWARU
 18265 | D:5      | 18265 ||| PLANNING D:1-11
 18265 | D:5      | 18265 ||| Stepping randomly (stuck).
 18285 | D:6      | 18285 ||| PLANNING CONVERSION TO OKAWARU
 18287 | D:5      | 18287 ||| PLANNING D:1-11
 18303 | D:5      | 18303 ||| PLANNING CONVERSION TO OKAWARU
 18303 | D:5      | 18303 ||| PLANNING D:1-11
 18303 | D:5      | 18303 ||| Stepping randomly (stuck).
 18323 | D:6      | 18323 ||| PLANNING CONVERSION TO OKAWARU
 18325 | D:5      | 18325 ||| PLANNING D:1-11
 18341 | D:5      | 18341 ||| PLANNING CONVERSION TO OKAWARU
 18341 | D:5      | 18341 ||| PLANNING D:1-11
 18341 | D:5      | 18341 ||| Stepping randomly (stuck).
 18361 | D:6      | 18361 ||| PLANNING CONVERSION TO OKAWARU
 18363 | D:5      | 18363 ||| PLANNING D:1-11
 18379 | D:5      | 18379 ||| PLANNING CONVERSION TO OKAWARU
 18379 | D:5      | 18379 ||| PLANNING D:1-11
 18379 | D:5      | 18379 ||| Stepping randomly (stuck).
 18399 | D:6      | 18399 ||| PLANNING CONVERSION TO OKAWARU
 18401 | D:5      | 18401 ||| PLANNING D:1-11
 18417 | D:5      | 18417 ||| PLANNING CONVERSION TO OKAWARU
 18417 | D:5      | 18417 ||| PLANNING D:1-11
 18417 | D:5      | 18417 ||| Stepping randomly (stuck).
 18437 | D:6      | 18437 ||| PLANNING CONVERSION TO OKAWARU
 18439 | D:5      | 18439 ||| PLANNING D:1-11
 18455 | D:5      | 18455 ||| PLANNING CONVERSION TO OKAWARU
 18455 | D:5      | 18455 ||| PLANNING D:1-11
 18455 | D:5      | 18455 ||| Stepping randomly (stuck).
 18475 | D:6      | 18475 ||| PLANNING CONVERSION TO OKAWARU
 18477 | D:5      | 18477 ||| PLANNING D:1-11
 18493 | D:5      | 18493 ||| PLANNING CONVERSION TO OKAWARU
 18493 | D:5      | 18493 ||| PLANNING D:1-11
 18493 | D:5      | 18493 ||| Stepping randomly (stuck).
 18513 | D:6      | 18513 ||| PLANNING CONVERSION TO OKAWARU
 18515 | D:5      | 18515 ||| PLANNING D:1-11
 18531 | D:5      | 18531 ||| PLANNING CONVERSION TO OKAWARU
 18531 | D:5      | 18531 ||| PLANNING D:1-11
 18531 | D:5      | 18531 ||| Stepping randomly (stuck).
 18551 | D:6      | 18551 ||| PLANNING CONVERSION TO OKAWARU
 18553 | D:5      | 18553 ||| PLANNING D:1-11
 18569 | D:5      | 18569 ||| PLANNING CONVERSION TO OKAWARU
 18569 | D:5      | 18569 ||| PLANNING D:1-11
 18569 | D:5      | 18569 ||| Stepping randomly (stuck).
 18589 | D:6      | 18589 ||| PLANNING CONVERSION TO OKAWARU
 18591 | D:5      | 18591 ||| PLANNING D:1-11
 18607 | D:5      | 18607 ||| PLANNING CONVERSION TO OKAWARU
 18607 | D:5      | 18607 ||| PLANNING D:1-11
 18607 | D:5      | 18607 ||| Stepping randomly (stuck).
 18627 | D:6      | 18627 ||| PLANNING CONVERSION TO OKAWARU
 18629 | D:5      | 18629 ||| PLANNING D:1-11
 18645 | D:5      | 18645 ||| PLANNING CONVERSION TO OKAWARU
 18645 | D:5      | 18645 ||| PLANNING D:1-11
 18645 | D:5      | 18645 ||| Stepping randomly (stuck).
 18665 | D:6      | 18665 ||| PLANNING CONVERSION TO OKAWARU
 18667 | D:5      | 18667 ||| PLANNING D:1-11
 18683 | D:5      | 18683 ||| PLANNING CONVERSION TO OKAWARU
 18683 | D:5      | 18683 ||| PLANNING D:1-11
 18683 | D:5      | 18683 ||| Stepping randomly (stuck).
 18703 | D:6      | 18703 ||| PLANNING CONVERSION TO OKAWARU
 18705 | D:5      | 18705 ||| PLANNING D:1-11
 18721 | D:5      | 18721 ||| PLANNING CONVERSION TO OKAWARU
 18721 | D:5      | 18721 ||| PLANNING D:1-11
 18721 | D:5      | 18721 ||| Stepping randomly (stuck).
 18741 | D:6      | 18741 ||| PLANNING CONVERSION TO OKAWARU
 18743 | D:5      | 18743 ||| PLANNING D:1-11
 18759 | D:5      | 18759 ||| PLANNING CONVERSION TO OKAWARU
 18759 | D:5      | 18759 ||| PLANNING D:1-11
 18759 | D:5      | 18759 ||| Stepping randomly (stuck).
 18779 | D:6      | 18779 ||| PLANNING CONVERSION TO OKAWARU
 18781 | D:5      | 18781 ||| PLANNING D:1-11
 18797 | D:5      | 18797 ||| PLANNING CONVERSION TO OKAWARU
 18797 | D:5      | 18797 ||| PLANNING D:1-11
 18797 | D:5      | 18797 ||| Stepping randomly (stuck).
 18817 | D:6      | 18817 ||| PLANNING CONVERSION TO OKAWARU
 18819 | D:5      | 18819 ||| PLANNING D:1-11
 18835 | D:5      | 18835 ||| PLANNING CONVERSION TO OKAWARU
 18835 | D:5      | 18835 ||| PLANNING D:1-11
 18835 | D:5      | 18835 ||| Stepping randomly (stuck).
 18855 | D:6      | 18855 ||| PLANNING CONVERSION TO OKAWARU
 18857 | D:5      | 18857 ||| PLANNING D:1-11
 18873 | D:5      | 18873 ||| PLANNING CONVERSION TO OKAWARU
 18873 | D:5      | 18873 ||| PLANNING D:1-11
 18873 | D:5      | 18873 ||| Stepping randomly (stuck).
 18893 | D:6      | 18893 ||| PLANNING CONVERSION TO OKAWARU
 18895 | D:5      | 18895 ||| PLANNING D:1-11
 18911 | D:5      | 18911 ||| PLANNING CONVERSION TO OKAWARU
 18911 | D:5      | 18911 ||| PLANNING D:1-11
 18911 | D:5      | 18911 ||| Stepping randomly (stuck).
 18931 | D:6      | 18931 ||| PLANNING CONVERSION TO OKAWARU
 18933 | D:5      | 18933 ||| PLANNING D:1-11
 18949 | D:5      | 18949 ||| PLANNING CONVERSION TO OKAWARU
 18949 | D:5      | 18949 ||| PLANNING D:1-11
 18949 | D:5      | 18949 ||| Stepping randomly (stuck).
 18969 | D:6      | 18969 ||| PLANNING CONVERSION TO OKAWARU
 18971 | D:5      | 18971 ||| PLANNING D:1-11
 18987 | D:5      | 18987 ||| PLANNING CONVERSION TO OKAWARU
 18987 | D:5      | 18987 ||| PLANNING D:1-11
 18987 | D:5      | 18987 ||| Stepping randomly (stuck).
 19007 | D:6      | 19007 ||| PLANNING CONVERSION TO OKAWARU
 19009 | D:5      | 19009 ||| PLANNING D:1-11
 19025 | D:5      | 19025 ||| PLANNING CONVERSION TO OKAWARU
 19025 | D:5      | 19025 ||| PLANNING D:1-11
 19025 | D:5      | 19025 ||| Stepping randomly (stuck).
 19045 | D:6      | 19045 ||| PLANNING CONVERSION TO OKAWARU
 19047 | D:5      | 19047 ||| PLANNING D:1-11
 19063 | D:5      | 19063 ||| PLANNING CONVERSION TO OKAWARU
 19063 | D:5      | 19063 ||| PLANNING D:1-11
 19063 | D:5      | 19063 ||| Stepping randomly (stuck).
 19083 | D:6      | 19083 ||| PLANNING CONVERSION TO OKAWARU
 19085 | D:5      | 19085 ||| PLANNING D:1-11
 19101 | D:5      | 19101 ||| PLANNING CONVERSION TO OKAWARU
 19101 | D:5      | 19101 ||| PLANNING D:1-11
 19101 | D:5      | 19101 ||| Stepping randomly (stuck).
 19121 | D:6      | 19121 ||| PLANNING CONVERSION TO OKAWARU
 19123 | D:5      | 19123 ||| PLANNING D:1-11
 19139 | D:5      | 19139 ||| PLANNING CONVERSION TO OKAWARU
 19139 | D:5      | 19139 ||| PLANNING D:1-11
 19139 | D:5      | 19139 ||| Stepping randomly (stuck).
 19159 | D:6      | 19159 ||| PLANNING CONVERSION TO OKAWARU
 19161 | D:5      | 19161 ||| PLANNING D:1-11
 19177 | D:5      | 19177 ||| PLANNING CONVERSION TO OKAWARU
 19177 | D:5      | 19177 ||| PLANNING D:1-11
 19177 | D:5      | 19177 ||| Stepping randomly (stuck).
 19197 | D:6      | 19197 ||| PLANNING CONVERSION TO OKAWARU
 19199 | D:5      | 19199 ||| PLANNING D:1-11
 19215 | D:5      | 19215 ||| PLANNING CONVERSION TO OKAWARU
 19215 | D:5      | 19215 ||| PLANNING D:1-11
 19215 | D:5      | 19215 ||| Stepping randomly (stuck).
 19235 | D:6      | 19235 ||| PLANNING CONVERSION TO OKAWARU
 19237 | D:5      | 19237 ||| PLANNING D:1-11
 19253 | D:5      | 19253 ||| PLANNING CONVERSION TO OKAWARU
 19253 | D:5      | 19253 ||| PLANNING D:1-11
 19253 | D:5      | 19253 ||| Stepping randomly (stuck).
 19273 | D:6      | 19273 ||| PLANNING CONVERSION TO OKAWARU
 19275 | D:5      | 19275 ||| PLANNING D:1-11
 19291 | D:5      | 19291 ||| PLANNING CONVERSION TO OKAWARU
 19291 | D:5      | 19291 ||| PLANNING D:1-11
 19291 | D:5      | 19291 ||| Stepping randomly (stuck).
 19311 | D:6      | 19311 ||| PLANNING CONVERSION TO OKAWARU
 19313 | D:5      | 19313 ||| PLANNING D:1-11
 19329 | D:5      | 19329 ||| PLANNING CONVERSION TO OKAWARU
 19329 | D:5      | 19329 ||| PLANNING D:1-11
 19329 | D:5      | 19329 ||| Stepping randomly (stuck).
 19349 | D:6      | 19349 ||| PLANNING CONVERSION TO OKAWARU
 19351 | D:5      | 19351 ||| PLANNING D:1-11
 19367 | D:5      | 19367 ||| PLANNING CONVERSION TO OKAWARU
 19367 | D:5      | 19367 ||| PLANNING D:1-11
 19367 | D:5      | 19367 ||| Stepping randomly (stuck).
 19387 | D:6      | 19387 ||| PLANNING CONVERSION TO OKAWARU
 19389 | D:5      | 19389 ||| PLANNING D:1-11
 19405 | D:5      | 19405 ||| PLANNING CONVERSION TO OKAWARU
 19405 | D:5      | 19405 ||| PLANNING D:1-11
 19405 | D:5      | 19405 ||| Stepping randomly (stuck).
 19425 | D:6      | 19425 ||| PLANNING CONVERSION TO OKAWARU
 19427 | D:5      | 19427 ||| PLANNING D:1-11
 19443 | D:5      | 19443 ||| PLANNING CONVERSION TO OKAWARU
 19443 | D:5      | 19443 ||| PLANNING D:1-11
 19443 | D:5      | 19443 ||| Stepping randomly (stuck).
 19463 | D:6      | 19463 ||| PLANNING CONVERSION TO OKAWARU
 19465 | D:5      | 19465 ||| PLANNING D:1-11
 19481 | D:5      | 19481 ||| PLANNING CONVERSION TO OKAWARU
 19481 | D:5      | 19481 ||| PLANNING D:1-11
 19481 | D:5      | 19481 ||| Stepping randomly (stuck).
 19501 | D:6      | 19501 ||| PLANNING CONVERSION TO OKAWARU
 19503 | D:5      | 19503 ||| PLANNING D:1-11
 19519 | D:5      | 19519 ||| PLANNING CONVERSION TO OKAWARU
 19519 | D:5      | 19519 ||| PLANNING D:1-11
 19519 | D:5      | 19519 ||| Stepping randomly (stuck).
 19539 | D:6      | 19539 ||| PLANNING CONVERSION TO OKAWARU
 19541 | D:5      | 19541 ||| PLANNING D:1-11
 19557 | D:5      | 19557 ||| PLANNING CONVERSION TO OKAWARU
 19557 | D:5      | 19557 ||| PLANNING D:1-11
 19557 | D:5      | 19557 ||| Stepping randomly (stuck).
 19577 | D:6      | 19577 ||| PLANNING CONVERSION TO OKAWARU
 19579 | D:5      | 19579 ||| PLANNING D:1-11
 19595 | D:5      | 19595 ||| PLANNING CONVERSION TO OKAWARU
 19595 | D:5      | 19595 ||| PLANNING D:1-11
 19595 | D:5      | 19595 ||| Stepping randomly (stuck).
 19615 | D:6      | 19615 ||| PLANNING CONVERSION TO OKAWARU
 19617 | D:5      | 19617 ||| PLANNING D:1-11
 19633 | D:5      | 19633 ||| PLANNING CONVERSION TO OKAWARU
 19633 | D:5      | 19633 ||| PLANNING D:1-11
 19633 | D:5      | 19633 ||| Stepping randomly (stuck).
 19653 | D:6      | 19653 ||| PLANNING CONVERSION TO OKAWARU
 19655 | D:5      | 19655 ||| PLANNING D:1-11
 19671 | D:5      | 19671 ||| PLANNING CONVERSION TO OKAWARU
 19671 | D:5      | 19671 ||| PLANNING D:1-11
 19671 | D:5      | 19671 ||| Stepping randomly (stuck).
 19691 | D:6      | 19691 ||| PLANNING CONVERSION TO OKAWARU
 19693 | D:5      | 19693 ||| PLANNING D:1-11
 19709 | D:5      | 19709 ||| PLANNING CONVERSION TO OKAWARU
 19709 | D:5      | 19709 ||| PLANNING D:1-11
 19709 | D:5      | 19709 ||| Stepping randomly (stuck).
 19729 | D:6      | 19729 ||| PLANNING CONVERSION TO OKAWARU
 19731 | D:5      | 19731 ||| PLANNING D:1-11
 19747 | D:5      | 19747 ||| PLANNING CONVERSION TO OKAWARU
 19747 | D:5      | 19747 ||| PLANNING D:1-11
 19747 | D:5      | 19747 ||| Stepping randomly (stuck).
 19767 | D:6      | 19767 ||| PLANNING CONVERSION TO OKAWARU
 19769 | D:5      | 19769 ||| PLANNING D:1-11
 19785 | D:5      | 19785 ||| PLANNING CONVERSION TO OKAWARU
 19785 | D:5      | 19785 ||| PLANNING D:1-11
 19785 | D:5      | 19785 ||| Stepping randomly (stuck).
 19805 | D:6      | 19805 ||| PLANNING CONVERSION TO OKAWARU
 19807 | D:5      | 19807 ||| PLANNING D:1-11
 19823 | D:5      | 19823 ||| PLANNING CONVERSION TO OKAWARU
 19823 | D:5      | 19823 ||| PLANNING D:1-11
 19823 | D:5      | 19823 ||| Stepping randomly (stuck).
 19843 | D:6      | 19843 ||| PLANNING CONVERSION TO OKAWARU
 19845 | D:5      | 19845 ||| PLANNING D:1-11
 19861 | D:5      | 19861 ||| PLANNING CONVERSION TO OKAWARU
 19861 | D:5      | 19861 ||| PLANNING D:1-11
 19861 | D:5      | 19861 ||| Stepping randomly (stuck).
 19881 | D:6      | 19881 ||| PLANNING CONVERSION TO OKAWARU
 19883 | D:5      | 19883 ||| PLANNING D:1-11
 19899 | D:5      | 19899 ||| PLANNING CONVERSION TO OKAWARU
 19899 | D:5      | 19899 ||| PLANNING D:1-11
 19899 | D:5      | 19899 ||| Stepping randomly (stuck).
 19919 | D:6      | 19919 ||| PLANNING CONVERSION TO OKAWARU
 19921 | D:5      | 19921 ||| PLANNING D:1-11
 19937 | D:5      | 19937 ||| PLANNING CONVERSION TO OKAWARU
 19937 | D:5      | 19937 ||| PLANNING D:1-11
 19937 | D:5      | 19937 ||| Stepping randomly (stuck).
 19957 | D:6      | 19957 ||| PLANNING CONVERSION TO OKAWARU
 19959 | D:5      | 19959 ||| PLANNING D:1-11
 19975 | D:5      | 19975 ||| PLANNING CONVERSION TO OKAWARU
 19975 | D:5      | 19975 ||| PLANNING D:1-11
 19975 | D:5      | 19975 ||| Stepping randomly (stuck).
 19995 | D:6      | 19995 ||| PLANNING CONVERSION TO OKAWARU
 19997 | D:5      | 19997 ||| PLANNING D:1-11
 20013 | D:5      | 20013 ||| PLANNING CONVERSION TO OKAWARU
 20013 | D:5      | 20013 ||| PLANNING D:1-11
 20013 | D:5      | 20013 ||| Stepping randomly (stuck).
 20033 | D:6      | 20033 ||| PLANNING CONVERSION TO OKAWARU
 20035 | D:5      | 20035 ||| PLANNING D:1-11
 20051 | D:5      | 20051 ||| PLANNING CONVERSION TO OKAWARU
 20051 | D:5      | 20051 ||| PLANNING D:1-11
 20051 | D:5      | 20051 ||| Stepping randomly (stuck).
 20071 | D:6      | 20071 ||| PLANNING CONVERSION TO OKAWARU
 20073 | D:5      | 20073 ||| PLANNING D:1-11
 20089 | D:5      | 20089 ||| PLANNING CONVERSION TO OKAWARU
 20089 | D:5      | 20089 ||| PLANNING D:1-11
 20089 | D:5      | 20089 ||| Stepping randomly (stuck).
 20109 | D:6      | 20109 ||| PLANNING CONVERSION TO OKAWARU
 20111 | D:5      | 20111 ||| PLANNING D:1-11
 20127 | D:5      | 20127 ||| PLANNING CONVERSION TO OKAWARU
 20127 | D:5      | 20127 ||| PLANNING D:1-11
 20127 | D:5      | 20127 ||| Stepping randomly (stuck).
 20147 | D:6      | 20147 ||| PLANNING CONVERSION TO OKAWARU
 20149 | D:5      | 20149 ||| PLANNING D:1-11
 20165 | D:5      | 20165 ||| PLANNING CONVERSION TO OKAWARU
 20165 | D:5      | 20165 ||| PLANNING D:1-11
 20165 | D:5      | 20165 ||| Stepping randomly (stuck).
 20185 | D:6      | 20185 ||| PLANNING CONVERSION TO OKAWARU
 20187 | D:5      | 20187 ||| PLANNING D:1-11
 20203 | D:5      | 20203 ||| PLANNING CONVERSION TO OKAWARU
 20203 | D:5      | 20203 ||| PLANNING D:1-11
 20203 | D:5      | 20203 ||| Stepping randomly (stuck).
 20223 | D:6      | 20223 ||| PLANNING CONVERSION TO OKAWARU
 20225 | D:5      | 20225 ||| PLANNING D:1-11
 20241 | D:5      | 20241 ||| PLANNING CONVERSION TO OKAWARU
 20241 | D:5      | 20241 ||| PLANNING D:1-11
 20241 | D:5      | 20241 ||| Stepping randomly (stuck).
 20261 | D:6      | 20261 ||| PLANNING CONVERSION TO OKAWARU
 20263 | D:5      | 20263 ||| PLANNING D:1-11
 20279 | D:5      | 20279 ||| PLANNING CONVERSION TO OKAWARU
 20279 | D:5      | 20279 ||| PLANNING D:1-11
 20279 | D:5      | 20279 ||| Stepping randomly (stuck).
 20299 | D:6      | 20299 ||| PLANNING CONVERSION TO OKAWARU
 20301 | D:5      | 20301 ||| PLANNING D:1-11
 20317 | D:5      | 20317 ||| PLANNING CONVERSION TO OKAWARU
 20317 | D:5      | 20317 ||| PLANNING D:1-11
 20317 | D:5      | 20317 ||| Stepping randomly (stuck).
 20337 | D:6      | 20337 ||| PLANNING CONVERSION TO OKAWARU
 20339 | D:5      | 20339 ||| PLANNING D:1-11
 20355 | D:5      | 20355 ||| PLANNING CONVERSION TO OKAWARU
 20355 | D:5      | 20355 ||| PLANNING D:1-11
 20355 | D:5      | 20355 ||| Stepping randomly (stuck).
 20375 | D:6      | 20375 ||| PLANNING CONVERSION TO OKAWARU
 20377 | D:5      | 20377 ||| PLANNING D:1-11
 20393 | D:5      | 20393 ||| PLANNING CONVERSION TO OKAWARU
 20393 | D:5      | 20393 ||| PLANNING D:1-11
 20393 | D:5      | 20393 ||| Stepping randomly (stuck).
 20413 | D:6      | 20413 ||| PLANNING CONVERSION TO OKAWARU
 20415 | D:5      | 20415 ||| PLANNING D:1-11
 20431 | D:5      | 20431 ||| PLANNING CONVERSION TO OKAWARU
 20431 | D:5      | 20431 ||| PLANNING D:1-11
 20431 | D:5      | 20431 ||| Stepping randomly (stuck).
 20451 | D:6      | 20451 ||| PLANNING CONVERSION TO OKAWARU
 20453 | D:5      | 20453 ||| PLANNING D:1-11
 20469 | D:5      | 20469 ||| PLANNING CONVERSION TO OKAWARU
 20469 | D:5      | 20469 ||| PLANNING D:1-11
 20469 | D:5      | 20469 ||| Stepping randomly (stuck).
 20489 | D:6      | 20489 ||| PLANNING CONVERSION TO OKAWARU
 20491 | D:5      | 20491 ||| PLANNING D:1-11
 20507 | D:5      | 20507 ||| PLANNING CONVERSION TO OKAWARU
 20507 | D:5      | 20507 ||| PLANNING D:1-11
 20507 | D:5      | 20507 ||| Stepping randomly (stuck).
 20527 | D:6      | 20527 ||| PLANNING CONVERSION TO OKAWARU
 20529 | D:5      | 20529 ||| PLANNING D:1-11
 20545 | D:5      | 20545 ||| PLANNING CONVERSION TO OKAWARU
 20545 | D:5      | 20545 ||| PLANNING D:1-11
 20545 | D:5      | 20545 ||| Stepping randomly (stuck).
 20565 | D:6      | 20565 ||| PLANNING CONVERSION TO OKAWARU
 20567 | D:5      | 20567 ||| PLANNING D:1-11
 20583 | D:5      | 20583 ||| PLANNING CONVERSION TO OKAWARU
 20583 | D:5      | 20583 ||| PLANNING D:1-11
 20583 | D:5      | 20583 ||| Stepping randomly (stuck).
 20603 | D:6      | 20603 ||| PLANNING CONVERSION TO OKAWARU
 20605 | D:5      | 20605 ||| PLANNING D:1-11
 20621 | D:5      | 20621 ||| PLANNING CONVERSION TO OKAWARU
 20621 | D:5      | 20621 ||| PLANNING D:1-11
 20621 | D:5      | 20621 ||| Stepping randomly (stuck).
 20641 | D:6      | 20641 ||| PLANNING CONVERSION TO OKAWARU
 20643 | D:5      | 20643 ||| PLANNING D:1-11
 20659 | D:5      | 20659 ||| PLANNING CONVERSION TO OKAWARU
 20659 | D:5      | 20659 ||| PLANNING D:1-11
 20659 | D:5      | 20659 ||| Stepping randomly (stuck).
 20679 | D:6      | 20679 ||| PLANNING CONVERSION TO OKAWARU
 20681 | D:5      | 20681 ||| PLANNING D:1-11
 20697 | D:5      | 20697 ||| PLANNING CONVERSION TO OKAWARU
 20697 | D:5      | 20697 ||| PLANNING D:1-11
 20697 | D:5      | 20697 ||| Stepping randomly (stuck).
 20717 | D:6      | 20717 ||| PLANNING CONVERSION TO OKAWARU
 20719 | D:5      | 20719 ||| PLANNING D:1-11
 20735 | D:5      | 20735 ||| PLANNING CONVERSION TO OKAWARU
 20735 | D:5      | 20735 ||| PLANNING D:1-11
 20735 | D:5      | 20735 ||| Stepping randomly (stuck).
 20755 | D:6      | 20755 ||| PLANNING CONVERSION TO OKAWARU
 20757 | D:5      | 20757 ||| PLANNING D:1-11
 20773 | D:5      | 20773 ||| PLANNING CONVERSION TO OKAWARU
 20773 | D:5      | 20773 ||| PLANNING D:1-11
 20773 | D:5      | 20773 ||| Stepping randomly (stuck).
 20793 | D:6      | 20793 ||| PLANNING CONVERSION TO OKAWARU
 20795 | D:5      | 20795 ||| PLANNING D:1-11
 20811 | D:5      | 20811 ||| PLANNING CONVERSION TO OKAWARU
 20811 | D:5      | 20811 ||| PLANNING D:1-11
 20811 | D:5      | 20811 ||| Stepping randomly (stuck).
 20831 | D:6      | 20831 ||| PLANNING CONVERSION TO OKAWARU
 20833 | D:5      | 20833 ||| PLANNING D:1-11
 20849 | D:5      | 20849 ||| PLANNING CONVERSION TO OKAWARU
 20849 | D:5      | 20849 ||| PLANNING D:1-11
 20849 | D:5      | 20849 ||| Stepping randomly (stuck).
 20869 | D:6      | 20869 ||| PLANNING CONVERSION TO OKAWARU
 20871 | D:5      | 20871 ||| PLANNING D:1-11
 20887 | D:5      | 20887 ||| PLANNING CONVERSION TO OKAWARU
 20887 | D:5      | 20887 ||| PLANNING D:1-11
 20887 | D:5      | 20887 ||| Stepping randomly (stuck).
 20907 | D:6      | 20907 ||| PLANNING CONVERSION TO OKAWARU
 20909 | D:5      | 20909 ||| PLANNING D:1-11
 20925 | D:5      | 20925 ||| PLANNING CONVERSION TO OKAWARU
 20925 | D:5      | 20925 ||| PLANNING D:1-11
 20925 | D:5      | 20925 ||| Stepping randomly (stuck).
 20945 | D:6      | 20945 ||| PLANNING CONVERSION TO OKAWARU
 20947 | D:5      | 20947 ||| PLANNING D:1-11
 20963 | D:5      | 20963 ||| PLANNING CONVERSION TO OKAWARU
 20963 | D:5      | 20963 ||| PLANNING D:1-11
 20963 | D:5      | 20963 ||| Stepping randomly (stuck).
 20983 | D:6      | 20983 ||| PLANNING CONVERSION TO OKAWARU
 20985 | D:5      | 20985 ||| PLANNING D:1-11
 21001 | D:5      | 21001 ||| PLANNING CONVERSION TO OKAWARU
 21001 | D:5      | 21001 ||| PLANNING D:1-11
 21001 | D:5      | 21001 ||| Stepping randomly (stuck).
 21021 | D:6      | 21021 ||| PLANNING CONVERSION TO OKAWARU
 21023 | D:5      | 21023 ||| PLANNING D:1-11
 21039 | D:5      | 21039 ||| PLANNING CONVERSION TO OKAWARU
 21039 | D:5      | 21039 ||| PLANNING D:1-11
 21039 | D:5      | 21039 ||| Stepping randomly (stuck).
 21059 | D:6      | 21059 ||| PLANNING CONVERSION TO OKAWARU
 21061 | D:5      | 21061 ||| PLANNING D:1-11
 21077 | D:5      | 21077 ||| PLANNING CONVERSION TO OKAWARU
 21077 | D:5      | 21077 ||| PLANNING D:1-11
 21077 | D:5      | 21077 ||| Stepping randomly (stuck).
 21097 | D:6      | 21097 ||| PLANNING CONVERSION TO OKAWARU
 21099 | D:5      | 21099 ||| PLANNING D:1-11
 21115 | D:5      | 21115 ||| PLANNING CONVERSION TO OKAWARU
 21115 | D:5      | 21115 ||| PLANNING D:1-11
 21115 | D:5      | 21115 ||| Stepping randomly (stuck).
 21135 | D:6      | 21135 ||| PLANNING CONVERSION TO OKAWARU
 21137 | D:5      | 21137 ||| PLANNING D:1-11
 21153 | D:5      | 21153 ||| PLANNING CONVERSION TO OKAWARU
 21153 | D:5      | 21153 ||| PLANNING D:1-11
 21153 | D:5      | 21153 ||| Stepping randomly (stuck).
 21173 | D:6      | 21173 ||| PLANNING CONVERSION TO OKAWARU
 21175 | D:5      | 21175 ||| PLANNING D:1-11
 21191 | D:5      | 21191 ||| PLANNING CONVERSION TO OKAWARU
 21191 | D:5      | 21191 ||| PLANNING D:1-11
 21191 | D:5      | 21191 ||| Stepping randomly (stuck).
 21211 | D:6      | 21211 ||| PLANNING CONVERSION TO OKAWARU
 21213 | D:5      | 21213 ||| PLANNING D:1-11
 21229 | D:5      | 21229 ||| PLANNING CONVERSION TO OKAWARU
 21229 | D:5      | 21229 ||| PLANNING D:1-11
 21229 | D:5      | 21229 ||| Stepping randomly (stuck).
 21249 | D:6      | 21249 ||| PLANNING CONVERSION TO OKAWARU
 21251 | D:5      | 21251 ||| PLANNING D:1-11
 21267 | D:5      | 21267 ||| PLANNING CONVERSION TO OKAWARU
 21267 | D:5      | 21267 ||| PLANNING D:1-11
 21267 | D:5      | 21267 ||| Stepping randomly (stuck).
 21287 | D:6      | 21287 ||| PLANNING CONVERSION TO OKAWARU
 21289 | D:5      | 21289 ||| PLANNING D:1-11
 21305 | D:5      | 21305 ||| PLANNING CONVERSION TO OKAWARU
 21305 | D:5      | 21305 ||| PLANNING D:1-11
 21305 | D:5      | 21305 ||| Stepping randomly (stuck).
 21325 | D:6      | 21325 ||| PLANNING CONVERSION TO OKAWARU
 21327 | D:5      | 21327 ||| PLANNING D:1-11
 21343 | D:5      | 21343 ||| PLANNING CONVERSION TO OKAWARU
 21343 | D:5      | 21343 ||| PLANNING D:1-11
 21343 | D:5      | 21343 ||| Stepping randomly (stuck).
 21363 | D:6      | 21363 ||| PLANNING CONVERSION TO OKAWARU
 21365 | D:5      | 21365 ||| PLANNING D:1-11
 21381 | D:5      | 21381 ||| PLANNING CONVERSION TO OKAWARU
 21381 | D:5      | 21381 ||| PLANNING D:1-11
 21381 | D:5      | 21381 ||| Stepping randomly (stuck).
 21401 | D:6      | 21401 ||| PLANNING CONVERSION TO OKAWARU
 21403 | D:5      | 21403 ||| PLANNING D:1-11
 21419 | D:5      | 21419 ||| PLANNING CONVERSION TO OKAWARU
 21419 | D:5      | 21419 ||| PLANNING D:1-11
 21419 | D:5      | 21419 ||| Stepping randomly (stuck).
 21439 | D:6      | 21439 ||| PLANNING CONVERSION TO OKAWARU
 21441 | D:5      | 21441 ||| PLANNING D:1-11
 21457 | D:5      | 21457 ||| PLANNING CONVERSION TO OKAWARU
 21457 | D:5      | 21457 ||| PLANNING D:1-11
 21457 | D:5      | 21457 ||| Stepping randomly (stuck).
 21477 | D:6      | 21477 ||| PLANNING CONVERSION TO OKAWARU
 21479 | D:5      | 21479 ||| PLANNING D:1-11
 21495 | D:5      | 21495 ||| PLANNING CONVERSION TO OKAWARU
 21495 | D:5      | 21495 ||| PLANNING D:1-11
 21495 | D:5      | 21495 ||| Stepping randomly (stuck).
 21515 | D:6      | 21515 ||| PLANNING CONVERSION TO OKAWARU
 21517 | D:5      | 21517 ||| PLANNING D:1-11
 21533 | D:5      | 21533 ||| PLANNING CONVERSION TO OKAWARU
 21533 | D:5      | 21533 ||| PLANNING D:1-11
 21533 | D:5      | 21533 ||| Stepping randomly (stuck).
 21553 | D:6      | 21553 ||| PLANNING CONVERSION TO OKAWARU
 21555 | D:5      | 21555 ||| PLANNING D:1-11
 21571 | D:5      | 21571 ||| PLANNING CONVERSION TO OKAWARU
 21571 | D:5      | 21571 ||| PLANNING D:1-11
 21571 | D:5      | 21571 ||| Stepping randomly (stuck).
 21591 | D:6      | 21591 ||| PLANNING CONVERSION TO OKAWARU
 21593 | D:5      | 21593 ||| PLANNING D:1-11
 21609 | D:5      | 21609 ||| PLANNING CONVERSION TO OKAWARU
 21609 | D:5      | 21609 ||| PLANNING D:1-11
 21609 | D:5      | 21609 ||| Stepping randomly (stuck).
 21629 | D:6      | 21629 ||| PLANNING CONVERSION TO OKAWARU
 21631 | D:5      | 21631 ||| PLANNING D:1-11
 21647 | D:5      | 21647 ||| PLANNING CONVERSION TO OKAWARU
 21647 | D:5      | 21647 ||| PLANNING D:1-11
 21647 | D:5      | 21647 ||| Stepping randomly (stuck).
 21667 | D:6      | 21667 ||| PLANNING CONVERSION TO OKAWARU
 21669 | D:5      | 21669 ||| PLANNING D:1-11
 21685 | D:5      | 21685 ||| PLANNING CONVERSION TO OKAWARU
 21685 | D:5      | 21685 ||| PLANNING D:1-11
 21685 | D:5      | 21685 ||| Stepping randomly (stuck).
 21705 | D:6      | 21705 ||| PLANNING CONVERSION TO OKAWARU
 21707 | D:5      | 21707 ||| PLANNING D:1-11
 21723 | D:5      | 21723 ||| PLANNING CONVERSION TO OKAWARU
 21723 | D:5      | 21723 ||| PLANNING D:1-11
 21723 | D:5      | 21723 ||| Stepping randomly (stuck).
 21743 | D:6      | 21743 ||| PLANNING CONVERSION TO OKAWARU
 21745 | D:5      | 21745 ||| PLANNING D:1-11
 21761 | D:5      | 21761 ||| PLANNING CONVERSION TO OKAWARU
 21761 | D:5      | 21761 ||| PLANNING D:1-11
 21761 | D:5      | 21761 ||| Stepping randomly (stuck).
 21781 | D:6      | 21781 ||| PLANNING CONVERSION TO OKAWARU
 21783 | D:5      | 21783 ||| PLANNING D:1-11
 21799 | D:5      | 21799 ||| PLANNING CONVERSION TO OKAWARU
 21799 | D:5      | 21799 ||| PLANNING D:1-11
 21799 | D:5      | 21799 ||| Stepping randomly (stuck).
 21819 | D:6      | 21819 ||| PLANNING CONVERSION TO OKAWARU
 21821 | D:5      | 21821 ||| PLANNING D:1-11
 21837 | D:5      | 21837 ||| PLANNING CONVERSION TO OKAWARU
 21837 | D:5      | 21837 ||| PLANNING D:1-11
 21837 | D:5      | 21837 ||| Stepping randomly (stuck).
 21857 | D:6      | 21857 ||| PLANNING CONVERSION TO OKAWARU
 21859 | D:5      | 21859 ||| PLANNING D:1-11
 21875 | D:5      | 21875 ||| PLANNING CONVERSION TO OKAWARU
 21875 | D:5      | 21875 ||| PLANNING D:1-11
 21875 | D:5      | 21875 ||| Stepping randomly (stuck).
 21895 | D:6      | 21895 ||| PLANNING CONVERSION TO OKAWARU
 21897 | D:5      | 21897 ||| PLANNING D:1-11
 21913 | D:5      | 21913 ||| PLANNING CONVERSION TO OKAWARU
 21913 | D:5      | 21913 ||| PLANNING D:1-11
 21913 | D:5      | 21913 ||| Stepping randomly (stuck).
 21933 | D:6      | 21933 ||| PLANNING CONVERSION TO OKAWARU
 21935 | D:5      | 21935 ||| PLANNING D:1-11
 21951 | D:5      | 21951 ||| PLANNING CONVERSION TO OKAWARU
 21951 | D:5      | 21951 ||| PLANNING D:1-11
 21951 | D:5      | 21951 ||| Stepping randomly (stuck).
 21971 | D:6      | 21971 ||| PLANNING CONVERSION TO OKAWARU
 21973 | D:5      | 21973 ||| PLANNING D:1-11
 21989 | D:5      | 21989 ||| PLANNING CONVERSION TO OKAWARU
 21989 | D:5      | 21989 ||| PLANNING D:1-11
 21989 | D:5      | 21989 ||| Stepping randomly (stuck).
 22009 | D:6      | 22009 ||| PLANNING CONVERSION TO OKAWARU
 22011 | D:5      | 22011 ||| PLANNING D:1-11
 22027 | D:5      | 22027 ||| PLANNING CONVERSION TO OKAWARU
 22027 | D:5      | 22027 ||| PLANNING D:1-11
 22027 | D:5      | 22027 ||| Stepping randomly (stuck).
 22047 | D:6      | 22047 ||| PLANNING CONVERSION TO OKAWARU
 22049 | D:5      | 22049 ||| PLANNING D:1-11
 22065 | D:5      | 22065 ||| PLANNING CONVERSION TO OKAWARU
 22065 | D:5      | 22065 ||| PLANNING D:1-11
 22065 | D:5      | 22065 ||| Stepping randomly (stuck).
 22085 | D:6      | 22085 ||| PLANNING CONVERSION TO OKAWARU
 22087 | D:5      | 22087 ||| PLANNING D:1-11
 22103 | D:5      | 22103 ||| PLANNING CONVERSION TO OKAWARU
 22103 | D:5      | 22103 ||| PLANNING D:1-11
 22103 | D:5      | 22103 ||| Stepping randomly (stuck).
 22123 | D:6      | 22123 ||| PLANNING CONVERSION TO OKAWARU
 22125 | D:5      | 22125 ||| PLANNING D:1-11
 22141 | D:5      | 22141 ||| PLANNING CONVERSION TO OKAWARU
 22141 | D:5      | 22141 ||| PLANNING D:1-11
 22141 | D:5      | 22141 ||| Stepping randomly (stuck).
 22161 | D:6      | 22161 ||| PLANNING CONVERSION TO OKAWARU
 22163 | D:5      | 22163 ||| PLANNING D:1-11
 22179 | D:5      | 22179 ||| PLANNING CONVERSION TO OKAWARU
 22179 | D:5      | 22179 ||| PLANNING D:1-11
 22179 | D:5      | 22179 ||| Stepping randomly (stuck).
 22199 | D:6      | 22199 ||| PLANNING CONVERSION TO OKAWARU
 22201 | D:5      | 22201 ||| PLANNING D:1-11
 22217 | D:5      | 22217 ||| PLANNING CONVERSION TO OKAWARU
 22217 | D:5      | 22217 ||| PLANNING D:1-11
 22217 | D:5      | 22217 ||| Stepping randomly (stuck).
 22237 | D:6      | 22237 ||| PLANNING CONVERSION TO OKAWARU
 22239 | D:5      | 22239 ||| PLANNING D:1-11
 22255 | D:5      | 22255 ||| PLANNING CONVERSION TO OKAWARU
 22255 | D:5      | 22255 ||| PLANNING D:1-11
 22255 | D:5      | 22255 ||| Stepping randomly (stuck).
 22275 | D:6      | 22275 ||| PLANNING CONVERSION TO OKAWARU
 22277 | D:5      | 22277 ||| PLANNING D:1-11
 22293 | D:5      | 22293 ||| PLANNING CONVERSION TO OKAWARU
 22293 | D:5      | 22293 ||| PLANNING D:1-11
 22293 | D:5      | 22293 ||| Stepping randomly (stuck).
 22313 | D:6      | 22313 ||| PLANNING CONVERSION TO OKAWARU
 22315 | D:5      | 22315 ||| PLANNING D:1-11
 22331 | D:5      | 22331 ||| PLANNING CONVERSION TO OKAWARU
 22331 | D:5      | 22331 ||| PLANNING D:1-11
 22331 | D:5      | 22331 ||| Stepping randomly (stuck).
 22351 | D:6      | 22351 ||| PLANNING CONVERSION TO OKAWARU
 22353 | D:5      | 22353 ||| PLANNING D:1-11
 22369 | D:5      | 22369 ||| PLANNING CONVERSION TO OKAWARU
 22369 | D:5      | 22369 ||| PLANNING D:1-11
 22369 | D:5      | 22369 ||| Stepping randomly (stuck).
 22389 | D:6      | 22389 ||| PLANNING CONVERSION TO OKAWARU
 22391 | D:5      | 22391 ||| PLANNING D:1-11
 22407 | D:5      | 22407 ||| PLANNING CONVERSION TO OKAWARU
 22407 | D:5      | 22407 ||| PLANNING D:1-11
 22407 | D:5      | 22407 ||| Stepping randomly (stuck).
 22427 | D:6      | 22427 ||| PLANNING CONVERSION TO OKAWARU
 22429 | D:5      | 22429 ||| PLANNING D:1-11
 22445 | D:5      | 22445 ||| PLANNING CONVERSION TO OKAWARU
 22445 | D:5      | 22445 ||| PLANNING D:1-11
 22445 | D:5      | 22445 ||| Stepping randomly (stuck).
 22465 | D:6      | 22465 ||| PLANNING CONVERSION TO OKAWARU
 22467 | D:5      | 22467 ||| PLANNING D:1-11
 22483 | D:5      | 22483 ||| PLANNING CONVERSION TO OKAWARU
 22483 | D:5      | 22483 ||| PLANNING D:1-11
 22483 | D:5      | 22483 ||| Stepping randomly (stuck).
 22503 | D:6      | 22503 ||| PLANNING CONVERSION TO OKAWARU
 22505 | D:5      | 22505 ||| PLANNING D:1-11
 22521 | D:5      | 22521 ||| PLANNING CONVERSION TO OKAWARU
 22521 | D:5      | 22521 ||| PLANNING D:1-11
 22521 | D:5      | 22521 ||| Stepping randomly (stuck).
 22541 | D:6      | 22541 ||| PLANNING CONVERSION TO OKAWARU
 22543 | D:5      | 22543 ||| PLANNING D:1-11
 22559 | D:5      | 22559 ||| PLANNING CONVERSION TO OKAWARU
 22559 | D:5      | 22559 ||| PLANNING D:1-11
 22559 | D:5      | 22559 ||| Stepping randomly (stuck).
 22579 | D:6      | 22579 ||| PLANNING CONVERSION TO OKAWARU
 22581 | D:5      | 22581 ||| PLANNING D:1-11
 22597 | D:5      | 22597 ||| PLANNING CONVERSION TO OKAWARU
 22597 | D:5      | 22597 ||| PLANNING D:1-11
 22597 | D:5      | 22597 ||| Stepping randomly (stuck).
 22617 | D:6      | 22617 ||| PLANNING CONVERSION TO OKAWARU
 22619 | D:5      | 22619 ||| PLANNING D:1-11
 22635 | D:5      | 22635 ||| PLANNING CONVERSION TO OKAWARU
 22635 | D:5      | 22635 ||| PLANNING D:1-11
 22635 | D:5      | 22635 ||| Stepping randomly (stuck).
 22655 | D:6      | 22655 ||| PLANNING CONVERSION TO OKAWARU
 22657 | D:5      | 22657 ||| PLANNING D:1-11
 22673 | D:5      | 22673 ||| PLANNING CONVERSION TO OKAWARU
 22673 | D:5      | 22673 ||| PLANNING D:1-11
 22673 | D:5      | 22673 ||| Stepping randomly (stuck).
 22693 | D:6      | 22693 ||| PLANNING CONVERSION TO OKAWARU
 22695 | D:5      | 22695 ||| PLANNING D:1-11
 22711 | D:5      | 22711 ||| PLANNING CONVERSION TO OKAWARU
 22711 | D:5      | 22711 ||| PLANNING D:1-11
 22711 | D:5      | 22711 ||| Stepping randomly (stuck).
 22731 | D:6      | 22731 ||| PLANNING CONVERSION TO OKAWARU
 22733 | D:5      | 22733 ||| PLANNING D:1-11
 22749 | D:5      | 22749 ||| PLANNING CONVERSION TO OKAWARU
 22749 | D:5      | 22749 ||| PLANNING D:1-11
 22749 | D:5      | 22749 ||| Stepping randomly (stuck).
 22769 | D:6      | 22769 ||| PLANNING CONVERSION TO OKAWARU
 22771 | D:5      | 22771 ||| PLANNING D:1-11
 22787 | D:5      | 22787 ||| PLANNING CONVERSION TO OKAWARU
 22787 | D:5      | 22787 ||| PLANNING D:1-11
 22787 | D:5      | 22787 ||| Stepping randomly (stuck).
 22807 | D:6      | 22807 ||| PLANNING CONVERSION TO OKAWARU
 22809 | D:5      | 22809 ||| PLANNING D:1-11
 22825 | D:5      | 22825 ||| PLANNING CONVERSION TO OKAWARU
 22825 | D:5      | 22825 ||| PLANNING D:1-11
 22825 | D:5      | 22825 ||| Stepping randomly (stuck).
 22845 | D:6      | 22845 ||| PLANNING CONVERSION TO OKAWARU
 22847 | D:5      | 22847 ||| PLANNING D:1-11
 22863 | D:5      | 22863 ||| PLANNING CONVERSION TO OKAWARU
 22863 | D:5      | 22863 ||| PLANNING D:1-11
 22863 | D:5      | 22863 ||| Stepping randomly (stuck).
 22883 | D:6      | 22883 ||| PLANNING CONVERSION TO OKAWARU
 22885 | D:5      | 22885 ||| PLANNING D:1-11
 22901 | D:5      | 22901 ||| PLANNING CONVERSION TO OKAWARU
 22901 | D:5      | 22901 ||| PLANNING D:1-11
 22901 | D:5      | 22901 ||| Stepping randomly (stuck).
 22921 | D:6      | 22921 ||| PLANNING CONVERSION TO OKAWARU
 22923 | D:5      | 22923 ||| PLANNING D:1-11
 22939 | D:5      | 22939 ||| PLANNING CONVERSION TO OKAWARU
 22939 | D:5      | 22939 ||| PLANNING D:1-11
 22939 | D:5      | 22939 ||| Stepping randomly (stuck).
 22959 | D:6      | 22959 ||| PLANNING CONVERSION TO OKAWARU
 22961 | D:5      | 22961 ||| PLANNING D:1-11
 22977 | D:5      | 22977 ||| PLANNING CONVERSION TO OKAWARU
 22977 | D:5      | 22977 ||| PLANNING D:1-11
 22977 | D:5      | 22977 ||| Stepping randomly (stuck).
 22997 | D:6      | 22997 ||| PLANNING CONVERSION TO OKAWARU
 22999 | D:5      | 22999 ||| PLANNING D:1-11
 23015 | D:5      | 23015 ||| PLANNING CONVERSION TO OKAWARU
 23015 | D:5      | 23015 ||| PLANNING D:1-11
 23015 | D:5      | 23015 ||| Stepping randomly (stuck).
 23035 | D:6      | 23035 ||| PLANNING CONVERSION TO OKAWARU
 23037 | D:5      | 23037 ||| PLANNING D:1-11
 23053 | D:5      | 23053 ||| PLANNING CONVERSION TO OKAWARU
 23053 | D:5      | 23053 ||| PLANNING D:1-11
 23053 | D:5      | 23053 ||| Stepping randomly (stuck).
 23073 | D:6      | 23073 ||| PLANNING CONVERSION TO OKAWARU
 23075 | D:5      | 23075 ||| PLANNING D:1-11
 23091 | D:5      | 23091 ||| PLANNING CONVERSION TO OKAWARU
 23091 | D:5      | 23091 ||| PLANNING D:1-11
 23091 | D:5      | 23091 ||| Stepping randomly (stuck).
 23111 | D:6      | 23111 ||| PLANNING CONVERSION TO OKAWARU
 23113 | D:5      | 23113 ||| PLANNING D:1-11
 23129 | D:5      | 23129 ||| PLANNING CONVERSION TO OKAWARU
 23129 | D:5      | 23129 ||| PLANNING D:1-11
 23129 | D:5      | 23129 ||| Stepping randomly (stuck).
 23149 | D:6      | 23149 ||| PLANNING CONVERSION TO OKAWARU
 23151 | D:5      | 23151 ||| PLANNING D:1-11
 23167 | D:5      | 23167 ||| PLANNING CONVERSION TO OKAWARU
 23167 | D:5      | 23167 ||| PLANNING D:1-11
 23167 | D:5      | 23167 ||| Stepping randomly (stuck).
 23187 | D:6      | 23187 ||| PLANNING CONVERSION TO OKAWARU
 23189 | D:5      | 23189 ||| PLANNING D:1-11
 23205 | D:5      | 23205 ||| PLANNING CONVERSION TO OKAWARU
 23205 | D:5      | 23205 ||| PLANNING D:1-11
 23205 | D:5      | 23205 ||| Stepping randomly (stuck).
 23225 | D:6      | 23225 ||| PLANNING CONVERSION TO OKAWARU
 23227 | D:5      | 23227 ||| PLANNING D:1-11
 23243 | D:5      | 23243 ||| PLANNING CONVERSION TO OKAWARU
 23243 | D:5      | 23243 ||| PLANNING D:1-11
 23243 | D:5      | 23243 ||| Stepping randomly (stuck).
 23263 | D:6      | 23263 ||| PLANNING CONVERSION TO OKAWARU
 23265 | D:5      | 23265 ||| PLANNING D:1-11
 23281 | D:5      | 23281 ||| PLANNING CONVERSION TO OKAWARU
 23281 | D:5      | 23281 ||| PLANNING D:1-11
 23281 | D:5      | 23281 ||| Stepping randomly (stuck).
 23301 | D:6      | 23301 ||| PLANNING CONVERSION TO OKAWARU
 23303 | D:5      | 23303 ||| PLANNING D:1-11
 23319 | D:5      | 23319 ||| PLANNING CONVERSION TO OKAWARU
 23319 | D:5      | 23319 ||| PLANNING D:1-11
 23319 | D:5      | 23319 ||| Stepping randomly (stuck).
 23339 | D:6      | 23339 ||| PLANNING CONVERSION TO OKAWARU
 23341 | D:5      | 23341 ||| PLANNING D:1-11
 23357 | D:5      | 23357 ||| PLANNING CONVERSION TO OKAWARU
 23357 | D:5      | 23357 ||| PLANNING D:1-11
 23357 | D:5      | 23357 ||| Stepping randomly (stuck).
 23377 | D:6      | 23377 ||| PLANNING CONVERSION TO OKAWARU
 23379 | D:5      | 23379 ||| PLANNING D:1-11
 23395 | D:5      | 23395 ||| PLANNING CONVERSION TO OKAWARU
 23395 | D:5      | 23395 ||| PLANNING D:1-11
 23395 | D:5      | 23395 ||| Stepping randomly (stuck).
 23415 | D:6      | 23415 ||| PLANNING CONVERSION TO OKAWARU
 23417 | D:5      | 23417 ||| PLANNING D:1-11
 23433 | D:5      | 23433 ||| PLANNING CONVERSION TO OKAWARU
 23433 | D:5      | 23433 ||| PLANNING D:1-11
 23433 | D:5      | 23433 ||| Stepping randomly (stuck).
 23453 | D:6      | 23453 ||| PLANNING CONVERSION TO OKAWARU
 23455 | D:5      | 23455 ||| PLANNING D:1-11
 23471 | D:5      | 23471 ||| PLANNING CONVERSION TO OKAWARU
 23471 | D:5      | 23471 ||| PLANNING D:1-11
 23471 | D:5      | 23471 ||| Stepping randomly (stuck).
 23491 | D:6      | 23491 ||| PLANNING CONVERSION TO OKAWARU
 23493 | D:5      | 23493 ||| PLANNING D:1-11
 23509 | D:5      | 23509 ||| PLANNING CONVERSION TO OKAWARU
 23509 | D:5      | 23509 ||| PLANNING D:1-11
 23509 | D:5      | 23509 ||| Stepping randomly (stuck).
 23529 | D:6      | 23529 ||| PLANNING CONVERSION TO OKAWARU
 23531 | D:5      | 23531 ||| PLANNING D:1-11
 23547 | D:5      | 23547 ||| PLANNING CONVERSION TO OKAWARU
 23547 | D:5      | 23547 ||| PLANNING D:1-11
 23547 | D:5      | 23547 ||| Stepping randomly (stuck).
 23567 | D:6      | 23567 ||| PLANNING CONVERSION TO OKAWARU
 23569 | D:5      | 23569 ||| PLANNING D:1-11
 23585 | D:5      | 23585 ||| PLANNING CONVERSION TO OKAWARU
 23585 | D:5      | 23585 ||| PLANNING D:1-11
 23585 | D:5      | 23585 ||| Stepping randomly (stuck).
 23605 | D:6      | 23605 ||| PLANNING CONVERSION TO OKAWARU
 23607 | D:5      | 23607 ||| PLANNING D:1-11
 23623 | D:5      | 23623 ||| PLANNING CONVERSION TO OKAWARU
 23623 | D:5      | 23623 ||| PLANNING D:1-11
 23623 | D:5      | 23623 ||| Stepping randomly (stuck).
 23643 | D:6      | 23643 ||| PLANNING CONVERSION TO OKAWARU
 23645 | D:5      | 23645 ||| PLANNING D:1-11
 23661 | D:5      | 23661 ||| PLANNING CONVERSION TO OKAWARU
 23661 | D:5      | 23661 ||| PLANNING D:1-11
 23661 | D:5      | 23661 ||| Stepping randomly (stuck).
 23681 | D:6      | 23681 ||| PLANNING CONVERSION TO OKAWARU
 23683 | D:5      | 23683 ||| PLANNING D:1-11
 23699 | D:5      | 23699 ||| PLANNING CONVERSION TO OKAWARU
 23699 | D:5      | 23699 ||| PLANNING D:1-11
 23699 | D:5      | 23699 ||| Stepping randomly (stuck).
 23719 | D:6      | 23719 ||| PLANNING CONVERSION TO OKAWARU
 23721 | D:5      | 23721 ||| PLANNING D:1-11
 23737 | D:5      | 23737 ||| PLANNING CONVERSION TO OKAWARU
 23737 | D:5      | 23737 ||| PLANNING D:1-11
 23737 | D:5      | 23737 ||| Stepping randomly (stuck).
 23757 | D:6      | 23757 ||| PLANNING CONVERSION TO OKAWARU
 23759 | D:5      | 23759 ||| PLANNING D:1-11
 23775 | D:5      | 23775 ||| PLANNING CONVERSION TO OKAWARU
 23775 | D:5      | 23775 ||| PLANNING D:1-11
 23775 | D:5      | 23775 ||| Stepping randomly (stuck).
 23795 | D:6      | 23795 ||| PLANNING CONVERSION TO OKAWARU
 23797 | D:5      | 23797 ||| PLANNING D:1-11
 23813 | D:5      | 23813 ||| PLANNING CONVERSION TO OKAWARU
 23813 | D:5      | 23813 ||| PLANNING D:1-11
 23813 | D:5      | 23813 ||| Stepping randomly (stuck).
 23833 | D:6      | 23833 ||| PLANNING CONVERSION TO OKAWARU
 23835 | D:5      | 23835 ||| PLANNING D:1-11
 23851 | D:5      | 23851 ||| PLANNING CONVERSION TO OKAWARU
 23851 | D:5      | 23851 ||| PLANNING D:1-11
 23851 | D:5      | 23851 ||| Stepping randomly (stuck).
 23871 | D:6      | 23871 ||| PLANNING CONVERSION TO OKAWARU
 23873 | D:5      | 23873 ||| PLANNING D:1-11
 23889 | D:5      | 23889 ||| PLANNING CONVERSION TO OKAWARU
 23889 | D:5      | 23889 ||| PLANNING D:1-11
 23889 | D:5      | 23889 ||| Stepping randomly (stuck).
 23909 | D:6      | 23909 ||| PLANNING CONVERSION TO OKAWARU
 23911 | D:5      | 23911 ||| PLANNING D:1-11
 23927 | D:5      | 23927 ||| PLANNING CONVERSION TO OKAWARU
 23927 | D:5      | 23927 ||| PLANNING D:1-11
 23927 | D:5      | 23927 ||| Stepping randomly (stuck).
 23947 | D:6      | 23947 ||| PLANNING CONVERSION TO OKAWARU
 23949 | D:5      | 23949 ||| PLANNING D:1-11
 23965 | D:5      | 23965 ||| PLANNING CONVERSION TO OKAWARU
 23965 | D:5      | 23965 ||| PLANNING D:1-11
 23965 | D:5      | 23965 ||| Stepping randomly (stuck).
 23985 | D:6      | 23985 ||| PLANNING CONVERSION TO OKAWARU
 23987 | D:5      | 23987 ||| PLANNING D:1-11
 24003 | D:5      | 24003 ||| PLANNING CONVERSION TO OKAWARU
 24003 | D:5      | 24003 ||| PLANNING D:1-11
 24003 | D:5      | 24003 ||| Stepping randomly (stuck).
 24023 | D:6      | 24023 ||| PLANNING CONVERSION TO OKAWARU
 24025 | D:5      | 24025 ||| PLANNING D:1-11
 24041 | D:5      | 24041 ||| PLANNING CONVERSION TO OKAWARU
 24041 | D:5      | 24041 ||| PLANNING D:1-11
 24041 | D:5      | 24041 ||| Stepping randomly (stuck).
 24061 | D:6      | 24061 ||| PLANNING CONVERSION TO OKAWARU
 24063 | D:5      | 24063 ||| PLANNING D:1-11
 24079 | D:5      | 24079 ||| PLANNING CONVERSION TO OKAWARU
 24079 | D:5      | 24079 ||| PLANNING D:1-11
 24079 | D:5      | 24079 ||| Stepping randomly (stuck).
 24099 | D:6      | 24099 ||| PLANNING CONVERSION TO OKAWARU
 24101 | D:5      | 24101 ||| PLANNING D:1-11
 24117 | D:5      | 24117 ||| PLANNING CONVERSION TO OKAWARU
 24117 | D:5      | 24117 ||| PLANNING D:1-11
 24117 | D:5      | 24117 ||| Stepping randomly (stuck).
 24137 | D:6      | 24137 ||| PLANNING CONVERSION TO OKAWARU
 24139 | D:5      | 24139 ||| PLANNING D:1-11
 24155 | D:5      | 24155 ||| PLANNING CONVERSION TO OKAWARU
 24155 | D:5      | 24155 ||| PLANNING D:1-11
 24155 | D:5      | 24155 ||| Stepping randomly (stuck).
 24175 | D:6      | 24175 ||| PLANNING CONVERSION TO OKAWARU
 24177 | D:5      | 24177 ||| PLANNING D:1-11
 24193 | D:5      | 24193 ||| PLANNING CONVERSION TO OKAWARU
 24193 | D:5      | 24193 ||| PLANNING D:1-11
 24193 | D:5      | 24193 ||| Stepping randomly (stuck).
 24213 | D:6      | 24213 ||| PLANNING CONVERSION TO OKAWARU
 24215 | D:5      | 24215 ||| PLANNING D:1-11
 24231 | D:5      | 24231 ||| PLANNING CONVERSION TO OKAWARU
 24231 | D:5      | 24231 ||| PLANNING D:1-11
 24231 | D:5      | 24231 ||| Stepping randomly (stuck).
 24251 | D:6      | 24251 ||| PLANNING CONVERSION TO OKAWARU
 24253 | D:5      | 24253 ||| PLANNING D:1-11
 24269 | D:5      | 24269 ||| PLANNING CONVERSION TO OKAWARU
 24269 | D:5      | 24269 ||| PLANNING D:1-11
 24269 | D:5      | 24269 ||| Stepping randomly (stuck).
 24289 | D:6      | 24289 ||| PLANNING CONVERSION TO OKAWARU
 24291 | D:5      | 24291 ||| PLANNING D:1-11
 24307 | D:5      | 24307 ||| PLANNING CONVERSION TO OKAWARU
 24307 | D:5      | 24307 ||| PLANNING D:1-11
 24307 | D:5      | 24307 ||| Stepping randomly (stuck).
 24327 | D:6      | 24327 ||| PLANNING CONVERSION TO OKAWARU
 24329 | D:5      | 24329 ||| PLANNING D:1-11
 24345 | D:5      | 24345 ||| PLANNING CONVERSION TO OKAWARU
 24345 | D:5      | 24345 ||| PLANNING D:1-11
 24345 | D:5      | 24345 ||| Stepping randomly (stuck).
 24365 | D:6      | 24365 ||| PLANNING CONVERSION TO OKAWARU
 24367 | D:5      | 24367 ||| PLANNING D:1-11
 24383 | D:5      | 24383 ||| PLANNING CONVERSION TO OKAWARU
 24383 | D:5      | 24383 ||| PLANNING D:1-11
 24383 | D:5      | 24383 ||| Stepping randomly (stuck).
 24403 | D:6      | 24403 ||| PLANNING CONVERSION TO OKAWARU
 24405 | D:5      | 24405 ||| PLANNING D:1-11
 24421 | D:5      | 24421 ||| PLANNING CONVERSION TO OKAWARU
 24421 | D:5      | 24421 ||| PLANNING D:1-11
 24421 | D:5      | 24421 ||| Stepping randomly (stuck).
 24441 | D:6      | 24441 ||| PLANNING CONVERSION TO OKAWARU
 24443 | D:5      | 24443 ||| PLANNING D:1-11
 24459 | D:5      | 24459 ||| PLANNING CONVERSION TO OKAWARU
 24459 | D:5      | 24459 ||| PLANNING D:1-11
 24459 | D:5      | 24459 ||| Stepping randomly (stuck).
 24479 | D:6      | 24479 ||| PLANNING CONVERSION TO OKAWARU
 24481 | D:5      | 24481 ||| PLANNING D:1-11
 24497 | D:5      | 24497 ||| PLANNING CONVERSION TO OKAWARU
 24497 | D:5      | 24497 ||| PLANNING D:1-11
 24497 | D:5      | 24497 ||| Stepping randomly (stuck).
 24517 | D:6      | 24517 ||| PLANNING CONVERSION TO OKAWARU
 24519 | D:5      | 24519 ||| PLANNING D:1-11
 24535 | D:5      | 24535 ||| PLANNING CONVERSION TO OKAWARU
 24535 | D:5      | 24535 ||| PLANNING D:1-11
 24535 | D:5      | 24535 ||| Stepping randomly (stuck).
 24555 | D:6      | 24555 ||| PLANNING CONVERSION TO OKAWARU
 24557 | D:5      | 24557 ||| PLANNING D:1-11
 24573 | D:5      | 24573 ||| PLANNING CONVERSION TO OKAWARU
 24573 | D:5      | 24573 ||| PLANNING D:1-11
 24573 | D:5      | 24573 ||| Stepping randomly (stuck).
 24593 | D:6      | 24593 ||| PLANNING CONVERSION TO OKAWARU
 24595 | D:5      | 24595 ||| PLANNING D:1-11
 24611 | D:5      | 24611 ||| PLANNING CONVERSION TO OKAWARU
 24611 | D:5      | 24611 ||| PLANNING D:1-11
 24611 | D:5      | 24611 ||| Stepping randomly (stuck).
 24631 | D:6      | 24631 ||| PLANNING CONVERSION TO OKAWARU
 24633 | D:5      | 24633 ||| PLANNING D:1-11
 24649 | D:5      | 24649 ||| PLANNING CONVERSION TO OKAWARU
 24649 | D:5      | 24649 ||| PLANNING D:1-11
 24649 | D:5      | 24649 ||| Stepping randomly (stuck).
 24669 | D:6      | 24669 ||| PLANNING CONVERSION TO OKAWARU
 24671 | D:5      | 24671 ||| PLANNING D:1-11
 24687 | D:5      | 24687 ||| PLANNING CONVERSION TO OKAWARU
 24687 | D:5      | 24687 ||| PLANNING D:1-11
 24687 | D:5      | 24687 ||| Stepping randomly (stuck).
 24707 | D:6      | 24707 ||| PLANNING CONVERSION TO OKAWARU
 24709 | D:5      | 24709 ||| PLANNING D:1-11
 24725 | D:5      | 24725 ||| PLANNING CONVERSION TO OKAWARU
 24725 | D:5      | 24725 ||| PLANNING D:1-11
 24725 | D:5      | 24725 ||| Stepping randomly (stuck).
 24745 | D:6      | 24745 ||| PLANNING CONVERSION TO OKAWARU
 24747 | D:5      | 24747 ||| PLANNING D:1-11
 24763 | D:5      | 24763 ||| PLANNING CONVERSION TO OKAWARU
 24763 | D:5      | 24763 ||| PLANNING D:1-11
 24763 | D:5      | 24763 ||| Stepping randomly (stuck).
 24783 | D:6      | 24783 ||| PLANNING CONVERSION TO OKAWARU
 24785 | D:5      | 24785 ||| PLANNING D:1-11
 24801 | D:5      | 24801 ||| PLANNING CONVERSION TO OKAWARU
 24801 | D:5      | 24801 ||| PLANNING D:1-11
 24801 | D:5      | 24801 ||| Stepping randomly (stuck).
 24821 | D:6      | 24821 ||| PLANNING CONVERSION TO OKAWARU
 24823 | D:5      | 24823 ||| PLANNING D:1-11
 24839 | D:5      | 24839 ||| PLANNING CONVERSION TO OKAWARU
 24839 | D:5      | 24839 ||| PLANNING D:1-11
 24839 | D:5      | 24839 ||| Stepping randomly (stuck).
 24859 | D:6      | 24859 ||| PLANNING CONVERSION TO OKAWARU
 24861 | D:5      | 24861 ||| PLANNING D:1-11
 24877 | D:5      | 24877 ||| PLANNING CONVERSION TO OKAWARU
 24877 | D:5      | 24877 ||| PLANNING D:1-11
 24877 | D:5      | 24877 ||| Stepping randomly (stuck).
 24897 | D:6      | 24897 ||| PLANNING CONVERSION TO OKAWARU
 24899 | D:5      | 24899 ||| PLANNING D:1-11
 24915 | D:5      | 24915 ||| PLANNING CONVERSION TO OKAWARU
 24915 | D:5      | 24915 ||| PLANNING D:1-11
 24915 | D:5      | 24915 ||| Stepping randomly (stuck).
 24935 | D:6      | 24935 ||| PLANNING CONVERSION TO OKAWARU
 24937 | D:5      | 24937 ||| PLANNING D:1-11
 24953 | D:5      | 24953 ||| PLANNING CONVERSION TO OKAWARU
 24953 | D:5      | 24953 ||| PLANNING D:1-11
 24953 | D:5      | 24953 ||| Stepping randomly (stuck).
 24973 | D:6      | 24973 ||| PLANNING CONVERSION TO OKAWARU
 24975 | D:5      | 24975 ||| PLANNING D:1-11
 24991 | D:5      | 24991 ||| PLANNING CONVERSION TO OKAWARU
 24991 | D:5      | 24991 ||| PLANNING D:1-11
 24991 | D:5      | 24991 ||| Stepping randomly (stuck).
 25011 | D:6      | 25011 ||| PLANNING CONVERSION TO OKAWARU
 25013 | D:5      | 25013 ||| PLANNING D:1-11
 25029 | D:5      | 25029 ||| PLANNING CONVERSION TO OKAWARU
 25029 | D:5      | 25029 ||| PLANNING D:1-11
 25029 | D:5      | 25029 ||| Stepping randomly (stuck).
 25049 | D:6      | 25049 ||| PLANNING CONVERSION TO OKAWARU
 25051 | D:5      | 25051 ||| PLANNING D:1-11
 25067 | D:5      | 25067 ||| PLANNING CONVERSION TO OKAWARU
 25067 | D:5      | 25067 ||| PLANNING D:1-11
 25067 | D:5      | 25067 ||| Stepping randomly (stuck).
 25087 | D:6      | 25087 ||| PLANNING CONVERSION TO OKAWARU
 25089 | D:5      | 25089 ||| PLANNING D:1-11
 25105 | D:5      | 25105 ||| PLANNING CONVERSION TO OKAWARU
 25105 | D:5      | 25105 ||| PLANNING D:1-11
 25105 | D:5      | 25105 ||| Stepping randomly (stuck).
 25125 | D:6      | 25125 ||| PLANNING CONVERSION TO OKAWARU
 25127 | D:5      | 25127 ||| PLANNING D:1-11
 25143 | D:5      | 25143 ||| PLANNING CONVERSION TO OKAWARU
 25143 | D:5      | 25143 ||| PLANNING D:1-11
 25143 | D:5      | 25143 ||| Stepping randomly (stuck).
 25163 | D:6      | 25163 ||| PLANNING CONVERSION TO OKAWARU
 25165 | D:5      | 25165 ||| PLANNING D:1-11
 25181 | D:5      | 25181 ||| PLANNING CONVERSION TO OKAWARU
 25181 | D:5      | 25181 ||| PLANNING D:1-11
 25181 | D:5      | 25181 ||| Stepping randomly (stuck).
 25201 | D:6      | 25201 ||| PLANNING CONVERSION TO OKAWARU
 25203 | D:5      | 25203 ||| PLANNING D:1-11
 25219 | D:5      | 25219 ||| PLANNING CONVERSION TO OKAWARU
 25219 | D:5      | 25219 ||| PLANNING D:1-11
 25219 | D:5      | 25219 ||| Stepping randomly (stuck).
 25239 | D:6      | 25239 ||| PLANNING CONVERSION TO OKAWARU
 25241 | D:5      | 25241 ||| PLANNING D:1-11
 25257 | D:5      | 25257 ||| PLANNING CONVERSION TO OKAWARU
 25257 | D:5      | 25257 ||| PLANNING D:1-11
 25257 | D:5      | 25257 ||| Stepping randomly (stuck).
 25277 | D:6      | 25277 ||| PLANNING CONVERSION TO OKAWARU
 25279 | D:5      | 25279 ||| PLANNING D:1-11
 25295 | D:5      | 25295 ||| PLANNING CONVERSION TO OKAWARU
 25295 | D:5      | 25295 ||| PLANNING D:1-11
 25295 | D:5      | 25295 ||| Stepping randomly (stuck).
 25315 | D:6      | 25315 ||| PLANNING CONVERSION TO OKAWARU
 25317 | D:5      | 25317 ||| PLANNING D:1-11
 25333 | D:5      | 25333 ||| PLANNING CONVERSION TO OKAWARU
 25333 | D:5      | 25333 ||| PLANNING D:1-11
 25333 | D:5      | 25333 ||| Stepping randomly (stuck).
 25353 | D:6      | 25353 ||| PLANNING CONVERSION TO OKAWARU
 25355 | D:5      | 25355 ||| PLANNING D:1-11
 25371 | D:5      | 25371 ||| PLANNING CONVERSION TO OKAWARU
 25371 | D:5      | 25371 ||| PLANNING D:1-11
 25371 | D:5      | 25371 ||| Stepping randomly (stuck).
 25391 | D:6      | 25391 ||| PLANNING CONVERSION TO OKAWARU
 25393 | D:5      | 25393 ||| PLANNING D:1-11
 25409 | D:5      | 25409 ||| PLANNING CONVERSION TO OKAWARU
 25409 | D:5      | 25409 ||| PLANNING D:1-11
 25409 | D:5      | 25409 ||| Stepping randomly (stuck).
 25429 | D:6      | 25429 ||| PLANNING CONVERSION TO OKAWARU
 25431 | D:5      | 25431 ||| PLANNING D:1-11
 25447 | D:5      | 25447 ||| PLANNING CONVERSION TO OKAWARU
 25447 | D:5      | 25447 ||| PLANNING D:1-11
 25447 | D:5      | 25447 ||| Stepping randomly (stuck).
 25467 | D:6      | 25467 ||| PLANNING CONVERSION TO OKAWARU
 25469 | D:5      | 25469 ||| PLANNING D:1-11
 25485 | D:5      | 25485 ||| PLANNING CONVERSION TO OKAWARU
 25485 | D:5      | 25485 ||| PLANNING D:1-11
 25485 | D:5      | 25485 ||| Stepping randomly (stuck).
 25505 | D:6      | 25505 ||| PLANNING CONVERSION TO OKAWARU
 25507 | D:5      | 25507 ||| PLANNING D:1-11
 25523 | D:5      | 25523 ||| PLANNING CONVERSION TO OKAWARU
 25523 | D:5      | 25523 ||| PLANNING D:1-11
 25523 | D:5      | 25523 ||| Stepping randomly (stuck).
 25543 | D:6      | 25543 ||| PLANNING CONVERSION TO OKAWARU
 25545 | D:5      | 25545 ||| PLANNING D:1-11
 25561 | D:5      | 25561 ||| PLANNING CONVERSION TO OKAWARU
 25561 | D:5      | 25561 ||| PLANNING D:1-11
 25561 | D:5      | 25561 ||| Stepping randomly (stuck).
 25581 | D:6      | 25581 ||| PLANNING CONVERSION TO OKAWARU
 25583 | D:5      | 25583 ||| PLANNING D:1-11
 25599 | D:5      | 25599 ||| PLANNING CONVERSION TO OKAWARU
 25599 | D:5      | 25599 ||| PLANNING D:1-11
 25599 | D:5      | 25599 ||| Stepping randomly (stuck).
 25619 | D:6      | 25619 ||| PLANNING CONVERSION TO OKAWARU
 25621 | D:5      | 25621 ||| PLANNING D:1-11
 25637 | D:5      | 25637 ||| PLANNING CONVERSION TO OKAWARU
 25637 | D:5      | 25637 ||| PLANNING D:1-11
 25637 | D:5      | 25637 ||| Stepping randomly (stuck).
 25657 | D:6      | 25657 ||| PLANNING CONVERSION TO OKAWARU
 25659 | D:5      | 25659 ||| PLANNING D:1-11
 25675 | D:5      | 25675 ||| PLANNING CONVERSION TO OKAWARU
 25675 | D:5      | 25675 ||| PLANNING D:1-11
 25675 | D:5      | 25675 ||| Stepping randomly (stuck).
 25695 | D:6      | 25695 ||| PLANNING CONVERSION TO OKAWARU
 25697 | D:5      | 25697 ||| PLANNING D:1-11
 25713 | D:5      | 25713 ||| PLANNING CONVERSION TO OKAWARU
 25713 | D:5      | 25713 ||| PLANNING D:1-11
 25713 | D:5      | 25713 ||| Stepping randomly (stuck).
 25733 | D:6      | 25733 ||| PLANNING CONVERSION TO OKAWARU
 25735 | D:5      | 25735 ||| PLANNING D:1-11
 25751 | D:5      | 25751 ||| PLANNING CONVERSION TO OKAWARU
 25751 | D:5      | 25751 ||| PLANNING D:1-11
 25751 | D:5      | 25751 ||| Stepping randomly (stuck).
 25771 | D:6      | 25771 ||| PLANNING CONVERSION TO OKAWARU
 25773 | D:5      | 25773 ||| PLANNING D:1-11
 25789 | D:5      | 25789 ||| PLANNING CONVERSION TO OKAWARU
 25789 | D:5      | 25789 ||| PLANNING D:1-11
 25789 | D:5      | 25789 ||| Stepping randomly (stuck).
 25809 | D:6      | 25809 ||| PLANNING CONVERSION TO OKAWARU
 25811 | D:5      | 25811 ||| PLANNING D:1-11
 25827 | D:5      | 25827 ||| PLANNING CONVERSION TO OKAWARU
 25827 | D:5      | 25827 ||| PLANNING D:1-11
 25827 | D:5      | 25827 ||| Stepping randomly (stuck).
 25847 | D:6      | 25847 ||| PLANNING CONVERSION TO OKAWARU
 25849 | D:5      | 25849 ||| PLANNING D:1-11
 25865 | D:5      | 25865 ||| PLANNING CONVERSION TO OKAWARU
 25865 | D:5      | 25865 ||| PLANNING D:1-11
 25865 | D:5      | 25865 ||| Stepping randomly (stuck).
 25885 | D:6      | 25885 ||| PLANNING CONVERSION TO OKAWARU
 25887 | D:5      | 25887 ||| PLANNING D:1-11
 25903 | D:5      | 25903 ||| PLANNING CONVERSION TO OKAWARU
 25903 | D:5      | 25903 ||| PLANNING D:1-11
 25903 | D:5      | 25903 ||| Stepping randomly (stuck).
 25923 | D:6      | 25923 ||| PLANNING CONVERSION TO OKAWARU
 25925 | D:5      | 25925 ||| PLANNING D:1-11
 25941 | D:5      | 25941 ||| PLANNING CONVERSION TO OKAWARU
 25941 | D:5      | 25941 ||| PLANNING D:1-11
 25941 | D:5      | 25941 ||| Stepping randomly (stuck).
 25961 | D:6      | 25961 ||| PLANNING CONVERSION TO OKAWARU
 25963 | D:5      | 25963 ||| PLANNING D:1-11
 25979 | D:5      | 25979 ||| PLANNING CONVERSION TO OKAWARU
 25979 | D:5      | 25979 ||| PLANNING D:1-11
 25979 | D:5      | 25979 ||| Stepping randomly (stuck).
 25999 | D:6      | 25999 ||| PLANNING CONVERSION TO OKAWARU
 26001 | D:5      | 26001 ||| PLANNING D:1-11
 26017 | D:5      | 26017 ||| PLANNING CONVERSION TO OKAWARU
 26017 | D:5      | 26017 ||| PLANNING D:1-11
 26017 | D:5      | 26017 ||| Stepping randomly (stuck).
 26037 | D:6      | 26037 ||| PLANNING CONVERSION TO OKAWARU
 26039 | D:5      | 26039 ||| PLANNING D:1-11
 26055 | D:5      | 26055 ||| PLANNING CONVERSION TO OKAWARU
 26055 | D:5      | 26055 ||| PLANNING D:1-11
 26055 | D:5      | 26055 ||| Stepping randomly (stuck).
 26075 | D:6      | 26075 ||| PLANNING CONVERSION TO OKAWARU
 26077 | D:5      | 26077 ||| PLANNING D:1-11
 26093 | D:5      | 26093 ||| PLANNING CONVERSION TO OKAWARU
 26093 | D:5      | 26093 ||| PLANNING D:1-11
 26093 | D:5      | 26093 ||| Stepping randomly (stuck).
 26113 | D:6      | 26113 ||| PLANNING CONVERSION TO OKAWARU
 26115 | D:5      | 26115 ||| PLANNING D:1-11
 26131 | D:5      | 26131 ||| PLANNING CONVERSION TO OKAWARU
 26131 | D:5      | 26131 ||| PLANNING D:1-11
 26131 | D:5      | 26131 ||| Stepping randomly (stuck).
 26151 | D:6      | 26151 ||| PLANNING CONVERSION TO OKAWARU
 26153 | D:5      | 26153 ||| PLANNING D:1-11
 26169 | D:5      | 26169 ||| PLANNING CONVERSION TO OKAWARU
 26169 | D:5      | 26169 ||| PLANNING D:1-11
 26169 | D:5      | 26169 ||| Stepping randomly (stuck).
 26189 | D:6      | 26189 ||| PLANNING CONVERSION TO OKAWARU
 26191 | D:5      | 26191 ||| PLANNING D:1-11
 26207 | D:5      | 26207 ||| PLANNING CONVERSION TO OKAWARU
 26207 | D:5      | 26207 ||| PLANNING D:1-11
 26207 | D:5      | 26207 ||| Stepping randomly (stuck).
 26227 | D:6      | 26227 ||| PLANNING CONVERSION TO OKAWARU
 26229 | D:5      | 26229 ||| PLANNING D:1-11
 26245 | D:5      | 26245 ||| PLANNING CONVERSION TO OKAWARU
 26245 | D:5      | 26245 ||| PLANNING D:1-11
 26245 | D:5      | 26245 ||| Stepping randomly (stuck).
 26265 | D:6      | 26265 ||| PLANNING CONVERSION TO OKAWARU
 26267 | D:5      | 26267 ||| PLANNING D:1-11
 26283 | D:5      | 26283 ||| PLANNING CONVERSION TO OKAWARU
 26283 | D:5      | 26283 ||| PLANNING D:1-11
 26283 | D:5      | 26283 ||| Stepping randomly (stuck).
 26303 | D:6      | 26303 ||| PLANNING CONVERSION TO OKAWARU
 26305 | D:5      | 26305 ||| PLANNING D:1-11
 26321 | D:5      | 26321 ||| PLANNING CONVERSION TO OKAWARU
 26321 | D:5      | 26321 ||| PLANNING D:1-11
 26321 | D:5      | 26321 ||| Stepping randomly (stuck).
 26341 | D:6      | 26341 ||| PLANNING CONVERSION TO OKAWARU
 26343 | D:5      | 26343 ||| PLANNING D:1-11
 26359 | D:5      | 26359 ||| PLANNING CONVERSION TO OKAWARU
 26359 | D:5      | 26359 ||| PLANNING D:1-11
 26359 | D:5      | 26359 ||| Stepping randomly (stuck).
 26379 | D:6      | 26379 ||| PLANNING CONVERSION TO OKAWARU
 26381 | D:5      | 26381 ||| PLANNING D:1-11
 26397 | D:5      | 26397 ||| PLANNING CONVERSION TO OKAWARU
 26397 | D:5      | 26397 ||| PLANNING D:1-11
 26397 | D:5      | 26397 ||| Stepping randomly (stuck).
 26417 | D:6      | 26417 ||| PLANNING CONVERSION TO OKAWARU
 26419 | D:5      | 26419 ||| PLANNING D:1-11
 26435 | D:5      | 26435 ||| PLANNING CONVERSION TO OKAWARU
 26435 | D:5      | 26435 ||| PLANNING D:1-11
 26435 | D:5      | 26435 ||| Stepping randomly (stuck).
 26455 | D:6      | 26455 ||| PLANNING CONVERSION TO OKAWARU
 26457 | D:5      | 26457 ||| PLANNING D:1-11
 26473 | D:5      | 26473 ||| PLANNING CONVERSION TO OKAWARU
 26473 | D:5      | 26473 ||| PLANNING D:1-11
 26473 | D:5      | 26473 ||| Stepping randomly (stuck).
 26493 | D:6      | 26493 ||| PLANNING CONVERSION TO OKAWARU
 26495 | D:5      | 26495 ||| PLANNING D:1-11
 26511 | D:5      | 26511 ||| PLANNING CONVERSION TO OKAWARU
 26511 | D:5      | 26511 ||| PLANNING D:1-11
 26511 | D:5      | 26511 ||| Stepping randomly (stuck).
 26531 | D:6      | 26531 ||| PLANNING CONVERSION TO OKAWARU
 26533 | D:5      | 26533 ||| PLANNING D:1-11
 26549 | D:5      | 26549 ||| PLANNING CONVERSION TO OKAWARU
 26549 | D:5      | 26549 ||| PLANNING D:1-11
 26549 | D:5      | 26549 ||| Stepping randomly (stuck).
 26569 | D:6      | 26569 ||| PLANNING CONVERSION TO OKAWARU
 26571 | D:5      | 26571 ||| PLANNING D:1-11
 26587 | D:5      | 26587 ||| PLANNING CONVERSION TO OKAWARU
 26587 | D:5      | 26587 ||| PLANNING D:1-11
 26587 | D:5      | 26587 ||| Stepping randomly (stuck).
 26607 | D:6      | 26607 ||| PLANNING CONVERSION TO OKAWARU
 26609 | D:5      | 26609 ||| PLANNING D:1-11
 26625 | D:5      | 26625 ||| PLANNING CONVERSION TO OKAWARU
 26625 | D:5      | 26625 ||| PLANNING D:1-11
 26625 | D:5      | 26625 ||| Stepping randomly (stuck).
 26645 | D:6      | 26645 ||| PLANNING CONVERSION TO OKAWARU
 26647 | D:5      | 26647 ||| PLANNING D:1-11
 26663 | D:5      | 26663 ||| PLANNING CONVERSION TO OKAWARU
 26663 | D:5      | 26663 ||| PLANNING D:1-11
 26663 | D:5      | 26663 ||| Stepping randomly (stuck).
 26683 | D:6      | 26683 ||| PLANNING CONVERSION TO OKAWARU
 26685 | D:5      | 26685 ||| PLANNING D:1-11
 26701 | D:5      | 26701 ||| PLANNING CONVERSION TO OKAWARU
 26701 | D:5      | 26701 ||| PLANNING D:1-11
 26701 | D:5      | 26701 ||| Stepping randomly (stuck).
 26721 | D:6      | 26721 ||| PLANNING CONVERSION TO OKAWARU
 26723 | D:5      | 26723 ||| PLANNING D:1-11
 26739 | D:5      | 26739 ||| PLANNING CONVERSION TO OKAWARU
 26739 | D:5      | 26739 ||| PLANNING D:1-11
 26739 | D:5      | 26739 ||| Stepping randomly (stuck).
 26759 | D:6      | 26759 ||| PLANNING CONVERSION TO OKAWARU
 26761 | D:5      | 26761 ||| PLANNING D:1-11
 26777 | D:5      | 26777 ||| PLANNING CONVERSION TO OKAWARU
 26777 | D:5      | 26777 ||| PLANNING D:1-11
 26777 | D:5      | 26777 ||| Stepping randomly (stuck).
 26797 | D:6      | 26797 ||| PLANNING CONVERSION TO OKAWARU
 26799 | D:5      | 26799 ||| PLANNING D:1-11
 26815 | D:5      | 26815 ||| PLANNING CONVERSION TO OKAWARU
 26815 | D:5      | 26815 ||| PLANNING D:1-11
 26815 | D:5      | 26815 ||| Stepping randomly (stuck).
 26835 | D:6      | 26835 ||| PLANNING CONVERSION TO OKAWARU
 26837 | D:5      | 26837 ||| PLANNING D:1-11
 26853 | D:5      | 26853 ||| PLANNING CONVERSION TO OKAWARU
 26853 | D:5      | 26853 ||| PLANNING D:1-11
 26853 | D:5      | 26853 ||| Stepping randomly (stuck).
 26873 | D:6      | 26873 ||| PLANNING CONVERSION TO OKAWARU
 26875 | D:5      | 26875 ||| PLANNING D:1-11
 26891 | D:5      | 26891 ||| PLANNING CONVERSION TO OKAWARU
 26891 | D:5      | 26891 ||| PLANNING D:1-11
 26891 | D:5      | 26891 ||| Stepping randomly (stuck).
 26911 | D:6      | 26911 ||| PLANNING CONVERSION TO OKAWARU
 26913 | D:5      | 26913 ||| PLANNING D:1-11
 26929 | D:5      | 26929 ||| PLANNING CONVERSION TO OKAWARU
 26929 | D:5      | 26929 ||| PLANNING D:1-11
 26929 | D:5      | 26929 ||| Stepping randomly (stuck).
 26949 | D:6      | 26949 ||| PLANNING CONVERSION TO OKAWARU
 26951 | D:5      | 26951 ||| PLANNING D:1-11
 26967 | D:5      | 26967 ||| PLANNING CONVERSION TO OKAWARU
 26967 | D:5      | 26967 ||| PLANNING D:1-11
 26967 | D:5      | 26967 ||| Stepping randomly (stuck).
 26987 | D:6      | 26987 ||| PLANNING CONVERSION TO OKAWARU
 26989 | D:5      | 26989 ||| PLANNING D:1-11
 27005 | D:5      | 27005 ||| PLANNING CONVERSION TO OKAWARU
 27005 | D:5      | 27005 ||| PLANNING D:1-11
 27005 | D:5      | 27005 ||| Stepping randomly (stuck).
 27025 | D:6      | 27025 ||| PLANNING CONVERSION TO OKAWARU
 27027 | D:5      | 27027 ||| PLANNING D:1-11
 27043 | D:5      | 27043 ||| PLANNING CONVERSION TO OKAWARU
 27043 | D:5      | 27043 ||| PLANNING D:1-11
 27043 | D:5      | 27043 ||| Stepping randomly (stuck).
 27063 | D:6      | 27063 ||| PLANNING CONVERSION TO OKAWARU
 27065 | D:5      | 27065 ||| PLANNING D:1-11
 27081 | D:5      | 27081 ||| PLANNING CONVERSION TO OKAWARU
 27081 | D:5      | 27081 ||| PLANNING D:1-11
 27081 | D:5      | 27081 ||| Stepping randomly (stuck).
 27101 | D:6      | 27101 ||| PLANNING CONVERSION TO OKAWARU
 27103 | D:5      | 27103 ||| PLANNING D:1-11
 27119 | D:5      | 27119 ||| PLANNING CONVERSION TO OKAWARU
 27119 | D:5      | 27119 ||| PLANNING D:1-11
 27119 | D:5      | 27119 ||| Stepping randomly (stuck).
 27139 | D:6      | 27139 ||| PLANNING CONVERSION TO OKAWARU
 27141 | D:5      | 27141 ||| PLANNING D:1-11
 27157 | D:5      | 27157 ||| PLANNING CONVERSION TO OKAWARU
 27157 | D:5      | 27157 ||| PLANNING D:1-11
 27157 | D:5      | 27157 ||| Stepping randomly (stuck).
 27177 | D:6      | 27177 ||| PLANNING CONVERSION TO OKAWARU
 27179 | D:5      | 27179 ||| PLANNING D:1-11
 27195 | D:5      | 27195 ||| PLANNING CONVERSION TO OKAWARU
 27195 | D:5      | 27195 ||| PLANNING D:1-11
 27195 | D:5      | 27195 ||| Stepping randomly (stuck).
 27215 | D:6      | 27215 ||| PLANNING CONVERSION TO OKAWARU
 27217 | D:5      | 27217 ||| PLANNING D:1-11
 27233 | D:5      | 27233 ||| PLANNING CONVERSION TO OKAWARU
 27233 | D:5      | 27233 ||| PLANNING D:1-11
 27233 | D:5      | 27233 ||| Stepping randomly (stuck).
 27253 | D:6      | 27253 ||| PLANNING CONVERSION TO OKAWARU
 27255 | D:5      | 27255 ||| PLANNING D:1-11
 27271 | D:5      | 27271 ||| PLANNING CONVERSION TO OKAWARU
 27271 | D:5      | 27271 ||| PLANNING D:1-11
 27271 | D:5      | 27271 ||| Stepping randomly (stuck).
 27291 | D:6      | 27291 ||| PLANNING CONVERSION TO OKAWARU
 27293 | D:5      | 27293 ||| PLANNING D:1-11
 27309 | D:5      | 27309 ||| PLANNING CONVERSION TO OKAWARU
 27309 | D:5      | 27309 ||| PLANNING D:1-11
 27309 | D:5      | 27309 ||| Stepping randomly (stuck).
 27329 | D:6      | 27329 ||| PLANNING CONVERSION TO OKAWARU
 27331 | D:5      | 27331 ||| PLANNING D:1-11
 27347 | D:5      | 27347 ||| PLANNING CONVERSION TO OKAWARU
 27347 | D:5      | 27347 ||| PLANNING D:1-11
 27347 | D:5      | 27347 ||| Stepping randomly (stuck).
 27367 | D:6      | 27367 ||| PLANNING CONVERSION TO OKAWARU
 27369 | D:5      | 27369 ||| PLANNING D:1-11
 27385 | D:5      | 27385 ||| PLANNING CONVERSION TO OKAWARU
 27385 | D:5      | 27385 ||| PLANNING D:1-11
 27385 | D:5      | 27385 ||| Stepping randomly (stuck).
 27405 | D:6      | 27405 ||| PLANNING CONVERSION TO OKAWARU
 27407 | D:5      | 27407 ||| PLANNING D:1-11
 27423 | D:5      | 27423 ||| PLANNING CONVERSION TO OKAWARU
 27423 | D:5      | 27423 ||| PLANNING D:1-11
 27423 | D:5      | 27423 ||| Stepping randomly (stuck).
 27443 | D:6      | 27443 ||| PLANNING CONVERSION TO OKAWARU
 27445 | D:5      | 27445 ||| PLANNING D:1-11
 27461 | D:5      | 27461 ||| PLANNING CONVERSION TO OKAWARU
 27461 | D:5      | 27461 ||| PLANNING D:1-11
 27461 | D:5      | 27461 ||| Stepping randomly (stuck).
 27481 | D:6      | 27481 ||| PLANNING CONVERSION TO OKAWARU
 27483 | D:5      | 27483 ||| PLANNING D:1-11
 27499 | D:5      | 27499 ||| PLANNING CONVERSION TO OKAWARU
 27499 | D:5      | 27499 ||| PLANNING D:1-11
 27499 | D:5      | 27499 ||| Stepping randomly (stuck).
 27519 | D:6      | 27519 ||| PLANNING CONVERSION TO OKAWARU
 27521 | D:5      | 27521 ||| PLANNING D:1-11
 27537 | D:5      | 27537 ||| PLANNING CONVERSION TO OKAWARU
 27537 | D:5      | 27537 ||| PLANNING D:1-11
 27537 | D:5      | 27537 ||| Stepping randomly (stuck).
 27557 | D:6      | 27557 ||| PLANNING CONVERSION TO OKAWARU
 27559 | D:5      | 27559 ||| PLANNING D:1-11
 27575 | D:5      | 27575 ||| PLANNING CONVERSION TO OKAWARU
 27575 | D:5      | 27575 ||| PLANNING D:1-11
 27575 | D:5      | 27575 ||| Stepping randomly (stuck).
 27595 | D:6      | 27595 ||| PLANNING CONVERSION TO OKAWARU
 27597 | D:5      | 27597 ||| PLANNING D:1-11
 27613 | D:5      | 27613 ||| PLANNING CONVERSION TO OKAWARU
 27613 | D:5      | 27613 ||| PLANNING D:1-11
 27613 | D:5      | 27613 ||| Stepping randomly (stuck).
 27633 | D:6      | 27633 ||| PLANNING CONVERSION TO OKAWARU
 27635 | D:5      | 27635 ||| PLANNING D:1-11
 27651 | D:5      | 27651 ||| PLANNING CONVERSION TO OKAWARU
 27651 | D:5      | 27651 ||| PLANNING D:1-11
 27651 | D:5      | 27651 ||| Stepping randomly (stuck).
 27671 | D:6      | 27671 ||| PLANNING CONVERSION TO OKAWARU
 27673 | D:5      | 27673 ||| PLANNING D:1-11
 27689 | D:5      | 27689 ||| PLANNING CONVERSION TO OKAWARU
 27689 | D:5      | 27689 ||| PLANNING D:1-11
 27689 | D:5      | 27689 ||| Stepping randomly (stuck).
 27709 | D:6      | 27709 ||| PLANNING CONVERSION TO OKAWARU
 27711 | D:5      | 27711 ||| PLANNING D:1-11
 27727 | D:5      | 27727 ||| PLANNING CONVERSION TO OKAWARU
 27727 | D:5      | 27727 ||| PLANNING D:1-11
 27727 | D:5      | 27727 ||| Stepping randomly (stuck).
 27747 | D:6      | 27747 ||| PLANNING CONVERSION TO OKAWARU
 27749 | D:5      | 27749 ||| PLANNING D:1-11
 27765 | D:5      | 27765 ||| PLANNING CONVERSION TO OKAWARU
 27765 | D:5      | 27765 ||| PLANNING D:1-11
 27765 | D:5      | 27765 ||| Stepping randomly (stuck).
 27785 | D:6      | 27785 ||| PLANNING CONVERSION TO OKAWARU
 27787 | D:5      | 27787 ||| PLANNING D:1-11
 27803 | D:5      | 27803 ||| PLANNING CONVERSION TO OKAWARU
 27803 | D:5      | 27803 ||| PLANNING D:1-11
 27803 | D:5      | 27803 ||| Stepping randomly (stuck).
 27823 | D:6      | 27823 ||| PLANNING CONVERSION TO OKAWARU
 27825 | D:5      | 27825 ||| PLANNING D:1-11
 27841 | D:5      | 27841 ||| PLANNING CONVERSION TO OKAWARU
 27841 | D:5      | 27841 ||| PLANNING D:1-11
 27841 | D:5      | 27841 ||| Stepping randomly (stuck).
 27861 | D:6      | 27861 ||| PLANNING CONVERSION TO OKAWARU
 27863 | D:5      | 27863 ||| PLANNING D:1-11
 27879 | D:5      | 27879 ||| PLANNING CONVERSION TO OKAWARU
 27879 | D:5      | 27879 ||| PLANNING D:1-11
 27879 | D:5      | 27879 ||| Stepping randomly (stuck).
 27899 | D:6      | 27899 ||| PLANNING CONVERSION TO OKAWARU
 27901 | D:5      | 27901 ||| PLANNING D:1-11
 27917 | D:5      | 27917 ||| PLANNING CONVERSION TO OKAWARU
 27917 | D:5      | 27917 ||| PLANNING D:1-11
 27917 | D:5      | 27917 ||| Stepping randomly (stuck).
 27937 | D:6      | 27937 ||| PLANNING CONVERSION TO OKAWARU
 27939 | D:5      | 27939 ||| PLANNING D:1-11
 27955 | D:5      | 27955 ||| PLANNING CONVERSION TO OKAWARU
 27955 | D:5      | 27955 ||| PLANNING D:1-11
 27955 | D:5      | 27955 ||| Stepping randomly (stuck).
 27975 | D:6      | 27975 ||| PLANNING CONVERSION TO OKAWARU
 27977 | D:5      | 27977 ||| PLANNING D:1-11
 27993 | D:5      | 27993 ||| PLANNING CONVERSION TO OKAWARU
 27993 | D:5      | 27993 ||| PLANNING D:1-11
 27993 | D:5      | 27993 ||| Stepping randomly (stuck).
 28013 | D:6      | 28013 ||| PLANNING CONVERSION TO OKAWARU
 28015 | D:5      | 28015 ||| PLANNING D:1-11
 28031 | D:5      | 28031 ||| PLANNING CONVERSION TO OKAWARU
 28031 | D:5      | 28031 ||| PLANNING D:1-11
 28031 | D:5      | 28031 ||| Stepping randomly (stuck).
 28051 | D:6      | 28051 ||| PLANNING CONVERSION TO OKAWARU
 28053 | D:5      | 28053 ||| PLANNING D:1-11
 28069 | D:5      | 28069 ||| PLANNING CONVERSION TO OKAWARU
 28069 | D:5      | 28069 ||| PLANNING D:1-11
 28069 | D:5      | 28069 ||| Stepping randomly (stuck).
 28089 | D:6      | 28089 ||| PLANNING CONVERSION TO OKAWARU
 28091 | D:5      | 28091 ||| PLANNING D:1-11
 28107 | D:5      | 28107 ||| PLANNING CONVERSION TO OKAWARU
 28107 | D:5      | 28107 ||| PLANNING D:1-11
 28107 | D:5      | 28107 ||| Stepping randomly (stuck).
 28127 | D:6      | 28127 ||| PLANNING CONVERSION TO OKAWARU
 28129 | D:5      | 28129 ||| PLANNING D:1-11
 28145 | D:5      | 28145 ||| PLANNING CONVERSION TO OKAWARU
 28145 | D:5      | 28145 ||| PLANNING D:1-11
 28145 | D:5      | 28145 ||| Stepping randomly (stuck).
 28165 | D:6      | 28165 ||| PLANNING CONVERSION TO OKAWARU
 28167 | D:5      | 28167 ||| PLANNING D:1-11
 28183 | D:5      | 28183 ||| PLANNING CONVERSION TO OKAWARU
 28183 | D:5      | 28183 ||| PLANNING D:1-11
 28183 | D:5      | 28183 ||| Stepping randomly (stuck).
 28203 | D:6      | 28203 ||| PLANNING CONVERSION TO OKAWARU
 28205 | D:5      | 28205 ||| PLANNING D:1-11
 28221 | D:5      | 28221 ||| PLANNING CONVERSION TO OKAWARU
 28221 | D:5      | 28221 ||| PLANNING D:1-11
 28221 | D:5      | 28221 ||| Stepping randomly (stuck).
 28241 | D:6      | 28241 ||| PLANNING CONVERSION TO OKAWARU
 28243 | D:5      | 28243 ||| PLANNING D:1-11
 28259 | D:5      | 28259 ||| PLANNING CONVERSION TO OKAWARU
 28259 | D:5      | 28259 ||| PLANNING D:1-11
 28259 | D:5      | 28259 ||| Stepping randomly (stuck).
 28279 | D:6      | 28279 ||| PLANNING CONVERSION TO OKAWARU
 28281 | D:5      | 28281 ||| PLANNING D:1-11
 28297 | D:5      | 28297 ||| PLANNING CONVERSION TO OKAWARU
 28297 | D:5      | 28297 ||| PLANNING D:1-11
 28297 | D:5      | 28297 ||| Stepping randomly (stuck).
 28317 | D:6      | 28317 ||| PLANNING CONVERSION TO OKAWARU
 28319 | D:5      | 28319 ||| PLANNING D:1-11
 28335 | D:5      | 28335 ||| PLANNING CONVERSION TO OKAWARU
 28335 | D:5      | 28335 ||| PLANNING D:1-11
 28335 | D:5      | 28335 ||| Stepping randomly (stuck).
 28355 | D:6      | 28355 ||| PLANNING CONVERSION TO OKAWARU
 28357 | D:5      | 28357 ||| PLANNING D:1-11
 28373 | D:5      | 28373 ||| PLANNING CONVERSION TO OKAWARU
 28373 | D:5      | 28373 ||| PLANNING D:1-11
 28373 | D:5      | 28373 ||| Stepping randomly (stuck).
 28393 | D:6      | 28393 ||| PLANNING CONVERSION TO OKAWARU
 28395 | D:5      | 28395 ||| PLANNING D:1-11
 28411 | D:5      | 28411 ||| PLANNING CONVERSION TO OKAWARU
 28411 | D:5      | 28411 ||| PLANNING D:1-11
 28411 | D:5      | 28411 ||| Stepping randomly (stuck).
 28431 | D:6      | 28431 ||| PLANNING CONVERSION TO OKAWARU
 28433 | D:5      | 28433 ||| PLANNING D:1-11
 28449 | D:5      | 28449 ||| PLANNING CONVERSION TO OKAWARU
 28449 | D:5      | 28449 ||| PLANNING D:1-11
 28449 | D:5      | 28449 ||| Stepping randomly (stuck).
 28469 | D:6      | 28469 ||| PLANNING CONVERSION TO OKAWARU
 28471 | D:5      | 28471 ||| PLANNING D:1-11
 28487 | D:5      | 28487 ||| PLANNING CONVERSION TO OKAWARU
 28487 | D:5      | 28487 ||| PLANNING D:1-11
 28487 | D:5      | 28487 ||| Stepping randomly (stuck).
 28507 | D:6      | 28507 ||| PLANNING CONVERSION TO OKAWARU
 28509 | D:5      | 28509 ||| PLANNING D:1-11
 28525 | D:5      | 28525 ||| PLANNING CONVERSION TO OKAWARU
 28525 | D:5      | 28525 ||| PLANNING D:1-11
 28525 | D:5      | 28525 ||| Stepping randomly (stuck).
 28545 | D:6      | 28545 ||| PLANNING CONVERSION TO OKAWARU
 28547 | D:5      | 28547 ||| PLANNING D:1-11
 28563 | D:5      | 28563 ||| PLANNING CONVERSION TO OKAWARU
 28563 | D:5      | 28563 ||| PLANNING D:1-11
 28563 | D:5      | 28563 ||| Stepping randomly (stuck).
 28583 | D:6      | 28583 ||| PLANNING CONVERSION TO OKAWARU
 28585 | D:5      | 28585 ||| PLANNING D:1-11
 28601 | D:5      | 28601 ||| PLANNING CONVERSION TO OKAWARU
 28601 | D:5      | 28601 ||| PLANNING D:1-11
 28601 | D:5      | 28601 ||| Stepping randomly (stuck).
 28621 | D:6      | 28621 ||| PLANNING CONVERSION TO OKAWARU
 28623 | D:5      | 28623 ||| PLANNING D:1-11
 28639 | D:5      | 28639 ||| PLANNING CONVERSION TO OKAWARU
 28639 | D:5      | 28639 ||| PLANNING D:1-11
 28639 | D:5      | 28639 ||| Stepping randomly (stuck).
 28659 | D:6      | 28659 ||| PLANNING CONVERSION TO OKAWARU
 28661 | D:5      | 28661 ||| PLANNING D:1-11
 28677 | D:5      | 28677 ||| PLANNING CONVERSION TO OKAWARU
 28677 | D:5      | 28677 ||| PLANNING D:1-11
 28677 | D:5      | 28677 ||| Stepping randomly (stuck).
 28697 | D:6      | 28697 ||| PLANNING CONVERSION TO OKAWARU
 28699 | D:5      | 28699 ||| PLANNING D:1-11
 28715 | D:5      | 28715 ||| PLANNING CONVERSION TO OKAWARU
 28715 | D:5      | 28715 ||| PLANNING D:1-11
 28715 | D:5      | 28715 ||| Stepping randomly (stuck).
 28735 | D:6      | 28735 ||| PLANNING CONVERSION TO OKAWARU
 28737 | D:5      | 28737 ||| PLANNING D:1-11
 28753 | D:5      | 28753 ||| PLANNING CONVERSION TO OKAWARU
 28753 | D:5      | 28753 ||| PLANNING D:1-11
 28753 | D:5      | 28753 ||| Stepping randomly (stuck).
 28773 | D:6      | 28773 ||| PLANNING CONVERSION TO OKAWARU
 28775 | D:5      | 28775 ||| PLANNING D:1-11
 28791 | D:5      | 28791 ||| PLANNING CONVERSION TO OKAWARU
 28791 | D:5      | 28791 ||| PLANNING D:1-11
 28791 | D:5      | 28791 ||| Stepping randomly (stuck).
 28811 | D:6      | 28811 ||| PLANNING CONVERSION TO OKAWARU
 28813 | D:5      | 28813 ||| PLANNING D:1-11
 28829 | D:5      | 28829 ||| PLANNING CONVERSION TO OKAWARU
 28829 | D:5      | 28829 ||| PLANNING D:1-11
 28829 | D:5      | 28829 ||| Stepping randomly (stuck).
 28849 | D:6      | 28849 ||| PLANNING CONVERSION TO OKAWARU
 28851 | D:5      | 28851 ||| PLANNING D:1-11
 28867 | D:5      | 28867 ||| PLANNING CONVERSION TO OKAWARU
 28867 | D:5      | 28867 ||| PLANNING D:1-11
 28867 | D:5      | 28867 ||| Stepping randomly (stuck).
 28887 | D:6      | 28887 ||| PLANNING CONVERSION TO OKAWARU
 28889 | D:5      | 28889 ||| PLANNING D:1-11
 28905 | D:5      | 28905 ||| PLANNING CONVERSION TO OKAWARU
 28905 | D:5      | 28905 ||| PLANNING D:1-11
 28905 | D:5      | 28905 ||| Stepping randomly (stuck).
 28925 | D:6      | 28925 ||| PLANNING CONVERSION TO OKAWARU
 28927 | D:5      | 28927 ||| PLANNING D:1-11
 28943 | D:5      | 28943 ||| PLANNING CONVERSION TO OKAWARU
 28943 | D:5      | 28943 ||| PLANNING D:1-11
 28943 | D:5      | 28943 ||| Stepping randomly (stuck).
 28963 | D:6      | 28963 ||| PLANNING CONVERSION TO OKAWARU
 28965 | D:5      | 28965 ||| PLANNING D:1-11
 28981 | D:5      | 28981 ||| PLANNING CONVERSION TO OKAWARU
 28981 | D:5      | 28981 ||| PLANNING D:1-11
 28981 | D:5      | 28981 ||| Stepping randomly (stuck).
 29001 | D:6      | 29001 ||| PLANNING CONVERSION TO OKAWARU
 29003 | D:5      | 29003 ||| PLANNING D:1-11
 29019 | D:5      | 29019 ||| PLANNING CONVERSION TO OKAWARU
 29019 | D:5      | 29019 ||| PLANNING D:1-11
 29019 | D:5      | 29019 ||| Stepping randomly (stuck).
 29039 | D:6      | 29039 ||| PLANNING CONVERSION TO OKAWARU
 29041 | D:5      | 29041 ||| PLANNING D:1-11
 29057 | D:5      | 29057 ||| PLANNING CONVERSION TO OKAWARU
 29057 | D:5      | 29057 ||| PLANNING D:1-11
 29057 | D:5      | 29057 ||| Stepping randomly (stuck).
 29077 | D:6      | 29077 ||| PLANNING CONVERSION TO OKAWARU
 29079 | D:5      | 29079 ||| PLANNING D:1-11
 29095 | D:5      | 29095 ||| PLANNING CONVERSION TO OKAWARU
 29095 | D:5      | 29095 ||| PLANNING D:1-11
 29095 | D:5      | 29095 ||| Stepping randomly (stuck).
 29115 | D:6      | 29115 ||| PLANNING CONVERSION TO OKAWARU
 29117 | D:5      | 29117 ||| PLANNING D:1-11
 29133 | D:5      | 29133 ||| PLANNING CONVERSION TO OKAWARU
 29133 | D:5      | 29133 ||| PLANNING D:1-11
 29133 | D:5      | 29133 ||| Stepping randomly (stuck).
 29153 | D:6      | 29153 ||| PLANNING CONVERSION TO OKAWARU
 29155 | D:5      | 29155 ||| PLANNING D:1-11
 29171 | D:5      | 29171 ||| PLANNING CONVERSION TO OKAWARU
 29171 | D:5      | 29171 ||| PLANNING D:1-11
 29171 | D:5      | 29171 ||| Stepping randomly (stuck).
 29191 | D:6      | 29191 ||| PLANNING CONVERSION TO OKAWARU
 29193 | D:5      | 29193 ||| PLANNING D:1-11
 29209 | D:5      | 29209 ||| PLANNING CONVERSION TO OKAWARU
 29209 | D:5      | 29209 ||| PLANNING D:1-11
 29209 | D:5      | 29209 ||| Stepping randomly (stuck).
 29229 | D:6      | 29229 ||| PLANNING CONVERSION TO OKAWARU
 29231 | D:5      | 29231 ||| PLANNING D:1-11
 29247 | D:5      | 29247 ||| PLANNING CONVERSION TO OKAWARU
 29247 | D:5      | 29247 ||| PLANNING D:1-11
 29247 | D:5      | 29247 ||| Stepping randomly (stuck).
 29267 | D:6      | 29267 ||| PLANNING CONVERSION TO OKAWARU
 29269 | D:5      | 29269 ||| PLANNING D:1-11
 29285 | D:5      | 29285 ||| PLANNING CONVERSION TO OKAWARU
 29285 | D:5      | 29285 ||| PLANNING D:1-11
 29285 | D:5      | 29285 ||| Stepping randomly (stuck).
 29305 | D:6      | 29305 ||| PLANNING CONVERSION TO OKAWARU
 29307 | D:5      | 29307 ||| PLANNING D:1-11
 29323 | D:5      | 29323 ||| PLANNING CONVERSION TO OKAWARU
 29323 | D:5      | 29323 ||| PLANNING D:1-11
 29323 | D:5      | 29323 ||| Stepping randomly (stuck).
 29343 | D:6      | 29343 ||| PLANNING CONVERSION TO OKAWARU
 29345 | D:5      | 29345 ||| PLANNING D:1-11
 29361 | D:5      | 29361 ||| PLANNING CONVERSION TO OKAWARU
 29361 | D:5      | 29361 ||| PLANNING D:1-11
 29361 | D:5      | 29361 ||| Stepping randomly (stuck).
 29381 | D:6      | 29381 ||| PLANNING CONVERSION TO OKAWARU
 29383 | D:5      | 29383 ||| PLANNING D:1-11
 29399 | D:5      | 29399 ||| PLANNING CONVERSION TO OKAWARU
 29399 | D:5      | 29399 ||| PLANNING D:1-11
 29399 | D:5      | 29399 ||| Stepping randomly (stuck).
 29419 | D:6      | 29419 ||| PLANNING CONVERSION TO OKAWARU
 29421 | D:5      | 29421 ||| PLANNING D:1-11
 29437 | D:5      | 29437 ||| PLANNING CONVERSION TO OKAWARU
 29437 | D:5      | 29437 ||| PLANNING D:1-11
 29437 | D:5      | 29437 ||| Stepping randomly (stuck).
 29457 | D:6      | 29457 ||| PLANNING CONVERSION TO OKAWARU
 29459 | D:5      | 29459 ||| PLANNING D:1-11
 29475 | D:5      | 29475 ||| PLANNING CONVERSION TO OKAWARU
 29475 | D:5      | 29475 ||| PLANNING D:1-11
 29475 | D:5      | 29475 ||| Stepping randomly (stuck).
 29495 | D:6      | 29495 ||| PLANNING CONVERSION TO OKAWARU
 29497 | D:5      | 29497 ||| PLANNING D:1-11
 29513 | D:5      | 29513 ||| PLANNING CONVERSION TO OKAWARU
 29513 | D:5      | 29513 ||| PLANNING D:1-11
 29513 | D:5      | 29513 ||| Stepping randomly (stuck).
 29533 | D:6      | 29533 ||| PLANNING CONVERSION TO OKAWARU
 29535 | D:5      | 29535 ||| PLANNING D:1-11
 29551 | D:5      | 29551 ||| PLANNING CONVERSION TO OKAWARU
 29551 | D:5      | 29551 ||| PLANNING D:1-11
 29551 | D:5      | 29551 ||| Stepping randomly (stuck).
 29571 | D:6      | 29571 ||| PLANNING CONVERSION TO OKAWARU
 29573 | D:5      | 29573 ||| PLANNING D:1-11
 29589 | D:5      | 29589 ||| PLANNING CONVERSION TO OKAWARU
 29589 | D:5      | 29589 ||| PLANNING D:1-11
 29589 | D:5      | 29589 ||| Stepping randomly (stuck).
 29609 | D:6      | 29609 ||| PLANNING CONVERSION TO OKAWARU
 29611 | D:5      | 29611 ||| PLANNING D:1-11
 29627 | D:5      | 29627 ||| PLANNING CONVERSION TO OKAWARU
 29627 | D:5      | 29627 ||| PLANNING D:1-11
 29627 | D:5      | 29627 ||| Stepping randomly (stuck).
 29647 | D:6      | 29647 ||| PLANNING CONVERSION TO OKAWARU
 29649 | D:5      | 29649 ||| PLANNING D:1-11
 29665 | D:5      | 29665 ||| PLANNING CONVERSION TO OKAWARU
 29665 | D:5      | 29665 ||| PLANNING D:1-11
 29665 | D:5      | 29665 ||| Stepping randomly (stuck).
 29685 | D:6      | 29685 ||| PLANNING CONVERSION TO OKAWARU
 29687 | D:5      | 29687 ||| PLANNING D:1-11
 29703 | D:5      | 29703 ||| PLANNING CONVERSION TO OKAWARU
 29703 | D:5      | 29703 ||| PLANNING D:1-11
 29703 | D:5      | 29703 ||| Stepping randomly (stuck).
 29723 | D:6      | 29723 ||| PLANNING CONVERSION TO OKAWARU
 29725 | D:5      | 29725 ||| PLANNING D:1-11
 29741 | D:5      | 29741 ||| PLANNING CONVERSION TO OKAWARU
 29741 | D:5      | 29741 ||| PLANNING D:1-11
 29741 | D:5      | 29741 ||| Stepping randomly (stuck).
 29761 | D:6      | 29761 ||| PLANNING CONVERSION TO OKAWARU
 29763 | D:5      | 29763 ||| PLANNING D:1-11
 29779 | D:5      | 29779 ||| PLANNING CONVERSION TO OKAWARU
 29779 | D:5      | 29779 ||| PLANNING D:1-11
 29779 | D:5      | 29779 ||| Stepping randomly (stuck).
 29799 | D:6      | 29799 ||| PLANNING CONVERSION TO OKAWARU
 29801 | D:5      | 29801 ||| PLANNING D:1-11
 29817 | D:5      | 29817 ||| PLANNING CONVERSION TO OKAWARU
 29817 | D:5      | 29817 ||| PLANNING D:1-11
 29817 | D:5      | 29817 ||| Stepping randomly (stuck).
 29837 | D:6      | 29837 ||| PLANNING CONVERSION TO OKAWARU
 29839 | D:5      | 29839 ||| PLANNING D:1-11
 29855 | D:5      | 29855 ||| PLANNING CONVERSION TO OKAWARU
 29855 | D:5      | 29855 ||| PLANNING D:1-11
 29855 | D:5      | 29855 ||| Stepping randomly (stuck).
 29875 | D:6      | 29875 ||| PLANNING CONVERSION TO OKAWARU
 29877 | D:5      | 29877 ||| PLANNING D:1-11
 29893 | D:5      | 29893 ||| PLANNING CONVERSION TO OKAWARU
 29893 | D:5      | 29893 ||| PLANNING D:1-11
 29893 | D:5      | 29893 ||| Stepping randomly (stuck).
 29913 | D:6      | 29913 ||| PLANNING CONVERSION TO OKAWARU
 29915 | D:5      | 29915 ||| PLANNING D:1-11
 29931 | D:5      | 29931 ||| PLANNING CONVERSION TO OKAWARU
 29931 | D:5      | 29931 ||| PLANNING D:1-11
 29931 | D:5      | 29931 ||| Stepping randomly (stuck).
 29951 | D:6      | 29951 ||| PLANNING CONVERSION TO OKAWARU
 29953 | D:5      | 29953 ||| PLANNING D:1-11
 29969 | D:5      | 29969 ||| PLANNING CONVERSION TO OKAWARU
 29969 | D:5      | 29969 ||| PLANNING D:1-11
 29969 | D:5      | 29969 ||| Stepping randomly (stuck).
 29989 | D:6      | 29989 ||| PLANNING CONVERSION TO OKAWARU
 29991 | D:5      | 29991 ||| PLANNING D:1-11
 30007 | D:5      | 30007 ||| PLANNING CONVERSION TO OKAWARU
 30007 | D:5      | 30007 ||| PLANNING D:1-11
 30007 | D:5      | 30007 ||| Stepping randomly (stuck).
 30027 | D:6      | 30027 ||| PLANNING CONVERSION TO OKAWARU
 30029 | D:5      | 30029 ||| PLANNING D:1-11
 30045 | D:5      | 30045 ||| PLANNING CONVERSION TO OKAWARU
 30045 | D:5      | 30045 ||| PLANNING D:1-11
 30045 | D:5      | 30045 ||| Stepping randomly (stuck).
 30065 | D:6      | 30065 ||| PLANNING CONVERSION TO OKAWARU
 30067 | D:5      | 30067 ||| PLANNING D:1-11
 30083 | D:5      | 30083 ||| PLANNING CONVERSION TO OKAWARU
 30083 | D:5      | 30083 ||| PLANNING D:1-11
 30083 | D:5      | 30083 ||| Stepping randomly (stuck).
 30103 | D:6      | 30103 ||| PLANNING CONVERSION TO OKAWARU
 30105 | D:5      | 30105 ||| PLANNING D:1-11
 30121 | D:5      | 30121 ||| PLANNING CONVERSION TO OKAWARU
 30121 | D:5      | 30121 ||| PLANNING D:1-11
 30121 | D:5      | 30121 ||| Stepping randomly (stuck).
 30141 | D:6      | 30141 ||| PLANNING CONVERSION TO OKAWARU
 30143 | D:5      | 30143 ||| PLANNING D:1-11
 30159 | D:5      | 30159 ||| PLANNING CONVERSION TO OKAWARU
 30159 | D:5      | 30159 ||| PLANNING D:1-11
 30159 | D:5      | 30159 ||| Stepping randomly (stuck).
 30179 | D:6      | 30179 ||| PLANNING CONVERSION TO OKAWARU
 30181 | D:5      | 30181 ||| PLANNING D:1-11
 30197 | D:5      | 30197 ||| PLANNING CONVERSION TO OKAWARU
 30197 | D:5      | 30197 ||| PLANNING D:1-11
 30197 | D:5      | 30197 ||| Stepping randomly (stuck).
 30217 | D:6      | 30217 ||| PLANNING CONVERSION TO OKAWARU
 30219 | D:5      | 30219 ||| PLANNING D:1-11
 30235 | D:5      | 30235 ||| PLANNING CONVERSION TO OKAWARU
 30235 | D:5      | 30235 ||| PLANNING D:1-11
 30235 | D:5      | 30235 ||| Stepping randomly (stuck).
 30255 | D:6      | 30255 ||| PLANNING CONVERSION TO OKAWARU
 30257 | D:5      | 30257 ||| PLANNING D:1-11
 30273 | D:5      | 30273 ||| PLANNING CONVERSION TO OKAWARU
 30273 | D:5      | 30273 ||| PLANNING D:1-11
 30273 | D:5      | 30273 ||| Stepping randomly (stuck).
 30293 | D:6      | 30293 ||| PLANNING CONVERSION TO OKAWARU
 30295 | D:5      | 30295 ||| PLANNING D:1-11
 30311 | D:5      | 30311 ||| PLANNING CONVERSION TO OKAWARU
 30311 | D:5      | 30311 ||| PLANNING D:1-11
 30311 | D:5      | 30311 ||| Stepping randomly (stuck).
 30331 | D:6      | 30331 ||| PLANNING CONVERSION TO OKAWARU
 30333 | D:5      | 30333 ||| PLANNING D:1-11
 30349 | D:5      | 30349 ||| PLANNING CONVERSION TO OKAWARU
 30349 | D:5      | 30349 ||| PLANNING D:1-11
 30349 | D:5      | 30349 ||| Stepping randomly (stuck).
 30369 | D:6      | 30369 ||| PLANNING CONVERSION TO OKAWARU
 30371 | D:5      | 30371 ||| PLANNING D:1-11
 30387 | D:5      | 30387 ||| PLANNING CONVERSION TO OKAWARU
 30387 | D:5      | 30387 ||| PLANNING D:1-11
 30387 | D:5      | 30387 ||| Stepping randomly (stuck).
 30407 | D:6      | 30407 ||| PLANNING CONVERSION TO OKAWARU
 30409 | D:5      | 30409 ||| PLANNING D:1-11
 30425 | D:5      | 30425 ||| PLANNING CONVERSION TO OKAWARU
 30425 | D:5      | 30425 ||| PLANNING D:1-11
 30425 | D:5      | 30425 ||| Stepping randomly (stuck).
 30445 | D:6      | 30445 ||| PLANNING CONVERSION TO OKAWARU
 30447 | D:5      | 30447 ||| PLANNING D:1-11
 30463 | D:5      | 30463 ||| PLANNING CONVERSION TO OKAWARU
 30463 | D:5      | 30463 ||| PLANNING D:1-11
 30463 | D:5      | 30463 ||| Stepping randomly (stuck).
 30483 | D:6      | 30483 ||| PLANNING CONVERSION TO OKAWARU
 30485 | D:5      | 30485 ||| PLANNING D:1-11
 30501 | D:5      | 30501 ||| PLANNING CONVERSION TO OKAWARU
 30501 | D:5      | 30501 ||| PLANNING D:1-11
 30501 | D:5      | 30501 ||| Stepping randomly (stuck).
 30521 | D:6      | 30521 ||| PLANNING CONVERSION TO OKAWARU
 30523 | D:5      | 30523 ||| PLANNING D:1-11
 30539 | D:5      | 30539 ||| PLANNING CONVERSION TO OKAWARU
 30539 | D:5      | 30539 ||| PLANNING D:1-11
 30539 | D:5      | 30539 ||| Stepping randomly (stuck).
 30559 | D:6      | 30559 ||| PLANNING CONVERSION TO OKAWARU
 30561 | D:5      | 30561 ||| PLANNING D:1-11
 30577 | D:5      | 30577 ||| PLANNING CONVERSION TO OKAWARU
 30577 | D:5      | 30577 ||| PLANNING D:1-11
 30577 | D:5      | 30577 ||| Stepping randomly (stuck).
 30597 | D:6      | 30597 ||| PLANNING CONVERSION TO OKAWARU
 30599 | D:5      | 30599 ||| PLANNING D:1-11
 30615 | D:5      | 30615 ||| PLANNING CONVERSION TO OKAWARU
 30615 | D:5      | 30615 ||| PLANNING D:1-11
 30615 | D:5      | 30615 ||| Stepping randomly (stuck).
 30635 | D:6      | 30635 ||| PLANNING CONVERSION TO OKAWARU
 30637 | D:5      | 30637 ||| PLANNING D:1-11
 30653 | D:5      | 30653 ||| PLANNING CONVERSION TO OKAWARU
 30653 | D:5      | 30653 ||| PLANNING D:1-11
 30653 | D:5      | 30653 ||| Stepping randomly (stuck).
 30673 | D:6      | 30673 ||| PLANNING CONVERSION TO OKAWARU
 30675 | D:5      | 30675 ||| PLANNING D:1-11
 30691 | D:5      | 30691 ||| PLANNING CONVERSION TO OKAWARU
 30691 | D:5      | 30691 ||| PLANNING D:1-11
 30691 | D:5      | 30691 ||| Stepping randomly (stuck).
 30711 | D:6      | 30711 ||| PLANNING CONVERSION TO OKAWARU
 30713 | D:5      | 30713 ||| PLANNING D:1-11
 30729 | D:5      | 30729 ||| PLANNING CONVERSION TO OKAWARU
 30729 | D:5      | 30729 ||| PLANNING D:1-11
 30729 | D:5      | 30729 ||| Stepping randomly (stuck).
 30749 | D:6      | 30749 ||| PLANNING CONVERSION TO OKAWARU
 30751 | D:5      | 30751 ||| PLANNING D:1-11
 30767 | D:5      | 30767 ||| PLANNING CONVERSION TO OKAWARU
 30767 | D:5      | 30767 ||| PLANNING D:1-11
 30767 | D:5      | 30767 ||| Stepping randomly (stuck).
 30787 | D:6      | 30787 ||| PLANNING CONVERSION TO OKAWARU
 30789 | D:5      | 30789 ||| PLANNING D:1-11
 30805 | D:5      | 30805 ||| PLANNING CONVERSION TO OKAWARU
 30805 | D:5      | 30805 ||| PLANNING D:1-11
 30805 | D:5      | 30805 ||| Stepping randomly (stuck).
 30825 | D:6      | 30825 ||| PLANNING CONVERSION TO OKAWARU
 30827 | D:5      | 30827 ||| PLANNING D:1-11
 30843 | D:5      | 30843 ||| PLANNING CONVERSION TO OKAWARU
 30843 | D:5      | 30843 ||| PLANNING D:1-11
 30843 | D:5      | 30843 ||| Stepping randomly (stuck).
 30863 | D:6      | 30863 ||| PLANNING CONVERSION TO OKAWARU
 30865 | D:5      | 30865 ||| PLANNING D:1-11
 30881 | D:5      | 30881 ||| PLANNING CONVERSION TO OKAWARU
 30881 | D:5      | 30881 ||| PLANNING D:1-11
 30881 | D:5      | 30881 ||| Stepping randomly (stuck).
 30901 | D:6      | 30901 ||| PLANNING CONVERSION TO OKAWARU
 30903 | D:5      | 30903 ||| PLANNING D:1-11
 30919 | D:5      | 30919 ||| PLANNING CONVERSION TO OKAWARU
 30919 | D:5      | 30919 ||| PLANNING D:1-11
 30919 | D:5      | 30919 ||| Stepping randomly (stuck).
 30939 | D:6      | 30939 ||| PLANNING CONVERSION TO OKAWARU
 30941 | D:5      | 30941 ||| PLANNING D:1-11
 30957 | D:5      | 30957 ||| PLANNING CONVERSION TO OKAWARU
 30957 | D:5      | 30957 ||| PLANNING D:1-11
 30957 | D:5      | 30957 ||| Stepping randomly (stuck).
 30977 | D:6      | 30977 ||| PLANNING CONVERSION TO OKAWARU
 30979 | D:5      | 30979 ||| PLANNING D:1-11
 30995 | D:5      | 30995 ||| PLANNING CONVERSION TO OKAWARU
 30995 | D:5      | 30995 ||| PLANNING D:1-11
 30995 | D:5      | 30995 ||| Stepping randomly (stuck).
 31015 | D:6      | 31015 ||| PLANNING CONVERSION TO OKAWARU
 31017 | D:5      | 31017 ||| PLANNING D:1-11
 31033 | D:5      | 31033 ||| PLANNING CONVERSION TO OKAWARU
 31033 | D:5      | 31033 ||| PLANNING D:1-11
 31033 | D:5      | 31033 ||| Stepping randomly (stuck).
 31053 | D:6      | 31053 ||| PLANNING CONVERSION TO OKAWARU
 31055 | D:5      | 31055 ||| PLANNING D:1-11
 31071 | D:5      | 31071 ||| PLANNING CONVERSION TO OKAWARU
 31071 | D:5      | 31071 ||| PLANNING D:1-11
 31071 | D:5      | 31071 ||| Stepping randomly (stuck).
 31091 | D:6      | 31091 ||| PLANNING CONVERSION TO OKAWARU
 31093 | D:5      | 31093 ||| PLANNING D:1-11
 31109 | D:5      | 31109 ||| PLANNING CONVERSION TO OKAWARU
 31109 | D:5      | 31109 ||| PLANNING D:1-11
 31109 | D:5      | 31109 ||| Stepping randomly (stuck).
 31129 | D:6      | 31129 ||| PLANNING CONVERSION TO OKAWARU
 31131 | D:5      | 31131 ||| PLANNING D:1-11
 31147 | D:5      | 31147 ||| PLANNING CONVERSION TO OKAWARU
 31147 | D:5      | 31147 ||| PLANNING D:1-11
 31147 | D:5      | 31147 ||| Stepping randomly (stuck).
 31167 | D:6      | 31167 ||| PLANNING CONVERSION TO OKAWARU
 31169 | D:5      | 31169 ||| PLANNING D:1-11
 31185 | D:5      | 31185 ||| PLANNING CONVERSION TO OKAWARU
 31185 | D:5      | 31185 ||| PLANNING D:1-11
 31185 | D:5      | 31185 ||| Stepping randomly (stuck).
 31205 | D:6      | 31205 ||| PLANNING CONVERSION TO OKAWARU
 31207 | D:5      | 31207 ||| PLANNING D:1-11
 31223 | D:5      | 31223 ||| PLANNING CONVERSION TO OKAWARU
 31223 | D:5      | 31223 ||| PLANNING D:1-11
 31223 | D:5      | 31223 ||| Stepping randomly (stuck).
 31243 | D:6      | 31243 ||| PLANNING CONVERSION TO OKAWARU
 31245 | D:5      | 31245 ||| PLANNING D:1-11
 31261 | D:5      | 31261 ||| PLANNING CONVERSION TO OKAWARU
 31261 | D:5      | 31261 ||| PLANNING D:1-11
 31261 | D:5      | 31261 ||| Stepping randomly (stuck).
 31281 | D:6      | 31281 ||| PLANNING CONVERSION TO OKAWARU
 31283 | D:5      | 31283 ||| PLANNING D:1-11
 31299 | D:5      | 31299 ||| PLANNING CONVERSION TO OKAWARU
 31299 | D:5      | 31299 ||| PLANNING D:1-11
 31299 | D:5      | 31299 ||| Stepping randomly (stuck).
 31319 | D:6      | 31319 ||| PLANNING CONVERSION TO OKAWARU
 31321 | D:5      | 31321 ||| PLANNING D:1-11
 31337 | D:5      | 31337 ||| PLANNING CONVERSION TO OKAWARU
 31337 | D:5      | 31337 ||| PLANNING D:1-11
 31337 | D:5      | 31337 ||| Stepping randomly (stuck).
 31357 | D:6      | 31357 ||| PLANNING CONVERSION TO OKAWARU
 31359 | D:5      | 31359 ||| PLANNING D:1-11
 31375 | D:5      | 31375 ||| PLANNING CONVERSION TO OKAWARU
 31375 | D:5      | 31375 ||| PLANNING D:1-11
 31375 | D:5      | 31375 ||| Stepping randomly (stuck).
 31395 | D:6      | 31395 ||| PLANNING CONVERSION TO OKAWARU
 31397 | D:5      | 31397 ||| PLANNING D:1-11
 31413 | D:5      | 31413 ||| PLANNING CONVERSION TO OKAWARU
 31413 | D:5      | 31413 ||| PLANNING D:1-11
 31413 | D:5      | 31413 ||| Stepping randomly (stuck).
 31433 | D:6      | 31433 ||| PLANNING CONVERSION TO OKAWARU
 31435 | D:5      | 31435 ||| PLANNING D:1-11
 31451 | D:5      | 31451 ||| PLANNING CONVERSION TO OKAWARU
 31451 | D:5      | 31451 ||| PLANNING D:1-11
 31451 | D:5      | 31451 ||| Stepping randomly (stuck).
 31471 | D:6      | 31471 ||| PLANNING CONVERSION TO OKAWARU
 31473 | D:5      | 31473 ||| PLANNING D:1-11
 31489 | D:5      | 31489 ||| PLANNING CONVERSION TO OKAWARU
 31489 | D:5      | 31489 ||| PLANNING D:1-11
 31489 | D:5      | 31489 ||| Stepping randomly (stuck).
 31509 | D:6      | 31509 ||| PLANNING CONVERSION TO OKAWARU
 31511 | D:5      | 31511 ||| PLANNING D:1-11
 31527 | D:5      | 31527 ||| PLANNING CONVERSION TO OKAWARU
 31527 | D:5      | 31527 ||| PLANNING D:1-11
 31527 | D:5      | 31527 ||| Stepping randomly (stuck).
 31547 | D:6      | 31547 ||| PLANNING CONVERSION TO OKAWARU
 31549 | D:5      | 31549 ||| PLANNING D:1-11
 31565 | D:5      | 31565 ||| PLANNING CONVERSION TO OKAWARU
 31565 | D:5      | 31565 ||| PLANNING D:1-11
 31565 | D:5      | 31565 ||| Stepping randomly (stuck).
 31585 | D:6      | 31585 ||| PLANNING CONVERSION TO OKAWARU
 31587 | D:5      | 31587 ||| PLANNING D:1-11
 31603 | D:5      | 31603 ||| PLANNING CONVERSION TO OKAWARU
 31603 | D:5      | 31603 ||| PLANNING D:1-11
 31603 | D:5      | 31603 ||| Stepping randomly (stuck).
 31623 | D:6      | 31623 ||| PLANNING CONVERSION TO OKAWARU
 31625 | D:5      | 31625 ||| PLANNING D:1-11
 31641 | D:5      | 31641 ||| PLANNING CONVERSION TO OKAWARU
 31641 | D:5      | 31641 ||| PLANNING D:1-11
 31641 | D:5      | 31641 ||| Stepping randomly (stuck).
 31661 | D:6      | 31661 ||| PLANNING CONVERSION TO OKAWARU
 31663 | D:5      | 31663 ||| PLANNING D:1-11
 31679 | D:5      | 31679 ||| PLANNING CONVERSION TO OKAWARU
 31679 | D:5      | 31679 ||| PLANNING D:1-11
 31679 | D:5      | 31679 ||| Stepping randomly (stuck).
 31699 | D:6      | 31699 ||| PLANNING CONVERSION TO OKAWARU
 31701 | D:5      | 31701 ||| PLANNING D:1-11
 31717 | D:5      | 31717 ||| PLANNING CONVERSION TO OKAWARU
 31717 | D:5      | 31717 ||| PLANNING D:1-11
 31717 | D:5      | 31717 ||| Stepping randomly (stuck).
 31737 | D:6      | 31737 ||| PLANNING CONVERSION TO OKAWARU
 31739 | D:5      | 31739 ||| PLANNING D:1-11
 31755 | D:5      | 31755 ||| PLANNING CONVERSION TO OKAWARU
 31755 | D:5      | 31755 ||| PLANNING D:1-11
 31755 | D:5      | 31755 ||| Stepping randomly (stuck).
 31775 | D:6      | 31775 ||| PLANNING CONVERSION TO OKAWARU
 31777 | D:5      | 31777 ||| PLANNING D:1-11
 31793 | D:5      | 31793 ||| PLANNING CONVERSION TO OKAWARU
 31793 | D:5      | 31793 ||| PLANNING D:1-11
 31793 | D:5      | 31793 ||| Stepping randomly (stuck).
 31813 | D:6      | 31813 ||| PLANNING CONVERSION TO OKAWARU
 31815 | D:5      | 31815 ||| PLANNING D:1-11
 31831 | D:5      | 31831 ||| PLANNING CONVERSION TO OKAWARU
 31831 | D:5      | 31831 ||| PLANNING D:1-11
 31831 | D:5      | 31831 ||| Stepping randomly (stuck).
 31851 | D:6      | 31851 ||| PLANNING CONVERSION TO OKAWARU
 31853 | D:5      | 31853 ||| PLANNING D:1-11
 31869 | D:5      | 31869 ||| PLANNING CONVERSION TO OKAWARU
 31869 | D:5      | 31869 ||| PLANNING D:1-11
 31869 | D:5      | 31869 ||| Stepping randomly (stuck).
 31889 | D:6      | 31889 ||| PLANNING CONVERSION TO OKAWARU
 31891 | D:5      | 31891 ||| PLANNING D:1-11
 31907 | D:5      | 31907 ||| PLANNING CONVERSION TO OKAWARU
 31907 | D:5      | 31907 ||| PLANNING D:1-11
 31907 | D:5      | 31907 ||| Stepping randomly (stuck).
 31927 | D:6      | 31927 ||| PLANNING CONVERSION TO OKAWARU
 31929 | D:5      | 31929 ||| PLANNING D:1-11
 31945 | D:5      | 31945 ||| PLANNING CONVERSION TO OKAWARU
 31945 | D:5      | 31945 ||| PLANNING D:1-11
 31945 | D:5      | 31945 ||| Stepping randomly (stuck).
 31965 | D:6      | 31965 ||| PLANNING CONVERSION TO OKAWARU
 31967 | D:5      | 31967 ||| PLANNING D:1-11
 31983 | D:5      | 31983 ||| PLANNING CONVERSION TO OKAWARU
 31983 | D:5      | 31983 ||| PLANNING D:1-11
 31983 | D:5      | 31983 ||| Stepping randomly (stuck).
 32003 | D:6      | 32003 ||| PLANNING CONVERSION TO OKAWARU
 32005 | D:5      | 32005 ||| PLANNING D:1-11
 32021 | D:5      | 32021 ||| PLANNING CONVERSION TO OKAWARU
 32021 | D:5      | 32021 ||| PLANNING D:1-11
 32021 | D:5      | 32021 ||| Stepping randomly (stuck).
 32041 | D:6      | 32041 ||| PLANNING CONVERSION TO OKAWARU
 32043 | D:5      | 32043 ||| PLANNING D:1-11
 32059 | D:5      | 32059 ||| PLANNING CONVERSION TO OKAWARU
 32059 | D:5      | 32059 ||| PLANNING D:1-11
 32059 | D:5      | 32059 ||| Stepping randomly (stuck).
 32079 | D:6      | 32079 ||| PLANNING CONVERSION TO OKAWARU
 32081 | D:5      | 32081 ||| PLANNING D:1-11
 32097 | D:5      | 32097 ||| PLANNING CONVERSION TO OKAWARU
 32097 | D:5      | 32097 ||| PLANNING D:1-11
 32097 | D:5      | 32097 ||| Stepping randomly (stuck).
 32117 | D:6      | 32117 ||| PLANNING CONVERSION TO OKAWARU
 32119 | D:5      | 32119 ||| PLANNING D:1-11
 32135 | D:5      | 32135 ||| PLANNING CONVERSION TO OKAWARU
 32135 | D:5      | 32135 ||| PLANNING D:1-11
 32135 | D:5      | 32135 ||| Stepping randomly (stuck).
 32155 | D:6      | 32155 ||| PLANNING CONVERSION TO OKAWARU
 32157 | D:5      | 32157 ||| PLANNING D:1-11
 32173 | D:5      | 32173 ||| PLANNING CONVERSION TO OKAWARU
 32173 | D:5      | 32173 ||| PLANNING D:1-11
 32173 | D:5      | 32173 ||| Stepping randomly (stuck).
 32193 | D:6      | 32193 ||| PLANNING CONVERSION TO OKAWARU
 32195 | D:5      | 32195 ||| PLANNING D:1-11
 32211 | D:5      | 32211 ||| PLANNING CONVERSION TO OKAWARU
 32211 | D:5      | 32211 ||| PLANNING D:1-11
 32211 | D:5      | 32211 ||| Stepping randomly (stuck).
 32231 | D:6      | 32231 ||| PLANNING CONVERSION TO OKAWARU
 32233 | D:5      | 32233 ||| PLANNING D:1-11
 32249 | D:5      | 32249 ||| PLANNING CONVERSION TO OKAWARU
 32249 | D:5      | 32249 ||| PLANNING D:1-11
 32249 | D:5      | 32249 ||| Stepping randomly (stuck).
 32269 | D:6      | 32269 ||| PLANNING CONVERSION TO OKAWARU
 32271 | D:5      | 32271 ||| PLANNING D:1-11
 32287 | D:5      | 32287 ||| PLANNING CONVERSION TO OKAWARU
 32287 | D:5      | 32287 ||| PLANNING D:1-11
 32287 | D:5      | 32287 ||| Stepping randomly (stuck).
 32307 | D:6      | 32307 ||| PLANNING CONVERSION TO OKAWARU
 32309 | D:5      | 32309 ||| PLANNING D:1-11
 32325 | D:5      | 32325 ||| PLANNING CONVERSION TO OKAWARU
 32325 | D:5      | 32325 ||| PLANNING D:1-11
 32325 | D:5      | 32325 ||| Stepping randomly (stuck).
 32345 | D:6      | 32345 ||| PLANNING CONVERSION TO OKAWARU
 32347 | D:5      | 32347 ||| PLANNING D:1-11
 32363 | D:5      | 32363 ||| PLANNING CONVERSION TO OKAWARU
 32363 | D:5      | 32363 ||| PLANNING D:1-11
 32363 | D:5      | 32363 ||| Stepping randomly (stuck).
 32383 | D:6      | 32383 ||| PLANNING CONVERSION TO OKAWARU
 32385 | D:5      | 32385 ||| PLANNING D:1-11
 32401 | D:5      | 32401 ||| PLANNING CONVERSION TO OKAWARU
 32401 | D:5      | 32401 ||| PLANNING D:1-11
 32401 | D:5      | 32401 ||| Stepping randomly (stuck).
 32421 | D:6      | 32421 ||| PLANNING CONVERSION TO OKAWARU
 32423 | D:5      | 32423 ||| PLANNING D:1-11
 32439 | D:5      | 32439 ||| PLANNING CONVERSION TO OKAWARU
 32439 | D:5      | 32439 ||| PLANNING D:1-11
 32439 | D:5      | 32439 ||| Stepping randomly (stuck).
 32459 | D:6      | 32459 ||| PLANNING CONVERSION TO OKAWARU
 32461 | D:5      | 32461 ||| PLANNING D:1-11
 32477 | D:5      | 32477 ||| PLANNING CONVERSION TO OKAWARU
 32477 | D:5      | 32477 ||| PLANNING D:1-11
 32477 | D:5      | 32477 ||| Stepping randomly (stuck).
 32497 | D:6      | 32497 ||| PLANNING CONVERSION TO OKAWARU
 32499 | D:5      | 32499 ||| PLANNING D:1-11
 32515 | D:5      | 32515 ||| PLANNING CONVERSION TO OKAWARU
 32515 | D:5      | 32515 ||| PLANNING D:1-11
 32515 | D:5      | 32515 ||| Stepping randomly (stuck).
 32535 | D:6      | 32535 ||| PLANNING CONVERSION TO OKAWARU
 32537 | D:5      | 32537 ||| PLANNING D:1-11
 32553 | D:5      | 32553 ||| PLANNING CONVERSION TO OKAWARU
 32553 | D:5      | 32553 ||| PLANNING D:1-11
 32553 | D:5      | 32553 ||| Stepping randomly (stuck).
 32573 | D:6      | 32573 ||| PLANNING CONVERSION TO OKAWARU
 32575 | D:5      | 32575 ||| PLANNING D:1-11
 32591 | D:5      | 32591 ||| PLANNING CONVERSION TO OKAWARU
 32591 | D:5      | 32591 ||| PLANNING D:1-11
 32591 | D:5      | 32591 ||| Stepping randomly (stuck).
 32611 | D:6      | 32611 ||| PLANNING CONVERSION TO OKAWARU
 32613 | D:5      | 32613 ||| PLANNING D:1-11
 32629 | D:5      | 32629 ||| PLANNING CONVERSION TO OKAWARU
 32629 | D:5      | 32629 ||| PLANNING D:1-11
 32629 | D:5      | 32629 ||| Stepping randomly (stuck).
 32649 | D:6      | 32649 ||| PLANNING CONVERSION TO OKAWARU
 32651 | D:5      | 32651 ||| PLANNING D:1-11
 32667 | D:5      | 32667 ||| PLANNING CONVERSION TO OKAWARU
 32667 | D:5      | 32667 ||| PLANNING D:1-11
 32667 | D:5      | 32667 ||| Stepping randomly (stuck).
 32687 | D:6      | 32687 ||| PLANNING CONVERSION TO OKAWARU
 32689 | D:5      | 32689 ||| PLANNING D:1-11
 32705 | D:5      | 32705 ||| PLANNING CONVERSION TO OKAWARU
 32705 | D:5      | 32705 ||| PLANNING D:1-11
 32705 | D:5      | 32705 ||| Stepping randomly (stuck).
 32725 | D:6      | 32725 ||| PLANNING CONVERSION TO OKAWARU
 32727 | D:5      | 32727 ||| PLANNING D:1-11
 32743 | D:5      | 32743 ||| PLANNING CONVERSION TO OKAWARU
 32743 | D:5      | 32743 ||| PLANNING D:1-11
 32743 | D:5      | 32743 ||| Stepping randomly (stuck).
 32763 | D:6      | 32763 ||| PLANNING CONVERSION TO OKAWARU
 32765 | D:5      | 32765 ||| PLANNING D:1-11
 32781 | D:5      | 32781 ||| PLANNING CONVERSION TO OKAWARU
 32781 | D:5      | 32781 ||| PLANNING D:1-11
 32781 | D:5      | 32781 ||| Stepping randomly (stuck).
 32801 | D:6      | 32801 ||| PLANNING CONVERSION TO OKAWARU
 32803 | D:5      | 32803 ||| PLANNING D:1-11
 32819 | D:5      | 32819 ||| PLANNING CONVERSION TO OKAWARU
 32819 | D:5      | 32819 ||| PLANNING D:1-11
 32819 | D:5      | 32819 ||| Stepping randomly (stuck).
 32839 | D:6      | 32839 ||| PLANNING CONVERSION TO OKAWARU
 32841 | D:5      | 32841 ||| PLANNING D:1-11
 32857 | D:5      | 32857 ||| PLANNING CONVERSION TO OKAWARU
 32857 | D:5      | 32857 ||| PLANNING D:1-11
 32857 | D:5      | 32857 ||| Stepping randomly (stuck).
 32877 | D:6      | 32877 ||| PLANNING CONVERSION TO OKAWARU
 32879 | D:5      | 32879 ||| PLANNING D:1-11
 32895 | D:5      | 32895 ||| PLANNING CONVERSION TO OKAWARU
 32895 | D:5      | 32895 ||| PLANNING D:1-11
 32895 | D:5      | 32895 ||| Stepping randomly (stuck).
 32915 | D:6      | 32915 ||| PLANNING CONVERSION TO OKAWARU
 32917 | D:5      | 32917 ||| PLANNING D:1-11
 32933 | D:5      | 32933 ||| PLANNING CONVERSION TO OKAWARU
 32933 | D:5      | 32933 ||| PLANNING D:1-11
 32933 | D:5      | 32933 ||| Stepping randomly (stuck).
 32953 | D:6      | 32953 ||| PLANNING CONVERSION TO OKAWARU
 32955 | D:5      | 32955 ||| PLANNING D:1-11
 32971 | D:5      | 32971 ||| PLANNING CONVERSION TO OKAWARU
 32971 | D:5      | 32971 ||| PLANNING D:1-11
 32971 | D:5      | 32971 ||| Stepping randomly (stuck).
 32991 | D:6      | 32991 ||| PLANNING CONVERSION TO OKAWARU
 32993 | D:5      | 32993 ||| PLANNING D:1-11
 33009 | D:5      | 33009 ||| PLANNING CONVERSION TO OKAWARU
 33009 | D:5      | 33009 ||| PLANNING D:1-11
 33009 | D:5      | 33009 ||| Stepping randomly (stuck).
 33029 | D:6      | 33029 ||| PLANNING CONVERSION TO OKAWARU
 33031 | D:5      | 33031 ||| PLANNING D:1-11
 33047 | D:5      | 33047 ||| PLANNING CONVERSION TO OKAWARU
 33047 | D:5      | 33047 ||| PLANNING D:1-11
 33047 | D:5      | 33047 ||| Stepping randomly (stuck).
 33067 | D:6      | 33067 ||| PLANNING CONVERSION TO OKAWARU
 33069 | D:5      | 33069 ||| PLANNING D:1-11
 33085 | D:5      | 33085 ||| PLANNING CONVERSION TO OKAWARU
 33085 | D:5      | 33085 ||| PLANNING D:1-11
 33085 | D:5      | 33085 ||| Stepping randomly (stuck).
 33105 | D:6      | 33105 ||| PLANNING CONVERSION TO OKAWARU
 33107 | D:5      | 33107 ||| PLANNING D:1-11
 33123 | D:5      | 33123 ||| PLANNING CONVERSION TO OKAWARU
 33123 | D:5      | 33123 ||| PLANNING D:1-11
 33123 | D:5      | 33123 ||| Stepping randomly (stuck).
 33143 | D:6      | 33143 ||| PLANNING CONVERSION TO OKAWARU
 33145 | D:5      | 33145 ||| PLANNING D:1-11
 33161 | D:5      | 33161 ||| PLANNING CONVERSION TO OKAWARU
 33161 | D:5      | 33161 ||| PLANNING D:1-11
 33161 | D:5      | 33161 ||| Stepping randomly (stuck).
 33181 | D:6      | 33181 ||| PLANNING CONVERSION TO OKAWARU
 33183 | D:5      | 33183 ||| PLANNING D:1-11
 33199 | D:5      | 33199 ||| PLANNING CONVERSION TO OKAWARU
 33199 | D:5      | 33199 ||| PLANNING D:1-11
 33199 | D:5      | 33199 ||| Stepping randomly (stuck).
 33219 | D:6      | 33219 ||| PLANNING CONVERSION TO OKAWARU
 33221 | D:5      | 33221 ||| PLANNING D:1-11
 33237 | D:5      | 33237 ||| PLANNING CONVERSION TO OKAWARU
 33237 | D:5      | 33237 ||| PLANNING D:1-11
 33237 | D:5      | 33237 ||| Stepping randomly (stuck).
 33257 | D:6      | 33257 ||| PLANNING CONVERSION TO OKAWARU
 33259 | D:5      | 33259 ||| PLANNING D:1-11
 33275 | D:5      | 33275 ||| PLANNING CONVERSION TO OKAWARU
 33275 | D:5      | 33275 ||| PLANNING D:1-11
 33275 | D:5      | 33275 ||| Stepping randomly (stuck).
 33295 | D:6      | 33295 ||| PLANNING CONVERSION TO OKAWARU
 33297 | D:5      | 33297 ||| PLANNING D:1-11
 33313 | D:5      | 33313 ||| PLANNING CONVERSION TO OKAWARU
 33313 | D:5      | 33313 ||| PLANNING D:1-11
 33313 | D:5      | 33313 ||| Stepping randomly (stuck).
 33333 | D:6      | 33333 ||| PLANNING CONVERSION TO OKAWARU
 33335 | D:5      | 33335 ||| PLANNING D:1-11
 33351 | D:5      | 33351 ||| PLANNING CONVERSION TO OKAWARU
 33351 | D:5      | 33351 ||| PLANNING D:1-11
 33351 | D:5      | 33351 ||| Stepping randomly (stuck).
 33371 | D:6      | 33371 ||| PLANNING CONVERSION TO OKAWARU
 33373 | D:5      | 33373 ||| PLANNING D:1-11
 33389 | D:5      | 33389 ||| PLANNING CONVERSION TO OKAWARU
 33389 | D:5      | 33389 ||| PLANNING D:1-11
 33389 | D:5      | 33389 ||| Stepping randomly (stuck).
 33409 | D:6      | 33409 ||| PLANNING CONVERSION TO OKAWARU
 33411 | D:5      | 33411 ||| PLANNING D:1-11
 33427 | D:5      | 33427 ||| PLANNING CONVERSION TO OKAWARU
 33427 | D:5      | 33427 ||| PLANNING D:1-11
 33427 | D:5      | 33427 ||| Stepping randomly (stuck).
 33447 | D:6      | 33447 ||| PLANNING CONVERSION TO OKAWARU
 33449 | D:5      | 33449 ||| PLANNING D:1-11
 33465 | D:5      | 33465 ||| PLANNING CONVERSION TO OKAWARU
 33465 | D:5      | 33465 ||| PLANNING D:1-11
 33465 | D:5      | 33465 ||| Stepping randomly (stuck).
 33485 | D:6      | 33485 ||| PLANNING CONVERSION TO OKAWARU
 33487 | D:5      | 33487 ||| PLANNING D:1-11
 33503 | D:5      | 33503 ||| PLANNING CONVERSION TO OKAWARU
 33503 | D:5      | 33503 ||| PLANNING D:1-11
 33503 | D:5      | 33503 ||| Stepping randomly (stuck).
 33523 | D:6      | 33523 ||| PLANNING CONVERSION TO OKAWARU
 33525 | D:5      | 33525 ||| PLANNING D:1-11
 33541 | D:5      | 33541 ||| PLANNING CONVERSION TO OKAWARU
 33541 | D:5      | 33541 ||| PLANNING D:1-11
 33541 | D:5      | 33541 ||| Stepping randomly (stuck).
 33561 | D:6      | 33561 ||| PLANNING CONVERSION TO OKAWARU
 33563 | D:5      | 33563 ||| PLANNING D:1-11
 33579 | D:5      | 33579 ||| PLANNING CONVERSION TO OKAWARU
 33579 | D:5      | 33579 ||| PLANNING D:1-11
 33579 | D:5      | 33579 ||| Stepping randomly (stuck).
 33599 | D:6      | 33599 ||| PLANNING CONVERSION TO OKAWARU
 33601 | D:5      | 33601 ||| PLANNING D:1-11
 33617 | D:5      | 33617 ||| PLANNING CONVERSION TO OKAWARU
 33617 | D:5      | 33617 ||| PLANNING D:1-11
 33617 | D:5      | 33617 ||| Stepping randomly (stuck).
 33637 | D:6      | 33637 ||| PLANNING CONVERSION TO OKAWARU
 33639 | D:5      | 33639 ||| PLANNING D:1-11
 33655 | D:5      | 33655 ||| PLANNING CONVERSION TO OKAWARU
 33655 | D:5      | 33655 ||| PLANNING D:1-11
 33655 | D:5      | 33655 ||| Stepping randomly (stuck).
 33675 | D:6      | 33675 ||| PLANNING CONVERSION TO OKAWARU
 33677 | D:5      | 33677 ||| PLANNING D:1-11
 33693 | D:5      | 33693 ||| PLANNING CONVERSION TO OKAWARU
 33693 | D:5      | 33693 ||| PLANNING D:1-11
 33693 | D:5      | 33693 ||| Stepping randomly (stuck).
 33713 | D:6      | 33713 ||| PLANNING CONVERSION TO OKAWARU
 33715 | D:5      | 33715 ||| PLANNING D:1-11
 33731 | D:5      | 33731 ||| PLANNING CONVERSION TO OKAWARU
 33731 | D:5      | 33731 ||| PLANNING D:1-11
 33731 | D:5      | 33731 ||| Stepping randomly (stuck).
 33751 | D:6      | 33751 ||| PLANNING CONVERSION TO OKAWARU
 33753 | D:5      | 33753 ||| PLANNING D:1-11
 33769 | D:5      | 33769 ||| PLANNING CONVERSION TO OKAWARU
 33769 | D:5      | 33769 ||| PLANNING D:1-11
 33769 | D:5      | 33769 ||| Stepping randomly (stuck).
 33789 | D:6      | 33789 ||| PLANNING CONVERSION TO OKAWARU
 33791 | D:5      | 33791 ||| PLANNING D:1-11
 33807 | D:5      | 33807 ||| PLANNING CONVERSION TO OKAWARU
 33807 | D:5      | 33807 ||| PLANNING D:1-11
 33807 | D:5      | 33807 ||| Stepping randomly (stuck).
 33827 | D:6      | 33827 ||| PLANNING CONVERSION TO OKAWARU
 33829 | D:5      | 33829 ||| PLANNING D:1-11
 33845 | D:5      | 33845 ||| PLANNING CONVERSION TO OKAWARU
 33845 | D:5      | 33845 ||| PLANNING D:1-11
 33845 | D:5      | 33845 ||| Stepping randomly (stuck).
 33865 | D:6      | 33865 ||| PLANNING CONVERSION TO OKAWARU
 33867 | D:5      | 33867 ||| PLANNING D:1-11
 33883 | D:5      | 33883 ||| PLANNING CONVERSION TO OKAWARU
 33883 | D:5      | 33883 ||| PLANNING D:1-11
 33883 | D:5      | 33883 ||| Stepping randomly (stuck).
 33903 | D:6      | 33903 ||| PLANNING CONVERSION TO OKAWARU
 33905 | D:5      | 33905 ||| PLANNING D:1-11
 33921 | D:5      | 33921 ||| PLANNING CONVERSION TO OKAWARU
 33921 | D:5      | 33921 ||| PLANNING D:1-11
 33921 | D:5      | 33921 ||| Stepping randomly (stuck).
 33941 | D:6      | 33941 ||| PLANNING CONVERSION TO OKAWARU
 33943 | D:5      | 33943 ||| PLANNING D:1-11
 33959 | D:5      | 33959 ||| PLANNING CONVERSION TO OKAWARU
 33959 | D:5      | 33959 ||| PLANNING D:1-11
 33959 | D:5      | 33959 ||| Stepping randomly (stuck).
 33979 | D:6      | 33979 ||| PLANNING CONVERSION TO OKAWARU
 33981 | D:5      | 33981 ||| PLANNING D:1-11
 33997 | D:5      | 33997 ||| PLANNING CONVERSION TO OKAWARU
 33997 | D:5      | 33997 ||| PLANNING D:1-11
 33997 | D:5      | 33997 ||| Stepping randomly (stuck).
 34017 | D:6      | 34017 ||| PLANNING CONVERSION TO OKAWARU
 34019 | D:5      | 34019 ||| PLANNING D:1-11
 34035 | D:5      | 34035 ||| PLANNING CONVERSION TO OKAWARU
 34035 | D:5      | 34035 ||| PLANNING D:1-11
 34035 | D:5      | 34035 ||| Stepping randomly (stuck).
 34055 | D:6      | 34055 ||| PLANNING CONVERSION TO OKAWARU
 34057 | D:5      | 34057 ||| PLANNING D:1-11
 34073 | D:5      | 34073 ||| PLANNING CONVERSION TO OKAWARU
 34073 | D:5      | 34073 ||| PLANNING D:1-11
 34073 | D:5      | 34073 ||| Stepping randomly (stuck).
 34093 | D:6      | 34093 ||| PLANNING CONVERSION TO OKAWARU
 34095 | D:5      | 34095 ||| PLANNING D:1-11
 34111 | D:5      | 34111 ||| PLANNING CONVERSION TO OKAWARU
 34111 | D:5      | 34111 ||| PLANNING D:1-11
 34111 | D:5      | 34111 ||| Stepping randomly (stuck).
 34131 | D:6      | 34131 ||| PLANNING CONVERSION TO OKAWARU
 34133 | D:5      | 34133 ||| PLANNING D:1-11
 34149 | D:5      | 34149 ||| PLANNING CONVERSION TO OKAWARU
 34149 | D:5      | 34149 ||| PLANNING D:1-11
 34149 | D:5      | 34149 ||| Stepping randomly (stuck).
 34169 | D:6      | 34169 ||| PLANNING CONVERSION TO OKAWARU
 34171 | D:5      | 34171 ||| PLANNING D:1-11
 34187 | D:5      | 34187 ||| PLANNING CONVERSION TO OKAWARU
 34187 | D:5      | 34187 ||| PLANNING D:1-11
 34187 | D:5      | 34187 ||| Stepping randomly (stuck).
 34207 | D:6      | 34207 ||| PLANNING CONVERSION TO OKAWARU
 34209 | D:5      | 34209 ||| PLANNING D:1-11
 34225 | D:5      | 34225 ||| PLANNING CONVERSION TO OKAWARU
 34225 | D:5      | 34225 ||| PLANNING D:1-11
 34225 | D:5      | 34225 ||| Stepping randomly (stuck).
 34245 | D:6      | 34245 ||| PLANNING CONVERSION TO OKAWARU
 34247 | D:5      | 34247 ||| PLANNING D:1-11
 34263 | D:5      | 34263 ||| PLANNING CONVERSION TO OKAWARU
 34263 | D:5      | 34263 ||| PLANNING D:1-11
 34263 | D:5      | 34263 ||| Stepping randomly (stuck).
 34283 | D:6      | 34283 ||| PLANNING CONVERSION TO OKAWARU
 34285 | D:5      | 34285 ||| PLANNING D:1-11
 34301 | D:5      | 34301 ||| PLANNING CONVERSION TO OKAWARU
 34301 | D:5      | 34301 ||| PLANNING D:1-11
 34301 | D:5      | 34301 ||| Stepping randomly (stuck).
 34321 | D:6      | 34321 ||| PLANNING CONVERSION TO OKAWARU
 34323 | D:5      | 34323 ||| PLANNING D:1-11
 34339 | D:5      | 34339 ||| PLANNING CONVERSION TO OKAWARU
 34339 | D:5      | 34339 ||| PLANNING D:1-11
 34339 | D:5      | 34339 ||| Stepping randomly (stuck).
 34359 | D:6      | 34359 ||| PLANNING CONVERSION TO OKAWARU
 34361 | D:5      | 34361 ||| PLANNING D:1-11
 34377 | D:5      | 34377 ||| PLANNING CONVERSION TO OKAWARU
 34377 | D:5      | 34377 ||| PLANNING D:1-11
 34377 | D:5      | 34377 ||| Stepping randomly (stuck).
 34397 | D:6      | 34397 ||| PLANNING CONVERSION TO OKAWARU
 34399 | D:5      | 34399 ||| PLANNING D:1-11
 34415 | D:5      | 34415 ||| PLANNING CONVERSION TO OKAWARU
 34415 | D:5      | 34415 ||| PLANNING D:1-11
 34415 | D:5      | 34415 ||| Stepping randomly (stuck).
 34435 | D:6      | 34435 ||| PLANNING CONVERSION TO OKAWARU
 34437 | D:5      | 34437 ||| PLANNING D:1-11
 34453 | D:5      | 34453 ||| PLANNING CONVERSION TO OKAWARU
 34453 | D:5      | 34453 ||| PLANNING D:1-11
 34453 | D:5      | 34453 ||| Stepping randomly (stuck).
 34473 | D:6      | 34473 ||| PLANNING CONVERSION TO OKAWARU
 34475 | D:5      | 34475 ||| PLANNING D:1-11
 34491 | D:5      | 34491 ||| PLANNING CONVERSION TO OKAWARU
 34491 | D:5      | 34491 ||| PLANNING D:1-11
 34491 | D:5      | 34491 ||| Stepping randomly (stuck).
 34511 | D:6      | 34511 ||| PLANNING CONVERSION TO OKAWARU
 34513 | D:5      | 34513 ||| PLANNING D:1-11
 34529 | D:5      | 34529 ||| PLANNING CONVERSION TO OKAWARU
 34529 | D:5      | 34529 ||| PLANNING D:1-11
 34529 | D:5      | 34529 ||| Stepping randomly (stuck).
 34549 | D:6      | 34549 ||| PLANNING CONVERSION TO OKAWARU
 34551 | D:5      | 34551 ||| PLANNING D:1-11
 34567 | D:5      | 34567 ||| PLANNING CONVERSION TO OKAWARU
 34567 | D:5      | 34567 ||| PLANNING D:1-11
 34567 | D:5      | 34567 ||| Stepping randomly (stuck).
 34587 | D:6      | 34587 ||| PLANNING CONVERSION TO OKAWARU
 34589 | D:5      | 34589 ||| PLANNING D:1-11
 34590 | D:5      | Glimpsed the power of Zot.
 34605 | D:5      | 34605 ||| PLANNING CONVERSION TO OKAWARU
 34605 | D:5      | 34605 ||| PLANNING D:1-11
 34605 | D:5      | 34605 ||| Stepping randomly (stuck).
 34625 | D:6      | 34625 ||| PLANNING CONVERSION TO OKAWARU
 34627 | D:5      | 34627 ||| PLANNING D:1-11
 34643 | D:5      | 34643 ||| PLANNING CONVERSION TO OKAWARU
 34643 | D:5      | 34643 ||| PLANNING D:1-11
 34643 | D:5      | 34643 ||| Stepping randomly (stuck).
 34663 | D:6      | 34663 ||| PLANNING CONVERSION TO OKAWARU
 34665 | D:5      | 34665 ||| PLANNING D:1-11
 34681 | D:5      | 34681 ||| PLANNING CONVERSION TO OKAWARU
 34681 | D:5      | 34681 ||| PLANNING D:1-11
 34681 | D:5      | 34681 ||| Stepping randomly (stuck).
 34701 | D:6      | 34701 ||| PLANNING CONVERSION TO OKAWARU
 34703 | D:5      | 34703 ||| PLANNING D:1-11
 34719 | D:5      | 34719 ||| PLANNING CONVERSION TO OKAWARU
 34719 | D:5      | 34719 ||| PLANNING D:1-11
 34719 | D:5      | 34719 ||| Stepping randomly (stuck).
 34739 | D:6      | 34739 ||| PLANNING CONVERSION TO OKAWARU
 34741 | D:5      | 34741 ||| PLANNING D:1-11
 34757 | D:5      | 34757 ||| PLANNING CONVERSION TO OKAWARU
 34757 | D:5      | 34757 ||| PLANNING D:1-11
 34757 | D:5      | 34757 ||| Stepping randomly (stuck).
 34777 | D:6      | 34777 ||| PLANNING CONVERSION TO OKAWARU
 34779 | D:5      | 34779 ||| PLANNING D:1-11
 34795 | D:5      | 34795 ||| PLANNING CONVERSION TO OKAWARU
 34795 | D:5      | 34795 ||| PLANNING D:1-11
 34795 | D:5      | 34795 ||| Stepping randomly (stuck).
 34815 | D:6      | 34815 ||| PLANNING CONVERSION TO OKAWARU
 34817 | D:5      | 34817 ||| PLANNING D:1-11
 34833 | D:5      | 34833 ||| PLANNING CONVERSION TO OKAWARU
 34833 | D:5      | 34833 ||| PLANNING D:1-11
 34833 | D:5      | 34833 ||| Stepping randomly (stuck).
 34853 | D:6      | 34853 ||| PLANNING CONVERSION TO OKAWARU
 34855 | D:5      | 34855 ||| PLANNING D:1-11
 34871 | D:5      | 34871 ||| PLANNING CONVERSION TO OKAWARU
 34871 | D:5      | 34871 ||| PLANNING D:1-11
 34871 | D:5      | 34871 ||| Stepping randomly (stuck).
 34891 | D:6      | 34891 ||| PLANNING CONVERSION TO OKAWARU
 34893 | D:5      | 34893 ||| PLANNING D:1-11
 34909 | D:5      | 34909 ||| PLANNING CONVERSION TO OKAWARU
 34909 | D:5      | 34909 ||| PLANNING D:1-11
 34909 | D:5      | 34909 ||| Stepping randomly (stuck).
 34929 | D:6      | 34929 ||| PLANNING CONVERSION TO OKAWARU
 34931 | D:5      | 34931 ||| PLANNING D:1-11
 34947 | D:5      | 34947 ||| PLANNING CONVERSION TO OKAWARU
 34947 | D:5      | 34947 ||| PLANNING D:1-11
 34947 | D:5      | 34947 ||| Stepping randomly (stuck).
 34967 | D:6      | 34967 ||| PLANNING CONVERSION TO OKAWARU
 34969 | D:5      | 34969 ||| PLANNING D:1-11
 34985 | D:5      | 34985 ||| PLANNING CONVERSION TO OKAWARU
 34985 | D:5      | 34985 ||| PLANNING D:1-11
 34985 | D:5      | 34985 ||| Stepping randomly (stuck).
 35005 | D:6      | 35005 ||| PLANNING CONVERSION TO OKAWARU
 35007 | D:5      | 35007 ||| PLANNING D:1-11
 35023 | D:5      | 35023 ||| PLANNING CONVERSION TO OKAWARU
 35023 | D:5      | 35023 ||| PLANNING D:1-11
 35023 | D:5      | 35023 ||| Stepping randomly (stuck).
 35043 | D:6      | 35043 ||| PLANNING CONVERSION TO OKAWARU
 35045 | D:5      | 35045 ||| PLANNING D:1-11
 35054 | D:5      | Glimpsed the power of Zot.
 35061 | D:5      | 35061 ||| PLANNING CONVERSION TO OKAWARU
 35061 | D:5      | 35061 ||| PLANNING D:1-11
 35061 | D:5      | 35061 ||| Stepping randomly (stuck).
 35081 | D:6      | 35081 ||| PLANNING CONVERSION TO OKAWARU
 35083 | D:5      | 35083 ||| PLANNING D:1-11
 35099 | D:5      | 35099 ||| PLANNING CONVERSION TO OKAWARU
 35099 | D:5      | 35099 ||| PLANNING D:1-11
 35099 | D:5      | 35099 ||| Stepping randomly (stuck).
 35119 | D:6      | 35119 ||| PLANNING CONVERSION TO OKAWARU
 35121 | D:5      | 35121 ||| PLANNING D:1-11
 35137 | D:5      | 35137 ||| PLANNING CONVERSION TO OKAWARU
 35137 | D:5      | 35137 ||| PLANNING D:1-11
 35137 | D:5      | 35137 ||| Stepping randomly (stuck).
 35157 | D:6      | 35157 ||| PLANNING CONVERSION TO OKAWARU
 35159 | D:5      | 35159 ||| PLANNING D:1-11
 35175 | D:5      | 35175 ||| PLANNING CONVERSION TO OKAWARU
 35175 | D:5      | 35175 ||| PLANNING D:1-11
 35175 | D:5      | 35175 ||| Stepping randomly (stuck).
 35195 | D:6      | 35195 ||| PLANNING CONVERSION TO OKAWARU
 35197 | D:5      | 35197 ||| PLANNING D:1-11
 35213 | D:5      | 35213 ||| PLANNING CONVERSION TO OKAWARU
 35213 | D:5      | 35213 ||| PLANNING D:1-11
 35213 | D:5      | 35213 ||| Stepping randomly (stuck).
 35233 | D:6      | 35233 ||| PLANNING CONVERSION TO OKAWARU
 35235 | D:5      | 35235 ||| PLANNING D:1-11
 35251 | D:5      | 35251 ||| PLANNING CONVERSION TO OKAWARU
 35251 | D:5      | 35251 ||| PLANNING D:1-11
 35251 | D:5      | 35251 ||| Stepping randomly (stuck).
 35271 | D:6      | 35271 ||| PLANNING CONVERSION TO OKAWARU
 35273 | D:5      | 35273 ||| PLANNING D:1-11
 35289 | D:5      | 35289 ||| PLANNING CONVERSION TO OKAWARU
 35289 | D:5      | 35289 ||| PLANNING D:1-11
 35289 | D:5      | 35289 ||| Stepping randomly (stuck).
 35309 | D:6      | 35309 ||| PLANNING CONVERSION TO OKAWARU
 35311 | D:5      | 35311 ||| PLANNING D:1-11
 35327 | D:5      | 35327 ||| PLANNING CONVERSION TO OKAWARU
 35327 | D:5      | 35327 ||| PLANNING D:1-11
 35327 | D:5      | 35327 ||| Stepping randomly (stuck).
 35347 | D:6      | 35347 ||| PLANNING CONVERSION TO OKAWARU
 35349 | D:5      | 35349 ||| PLANNING D:1-11
 35365 | D:5      | 35365 ||| PLANNING CONVERSION TO OKAWARU
 35365 | D:5      | 35365 ||| PLANNING D:1-11
 35365 | D:5      | 35365 ||| Stepping randomly (stuck).
 35385 | D:6      | 35385 ||| PLANNING CONVERSION TO OKAWARU
 35387 | D:5      | 35387 ||| PLANNING D:1-11
 35403 | D:5      | 35403 ||| PLANNING CONVERSION TO OKAWARU
 35403 | D:5      | 35403 ||| PLANNING D:1-11
 35403 | D:5      | 35403 ||| Stepping randomly (stuck).
 35423 | D:6      | 35423 ||| PLANNING CONVERSION TO OKAWARU
 35424 | D:5      | Glimpsed the power of Zot.
 35425 | D:5      | 35425 ||| PLANNING D:1-11
 35441 | D:5      | 35441 ||| PLANNING CONVERSION TO OKAWARU
 35441 | D:5      | 35441 ||| PLANNING D:1-11
 35441 | D:5      | 35441 ||| Stepping randomly (stuck).
 35461 | D:6      | 35461 ||| PLANNING CONVERSION TO OKAWARU
 35463 | D:5      | 35463 ||| PLANNING D:1-11
 35479 | D:5      | 35479 ||| PLANNING CONVERSION TO OKAWARU
 35479 | D:5      | 35479 ||| PLANNING D:1-11
 35479 | D:5      | 35479 ||| Stepping randomly (stuck).
 35499 | D:6      | 35499 ||| PLANNING CONVERSION TO OKAWARU
 35501 | D:5      | 35501 ||| PLANNING D:1-11
 35517 | D:5      | 35517 ||| PLANNING CONVERSION TO OKAWARU
 35517 | D:5      | 35517 ||| PLANNING D:1-11
 35517 | D:5      | 35517 ||| Stepping randomly (stuck).
 35517 | D:5      | Touched by the power of Zot.
 35518 | D:5      | Glimpsed the power of Zot.
 35537 | D:6      | 35537 ||| PLANNING CONVERSION TO OKAWARU
 35539 | D:5      | 35539 ||| PLANNING D:1-11
 35555 | D:5      | 35555 ||| PLANNING CONVERSION TO OKAWARU
 35555 | D:5      | 35555 ||| PLANNING D:1-11
 35555 | D:5      | 35555 ||| Stepping randomly (stuck).
 35575 | D:6      | 35575 ||| PLANNING CONVERSION TO OKAWARU
 35577 | D:5      | 35577 ||| PLANNING D:1-11
 35593 | D:5      | 35593 ||| PLANNING CONVERSION TO OKAWARU
 35593 | D:5      | 35593 ||| PLANNING D:1-11
 35593 | D:5      | 35593 ||| Stepping randomly (stuck).
 35613 | D:6      | 35613 ||| PLANNING CONVERSION TO OKAWARU
 35615 | D:5      | 35615 ||| PLANNING D:1-11
 35631 | D:5      | 35631 ||| PLANNING CONVERSION TO OKAWARU
 35631 | D:5      | 35631 ||| PLANNING D:1-11
 35631 | D:5      | 35631 ||| Stepping randomly (stuck).
 35651 | D:6      | 35651 ||| PLANNING CONVERSION TO OKAWARU
 35653 | D:5      | 35653 ||| PLANNING D:1-11
 35669 | D:5      | 35669 ||| PLANNING CONVERSION TO OKAWARU
 35669 | D:5      | 35669 ||| PLANNING D:1-11
 35669 | D:5      | 35669 ||| Stepping randomly (stuck).
 35689 | D:6      | 35689 ||| PLANNING CONVERSION TO OKAWARU
 35691 | D:5      | 35691 ||| PLANNING D:1-11
 35707 | D:5      | 35707 ||| PLANNING CONVERSION TO OKAWARU
 35707 | D:5      | 35707 ||| PLANNING D:1-11
 35707 | D:5      | 35707 ||| Stepping randomly (stuck).
 35727 | D:6      | 35727 ||| PLANNING CONVERSION TO OKAWARU
 35729 | D:5      | 35729 ||| PLANNING D:1-11
 35745 | D:5      | 35745 ||| PLANNING CONVERSION TO OKAWARU
 35745 | D:5      | 35745 ||| PLANNING D:1-11
 35745 | D:5      | 35745 ||| Stepping randomly (stuck).
 35765 | D:6      | 35765 ||| PLANNING CONVERSION TO OKAWARU
 35767 | D:5      | 35767 ||| PLANNING D:1-11
 35783 | D:5      | 35783 ||| PLANNING CONVERSION TO OKAWARU
 35783 | D:5      | 35783 ||| PLANNING D:1-11
 35783 | D:5      | 35783 ||| Stepping randomly (stuck).
 35803 | D:6      | 35803 ||| PLANNING CONVERSION TO OKAWARU
 35805 | D:5      | 35805 ||| PLANNING D:1-11
 35821 | D:5      | 35821 ||| PLANNING CONVERSION TO OKAWARU
 35821 | D:5      | 35821 ||| PLANNING D:1-11
 35821 | D:5      | 35821 ||| Stepping randomly (stuck).
 35841 | D:6      | 35841 ||| PLANNING CONVERSION TO OKAWARU
 35843 | D:5      | 35843 ||| PLANNING D:1-11
 35859 | D:5      | 35859 ||| PLANNING CONVERSION TO OKAWARU
 35859 | D:5      | 35859 ||| PLANNING D:1-11
 35859 | D:5      | 35859 ||| Stepping randomly (stuck).
 35879 | D:6      | 35879 ||| PLANNING CONVERSION TO OKAWARU
 35881 | D:5      | 35881 ||| PLANNING D:1-11
 35897 | D:5      | 35897 ||| PLANNING CONVERSION TO OKAWARU
 35897 | D:5      | 35897 ||| PLANNING D:1-11
 35897 | D:5      | 35897 ||| Stepping randomly (stuck).
 35917 | D:6      | 35917 ||| PLANNING CONVERSION TO OKAWARU
 35919 | D:5      | 35919 ||| PLANNING D:1-11
 35935 | D:5      | 35935 ||| PLANNING CONVERSION TO OKAWARU
 35935 | D:5      | 35935 ||| PLANNING D:1-11
 35935 | D:5      | 35935 ||| Stepping randomly (stuck).
 35955 | D:6      | 35955 ||| PLANNING CONVERSION TO OKAWARU
 35957 | D:5      | 35957 ||| PLANNING D:1-11
 35973 | D:5      | 35973 ||| PLANNING CONVERSION TO OKAWARU
 35973 | D:5      | 35973 ||| PLANNING D:1-11
 35973 | D:5      | 35973 ||| Stepping randomly (stuck).
 35981 | D:5      | Glimpsed the power of Zot.
 35993 | D:6      | 35993 ||| PLANNING CONVERSION TO OKAWARU
 35995 | D:5      | 35995 ||| PLANNING D:1-11
 36011 | D:5      | 36011 ||| PLANNING CONVERSION TO OKAWARU
 36011 | D:5      | 36011 ||| PLANNING D:1-11
 36011 | D:5      | 36011 ||| Stepping randomly (stuck).
 36031 | D:6      | 36031 ||| PLANNING CONVERSION TO OKAWARU
 36033 | D:5      | 36033 ||| PLANNING D:1-11
 36049 | D:5      | 36049 ||| PLANNING CONVERSION TO OKAWARU
 36049 | D:5      | 36049 ||| PLANNING D:1-11
 36049 | D:5      | 36049 ||| Stepping randomly (stuck).
 36069 | D:6      | 36069 ||| PLANNING CONVERSION TO OKAWARU
 36071 | D:5      | 36071 ||| PLANNING D:1-11
 36087 | D:5      | 36087 ||| PLANNING CONVERSION TO OKAWARU
 36087 | D:5      | 36087 ||| PLANNING D:1-11
 36087 | D:5      | 36087 ||| Stepping randomly (stuck).
 36107 | D:6      | 36107 ||| PLANNING CONVERSION TO OKAWARU
 36109 | D:5      | 36109 ||| PLANNING D:1-11
 36125 | D:5      | 36125 ||| PLANNING CONVERSION TO OKAWARU
 36125 | D:5      | 36125 ||| PLANNING D:1-11
 36125 | D:5      | 36125 ||| Stepping randomly (stuck).
 36145 | D:6      | 36145 ||| PLANNING CONVERSION TO OKAWARU
 36147 | D:5      | 36147 ||| PLANNING D:1-11
 36163 | D:5      | 36163 ||| PLANNING CONVERSION TO OKAWARU
 36163 | D:5      | 36163 ||| PLANNING D:1-11
 36163 | D:5      | 36163 ||| Stepping randomly (stuck).
 36183 | D:6      | 36183 ||| PLANNING CONVERSION TO OKAWARU
 36185 | D:5      | 36185 ||| PLANNING D:1-11
 36201 | D:5      | 36201 ||| PLANNING CONVERSION TO OKAWARU
 36201 | D:5      | 36201 ||| PLANNING D:1-11
 36201 | D:5      | 36201 ||| Stepping randomly (stuck).
 36221 | D:6      | 36221 ||| PLANNING CONVERSION TO OKAWARU
 36223 | D:5      | 36223 ||| PLANNING D:1-11
 36239 | D:5      | 36239 ||| PLANNING CONVERSION TO OKAWARU
 36239 | D:5      | 36239 ||| PLANNING D:1-11
 36239 | D:5      | 36239 ||| Stepping randomly (stuck).
 36259 | D:6      | 36259 ||| PLANNING CONVERSION TO OKAWARU
 36261 | D:5      | 36261 ||| PLANNING D:1-11
 36277 | D:5      | 36277 ||| PLANNING CONVERSION TO OKAWARU
 36277 | D:5      | 36277 ||| PLANNING D:1-11
 36277 | D:5      | 36277 ||| Stepping randomly (stuck).
 36297 | D:6      | 36297 ||| PLANNING CONVERSION TO OKAWARU
 36299 | D:5      | 36299 ||| PLANNING D:1-11
 36315 | D:5      | 36315 ||| PLANNING CONVERSION TO OKAWARU
 36315 | D:5      | 36315 ||| PLANNING D:1-11
 36315 | D:5      | 36315 ||| Stepping randomly (stuck).
 36335 | D:6      | 36335 ||| PLANNING CONVERSION TO OKAWARU
 36337 | D:5      | 36337 ||| PLANNING D:1-11
 36352 | D:5      | Glimpsed the power of Zot.
 36353 | D:5      | 36353 ||| PLANNING CONVERSION TO OKAWARU
 36353 | D:5      | 36353 ||| PLANNING D:1-11
 36353 | D:5      | 36353 ||| Stepping randomly (stuck).
 36373 | D:6      | 36373 ||| PLANNING CONVERSION TO OKAWARU
 36375 | D:5      | 36375 ||| PLANNING D:1-11
 36391 | D:5      | 36391 ||| PLANNING CONVERSION TO OKAWARU
 36391 | D:5      | 36391 ||| PLANNING D:1-11
 36391 | D:5      | 36391 ||| Stepping randomly (stuck).
 36411 | D:6      | 36411 ||| PLANNING CONVERSION TO OKAWARU
 36413 | D:5      | 36413 ||| PLANNING D:1-11
 36429 | D:5      | 36429 ||| PLANNING CONVERSION TO OKAWARU
 36429 | D:5      | 36429 ||| PLANNING D:1-11
 36429 | D:5      | 36429 ||| Stepping randomly (stuck).
 36444 | D:5      | Touched by the power of Zot.
 36445 | D:5      | Glimpsed the power of Zot.
 36449 | D:6      | 36449 ||| PLANNING CONVERSION TO OKAWARU
 36451 | D:5      | 36451 ||| PLANNING D:1-11
 36467 | D:5      | 36467 ||| PLANNING CONVERSION TO OKAWARU
 36467 | D:5      | 36467 ||| PLANNING D:1-11
 36467 | D:5      | 36467 ||| Stepping randomly (stuck).
 36487 | D:6      | 36487 ||| PLANNING CONVERSION TO OKAWARU
 36489 | D:5      | 36489 ||| PLANNING D:1-11
 36505 | D:5      | 36505 ||| PLANNING CONVERSION TO OKAWARU
 36505 | D:5      | 36505 ||| PLANNING D:1-11
 36505 | D:5      | 36505 ||| Stepping randomly (stuck).
 36525 | D:6      | 36525 ||| PLANNING CONVERSION TO OKAWARU
 36527 | D:5      | 36527 ||| PLANNING D:1-11
 36543 | D:5      | 36543 ||| PLANNING CONVERSION TO OKAWARU
 36543 | D:5      | 36543 ||| PLANNING D:1-11
 36543 | D:5      | 36543 ||| Stepping randomly (stuck).
 36563 | D:6      | 36563 ||| PLANNING CONVERSION TO OKAWARU
 36565 | D:5      | 36565 ||| PLANNING D:1-11
 36581 | D:5      | 36581 ||| PLANNING CONVERSION TO OKAWARU
 36581 | D:5      | 36581 ||| PLANNING D:1-11
 36581 | D:5      | 36581 ||| Stepping randomly (stuck).
 36601 | D:6      | 36601 ||| PLANNING CONVERSION TO OKAWARU
 36603 | D:5      | 36603 ||| PLANNING D:1-11
 36619 | D:5      | 36619 ||| PLANNING CONVERSION TO OKAWARU
 36619 | D:5      | 36619 ||| PLANNING D:1-11
 36619 | D:5      | 36619 ||| Stepping randomly (stuck).
 36639 | D:6      | 36639 ||| PLANNING CONVERSION TO OKAWARU
 36641 | D:5      | 36641 ||| PLANNING D:1-11
 36657 | D:5      | 36657 ||| PLANNING CONVERSION TO OKAWARU
 36657 | D:5      | 36657 ||| PLANNING D:1-11
 36657 | D:5      | 36657 ||| Stepping randomly (stuck).
 36677 | D:6      | 36677 ||| PLANNING CONVERSION TO OKAWARU
 36679 | D:5      | 36679 ||| PLANNING D:1-11
 36695 | D:5      | 36695 ||| PLANNING CONVERSION TO OKAWARU
 36695 | D:5      | 36695 ||| PLANNING D:1-11
 36695 | D:5      | 36695 ||| Stepping randomly (stuck).
 36715 | D:6      | 36715 ||| PLANNING CONVERSION TO OKAWARU
 36717 | D:5      | 36717 ||| PLANNING D:1-11
 36733 | D:5      | 36733 ||| PLANNING CONVERSION TO OKAWARU
 36733 | D:5      | 36733 ||| PLANNING D:1-11
 36733 | D:5      | 36733 ||| Stepping randomly (stuck).
 36753 | D:6      | 36753 ||| PLANNING CONVERSION TO OKAWARU
 36755 | D:5      | 36755 ||| PLANNING D:1-11
 36771 | D:5      | 36771 ||| PLANNING CONVERSION TO OKAWARU
 36771 | D:5      | 36771 ||| PLANNING D:1-11
 36771 | D:5      | 36771 ||| Stepping randomly (stuck).
 36791 | D:6      | 36791 ||| PLANNING CONVERSION TO OKAWARU
 36793 | D:5      | 36793 ||| PLANNING D:1-11
 36809 | D:5      | 36809 ||| PLANNING CONVERSION TO OKAWARU
 36809 | D:5      | 36809 ||| PLANNING D:1-11
 36809 | D:5      | 36809 ||| Stepping randomly (stuck).
 36829 | D:6      | 36829 ||| PLANNING CONVERSION TO OKAWARU
 36831 | D:5      | 36831 ||| PLANNING D:1-11
 36847 | D:5      | 36847 ||| PLANNING CONVERSION TO OKAWARU
 36847 | D:5      | 36847 ||| PLANNING D:1-11
 36847 | D:5      | 36847 ||| Stepping randomly (stuck).
 36867 | D:6      | 36867 ||| PLANNING CONVERSION TO OKAWARU
 36869 | D:5      | 36869 ||| PLANNING D:1-11
 36885 | D:5      | 36885 ||| PLANNING CONVERSION TO OKAWARU
 36885 | D:5      | 36885 ||| PLANNING D:1-11
 36885 | D:5      | 36885 ||| Stepping randomly (stuck).
 36905 | D:6      | 36905 ||| PLANNING CONVERSION TO OKAWARU
 36907 | D:5      | 36907 ||| PLANNING D:1-11
 36908 | D:5      | Glimpsed the power of Zot.
 36923 | D:5      | 36923 ||| PLANNING CONVERSION TO OKAWARU
 36923 | D:5      | 36923 ||| PLANNING D:1-11
 36923 | D:5      | 36923 ||| Stepping randomly (stuck).
 36943 | D:6      | 36943 ||| PLANNING CONVERSION TO OKAWARU
 36945 | D:5      | 36945 ||| PLANNING D:1-11
 36961 | D:5      | 36961 ||| PLANNING CONVERSION TO OKAWARU
 36961 | D:5      | 36961 ||| PLANNING D:1-11
 36961 | D:5      | 36961 ||| Stepping randomly (stuck).
 36981 | D:6      | 36981 ||| PLANNING CONVERSION TO OKAWARU
 36983 | D:5      | 36983 ||| PLANNING D:1-11
 36999 | D:5      | 36999 ||| PLANNING CONVERSION TO OKAWARU
 36999 | D:5      | 36999 ||| PLANNING D:1-11
 36999 | D:5      | 36999 ||| Stepping randomly (stuck).
 37019 | D:6      | 37019 ||| PLANNING CONVERSION TO OKAWARU
 37021 | D:5      | 37021 ||| PLANNING D:1-11
 37037 | D:5      | 37037 ||| PLANNING CONVERSION TO OKAWARU
 37037 | D:5      | 37037 ||| PLANNING D:1-11
 37037 | D:5      | 37037 ||| Stepping randomly (stuck).
 37057 | D:6      | 37057 ||| PLANNING CONVERSION TO OKAWARU
 37059 | D:5      | 37059 ||| PLANNING D:1-11
 37075 | D:5      | 37075 ||| PLANNING CONVERSION TO OKAWARU
 37075 | D:5      | 37075 ||| PLANNING D:1-11
 37075 | D:5      | 37075 ||| Stepping randomly (stuck).
 37095 | D:6      | 37095 ||| PLANNING CONVERSION TO OKAWARU
 37097 | D:5      | 37097 ||| PLANNING D:1-11
 37113 | D:5      | 37113 ||| PLANNING CONVERSION TO OKAWARU
 37113 | D:5      | 37113 ||| PLANNING D:1-11
 37113 | D:5      | 37113 ||| Stepping randomly (stuck).
 37133 | D:6      | 37133 ||| PLANNING CONVERSION TO OKAWARU
 37135 | D:5      | 37135 ||| PLANNING D:1-11
 37151 | D:5      | 37151 ||| PLANNING CONVERSION TO OKAWARU
 37151 | D:5      | 37151 ||| PLANNING D:1-11
 37151 | D:5      | 37151 ||| Stepping randomly (stuck).
 37171 | D:6      | 37171 ||| PLANNING CONVERSION TO OKAWARU
 37173 | D:5      | 37173 ||| PLANNING D:1-11
 37189 | D:5      | 37189 ||| PLANNING CONVERSION TO OKAWARU
 37189 | D:5      | 37189 ||| PLANNING D:1-11
 37189 | D:5      | 37189 ||| Stepping randomly (stuck).
 37209 | D:6      | 37209 ||| PLANNING CONVERSION TO OKAWARU
 37211 | D:5      | 37211 ||| PLANNING D:1-11
 37227 | D:5      | 37227 ||| PLANNING CONVERSION TO OKAWARU
 37227 | D:5      | 37227 ||| PLANNING D:1-11
 37227 | D:5      | 37227 ||| Stepping randomly (stuck).
 37247 | D:6      | 37247 ||| PLANNING CONVERSION TO OKAWARU
 37249 | D:5      | 37249 ||| PLANNING D:1-11
 37265 | D:5      | 37265 ||| PLANNING CONVERSION TO OKAWARU
 37265 | D:5      | 37265 ||| PLANNING D:1-11
 37265 | D:5      | 37265 ||| Stepping randomly (stuck).
 37279 | D:5      | Glimpsed the power of Zot.
 37285 | D:6      | 37285 ||| PLANNING CONVERSION TO OKAWARU
 37287 | D:5      | 37287 ||| PLANNING D:1-11
 37303 | D:5      | 37303 ||| PLANNING CONVERSION TO OKAWARU
 37303 | D:5      | 37303 ||| PLANNING D:1-11
 37303 | D:5      | 37303 ||| Stepping randomly (stuck).
 37323 | D:6      | 37323 ||| PLANNING CONVERSION TO OKAWARU
 37325 | D:5      | 37325 ||| PLANNING D:1-11
 37341 | D:5      | 37341 ||| PLANNING CONVERSION TO OKAWARU
 37341 | D:5      | 37341 ||| PLANNING D:1-11
 37341 | D:5      | 37341 ||| Stepping randomly (stuck).
 37361 | D:6      | 37361 ||| PLANNING CONVERSION TO OKAWARU
 37363 | D:5      | 37363 ||| PLANNING D:1-11
 37371 | D:5      | Touched by the power of Zot.
 37372 | D:5      | Glimpsed the power of Zot.
 37379 | D:5      | 37379 ||| PLANNING CONVERSION TO OKAWARU
 37379 | D:5      | 37379 ||| PLANNING D:1-11
 37379 | D:5      | 37379 ||| Stepping randomly (stuck).
 37399 | D:6      | 37399 ||| PLANNING CONVERSION TO OKAWARU
 37401 | D:5      | 37401 ||| PLANNING D:1-11
 37417 | D:5      | 37417 ||| PLANNING CONVERSION TO OKAWARU
 37417 | D:5      | 37417 ||| PLANNING D:1-11
 37417 | D:5      | 37417 ||| Stepping randomly (stuck).
 37437 | D:6      | 37437 ||| PLANNING CONVERSION TO OKAWARU
 37439 | D:5      | 37439 ||| PLANNING D:1-11
 37455 | D:5      | 37455 ||| PLANNING CONVERSION TO OKAWARU
 37455 | D:5      | 37455 ||| PLANNING D:1-11
 37455 | D:5      | 37455 ||| Stepping randomly (stuck).
 37475 | D:6      | 37475 ||| PLANNING CONVERSION TO OKAWARU
 37477 | D:5      | 37477 ||| PLANNING D:1-11
 37493 | D:5      | 37493 ||| PLANNING CONVERSION TO OKAWARU
 37493 | D:5      | 37493 ||| PLANNING D:1-11
 37493 | D:5      | 37493 ||| Stepping randomly (stuck).
 37513 | D:6      | 37513 ||| PLANNING CONVERSION TO OKAWARU
 37515 | D:5      | 37515 ||| PLANNING D:1-11
 37531 | D:5      | 37531 ||| PLANNING CONVERSION TO OKAWARU
 37531 | D:5      | 37531 ||| PLANNING D:1-11
 37531 | D:5      | 37531 ||| Stepping randomly (stuck).
 37551 | D:6      | 37551 ||| PLANNING CONVERSION TO OKAWARU
 37553 | D:5      | 37553 ||| PLANNING D:1-11
 37569 | D:5      | 37569 ||| PLANNING CONVERSION TO OKAWARU
 37569 | D:5      | 37569 ||| PLANNING D:1-11
 37569 | D:5      | 37569 ||| Stepping randomly (stuck).
 37589 | D:6      | 37589 ||| PLANNING CONVERSION TO OKAWARU
 37591 | D:5      | 37591 ||| PLANNING D:1-11
 37607 | D:5      | 37607 ||| PLANNING CONVERSION TO OKAWARU
 37607 | D:5      | 37607 ||| PLANNING D:1-11
 37607 | D:5      | 37607 ||| Stepping randomly (stuck).
 37627 | D:6      | 37627 ||| PLANNING CONVERSION TO OKAWARU
 37629 | D:5      | 37629 ||| PLANNING D:1-11
 37645 | D:5      | 37645 ||| PLANNING CONVERSION TO OKAWARU
 37645 | D:5      | 37645 ||| PLANNING D:1-11
 37645 | D:5      | 37645 ||| Stepping randomly (stuck).
 37665 | D:6      | 37665 ||| PLANNING CONVERSION TO OKAWARU
 37667 | D:5      | 37667 ||| PLANNING D:1-11
 37683 | D:5      | 37683 ||| PLANNING CONVERSION TO OKAWARU
 37683 | D:5      | 37683 ||| PLANNING D:1-11
 37683 | D:5      | 37683 ||| Stepping randomly (stuck).
 37703 | D:6      | 37703 ||| PLANNING CONVERSION TO OKAWARU
 37705 | D:5      | 37705 ||| PLANNING D:1-11
 37721 | D:5      | 37721 ||| PLANNING CONVERSION TO OKAWARU
 37721 | D:5      | 37721 ||| PLANNING D:1-11
 37721 | D:5      | 37721 ||| Stepping randomly (stuck).
 37741 | D:6      | 37741 ||| PLANNING CONVERSION TO OKAWARU
 37743 | D:5      | 37743 ||| PLANNING D:1-11
 37759 | D:5      | 37759 ||| PLANNING CONVERSION TO OKAWARU
 37759 | D:5      | 37759 ||| PLANNING D:1-11
 37759 | D:5      | 37759 ||| Stepping randomly (stuck).
 37779 | D:6      | 37779 ||| PLANNING CONVERSION TO OKAWARU
 37781 | D:5      | 37781 ||| PLANNING D:1-11
 37797 | D:5      | 37797 ||| PLANNING CONVERSION TO OKAWARU
 37797 | D:5      | 37797 ||| PLANNING D:1-11
 37797 | D:5      | 37797 ||| Stepping randomly (stuck).
 37817 | D:6      | 37817 ||| PLANNING CONVERSION TO OKAWARU
 37819 | D:5      | 37819 ||| PLANNING D:1-11
 37835 | D:5      | 37835 ||| PLANNING CONVERSION TO OKAWARU
 37835 | D:5      | 37835 ||| PLANNING D:1-11
 37835 | D:5      | 37835 ||| Stepping randomly (stuck).
 37835 | D:5      | Glimpsed the power of Zot.
 37855 | D:6      | 37855 ||| PLANNING CONVERSION TO OKAWARU
 37857 | D:5      | 37857 ||| PLANNING D:1-11
 37873 | D:5      | 37873 ||| PLANNING CONVERSION TO OKAWARU
 37873 | D:5      | 37873 ||| PLANNING D:1-11
 37873 | D:5      | 37873 ||| Stepping randomly (stuck).
 37893 | D:6      | 37893 ||| PLANNING CONVERSION TO OKAWARU
 37895 | D:5      | 37895 ||| PLANNING D:1-11
 37911 | D:5      | 37911 ||| PLANNING CONVERSION TO OKAWARU
 37911 | D:5      | 37911 ||| PLANNING D:1-11
 37911 | D:5      | 37911 ||| Stepping randomly (stuck).
 37931 | D:6      | 37931 ||| PLANNING CONVERSION TO OKAWARU
 37933 | D:5      | 37933 ||| PLANNING D:1-11
 37949 | D:5      | 37949 ||| PLANNING CONVERSION TO OKAWARU
 37949 | D:5      | 37949 ||| PLANNING D:1-11
 37949 | D:5      | 37949 ||| Stepping randomly (stuck).
 37969 | D:6      | 37969 ||| PLANNING CONVERSION TO OKAWARU
 37971 | D:5      | 37971 ||| PLANNING D:1-11
 37987 | D:5      | 37987 ||| PLANNING CONVERSION TO OKAWARU
 37987 | D:5      | 37987 ||| PLANNING D:1-11
 37987 | D:5      | 37987 ||| Stepping randomly (stuck).
 38007 | D:6      | 38007 ||| PLANNING CONVERSION TO OKAWARU
 38009 | D:5      | 38009 ||| PLANNING D:1-11
 38025 | D:5      | 38025 ||| PLANNING CONVERSION TO OKAWARU
 38025 | D:5      | 38025 ||| PLANNING D:1-11
 38025 | D:5      | 38025 ||| Stepping randomly (stuck).
 38045 | D:6      | 38045 ||| PLANNING CONVERSION TO OKAWARU
 38047 | D:5      | 38047 ||| PLANNING D:1-11
 38063 | D:5      | 38063 ||| PLANNING CONVERSION TO OKAWARU
 38063 | D:5      | 38063 ||| PLANNING D:1-11
 38063 | D:5      | 38063 ||| Stepping randomly (stuck).
 38083 | D:6      | 38083 ||| PLANNING CONVERSION TO OKAWARU
 38085 | D:5      | 38085 ||| PLANNING D:1-11
 38101 | D:5      | 38101 ||| PLANNING CONVERSION TO OKAWARU
 38101 | D:5      | 38101 ||| PLANNING D:1-11
 38101 | D:5      | 38101 ||| Stepping randomly (stuck).
 38121 | D:6      | 38121 ||| PLANNING CONVERSION TO OKAWARU
 38123 | D:5      | 38123 ||| PLANNING D:1-11
 38139 | D:5      | 38139 ||| PLANNING CONVERSION TO OKAWARU
 38139 | D:5      | 38139 ||| PLANNING D:1-11
 38139 | D:5      | 38139 ||| Stepping randomly (stuck).
 38159 | D:6      | 38159 ||| PLANNING CONVERSION TO OKAWARU
 38161 | D:5      | 38161 ||| PLANNING D:1-11
 38177 | D:5      | 38177 ||| PLANNING CONVERSION TO OKAWARU
 38177 | D:5      | 38177 ||| PLANNING D:1-11
 38177 | D:5      | 38177 ||| Stepping randomly (stuck).
 38197 | D:6      | 38197 ||| PLANNING CONVERSION TO OKAWARU
 38199 | D:5      | 38199 ||| PLANNING D:1-11
 38206 | D:5      | Glimpsed the power of Zot.
 38215 | D:5      | 38215 ||| PLANNING CONVERSION TO OKAWARU
 38215 | D:5      | 38215 ||| PLANNING D:1-11
 38215 | D:5      | 38215 ||| Stepping randomly (stuck).
 38235 | D:6      | 38235 ||| PLANNING CONVERSION TO OKAWARU
 38237 | D:5      | 38237 ||| PLANNING D:1-11
 38253 | D:5      | 38253 ||| PLANNING CONVERSION TO OKAWARU
 38253 | D:5      | 38253 ||| PLANNING D:1-11
 38253 | D:5      | 38253 ||| Stepping randomly (stuck).
 38273 | D:6      | 38273 ||| PLANNING CONVERSION TO OKAWARU
 38275 | D:5      | 38275 ||| PLANNING D:1-11
 38291 | D:5      | 38291 ||| PLANNING CONVERSION TO OKAWARU
 38291 | D:5      | 38291 ||| PLANNING D:1-11
 38291 | D:5      | 38291 ||| Stepping randomly (stuck).
 38297 | D:5      | Tarried too long and was consumed by Zot

Levels and vault maps discovered:
D:1:      ncdulo_wetmaze, layout_loops_ring,
          shapermc_ecumenical_altar_acropolis, minmay_pentomino_t4
D:2:      layout_basic, serial_shops, nicolae_shop_hallway_stairs
D:3:      layout_basic, minmay_randomly_rotated_circles, uniq_jessica
D:4:      layout_basic, nicolae_gozag_seed_capital, kennysheep_generic_room_9
D:5:      layout_loops_cross, minitemple, uniq_pikel, uniq_edmund
D:6:      layout_basic
D:7:      layout_loops_ring, minmay_temple_entry_mini_moons
D:8:      layout_gridville, uniq_maurice
D:9:      layout_loops_ring, minmay_orc_entry_temple_small, nicolae_titane

Skill      XL: |  1  2  3  4  5  6  7  8  9 |
---------------+----------------------------+-----
Axes           | 3 4 5 6 9 10 | 10.6
Dodging        | 1 2 |  2.7
Armour         | 1 2 4 |  4.1
Shields        | 2 3 |  3.0
Fighting       | 6 7 |  7.1
Spellcasting   | |  1.0
Fire Magic     | |  2.6

Action                   |  1- 3 |  4- 6 |  7- 9 | 10-12 || total
-------------------------+-------+-------+-------+-------++-------
Melee: Hand axe          |   112 |   165 |   400 |    23 ||   700
       Punch             |       |     1 |       |       ||     1
Invok: Fiery Armour      |     2 |     3 |     7 |     1 ||    13
  Use: Scroll            |     6 |     6 |     2 |     4 ||    18
       Potion            |     1 |     1 |     1 |     2 ||     5
Armor: Robe              |    23 |       |       |       ||    23
       Chain mail        |    11 |    87 |   176 |     7 ||   281
Dodge: Dodged            |    63 |    56 |   115 |     6 ||   240
Block: Buckler           |       |     1 |    61 |     4 ||    66

Table legend:
 A = Non-vault XP
 B = Vault XP
 C = Vault XP percentage of total XP
 D = Non-vault monster count
 E = Vault monster count
 F = Vault count percentage of total count
                 A         B        C        D         E       F
            +---------+---------+-------+---------+---------+-------
      Total |    4323 |    1555 |  26.5 |     131 |      23 |  14.9
            +---------+---------+-------+---------+---------+-------
        D:1 |      40 |       6 |  13.0 |      22 |       3 |  12.0
        D:2 |      38 |       0 |   0.0 |      12 |       0 |   0.0
        D:3 |     184 |      58 |  24.0 |      21 |       7 |  25.0
        D:4 |     347 |     168 |  32.6 |      20 |       3 |  13.0
        D:5 |     454 |     629 |  58.1 |      13 |       1 |   7.1
        D:6 |     518 |       0 |   0.0 |      13 |       0 |   0.0
        D:7 |     774 |       0 |   0.0 |      12 |       0 |   0.0
        D:8 |     647 |     395 |  37.9 |      10 |       1 |   9.1
        D:9 |    1321 |     299 |  18.5 |       8 |       8 |  50.0
            +---------+---------+-------+---------+---------+-------
